Workbook

Sheet RESUMEN
C1: RESULTADO ESTUDIO DE MERCADO EM-413-2025 | K1: Versión: | L1: 3
K2: Fecha de aprobación: | L2: 45369
K3: Código: | L3: 18-01-FO-0004
A4: FECHA | C4: ENERO DE 2026
A5: PROCESO | C5: EJECUTAR LAS OBRAS DE ADECUACIÓN DE INFRAESTRUCTURA PREVISTAS PARA LAS SEDES PORVENIR, ASUNCIÓN BOCHICA Y CARVAJAL EN EL CONVENIO INTERADMINISTRATIVO 8541049, CONFORME A LOS ESTUDIOS TÉCNICOS, PLANOS Y PRESUPUESTO APROBADOS, PARA SU HABILITACIÓN COMO UNIDADES ALTAMENTE RESOLUTIVAS.
A6: PLAZO DEL CONTRATO | C6: SEIS (06) MESES
A7: INFORME DEL ESTUDIO | C7: El día 05 de diciembre de 2025, se solicitaron cotizaciones por medio de la plataforma de Colombia Compra Eficiente (SECOP II), con fecha de recepción final de cotizaciones hasta el día 29 de diciembre del 2025. Al publicar el proceso, la Subred evidencia que Seis Mil Trescientos Ochenta y Cuatro (6384) proveedores pertenecen al sector objeto del estudio, de ellos, dos (02) expresan su interés y dos (02) presentan su cotización al proceso en curso
B11: DESCRIPCIÓN | C11: =+PORVENIR!D11 -> VALOR SECRETARIA | D11: =+PORVENIR!G11 -> DP INGENIERIA SAS | E11: =+PORVENIR!I11 -> CONSTRUCTORA SANTOSP S.A.S | F11: =+PORVENIR!N184 -> VARIACIÓN PORCENTUAL | G11: =+PORVENIR!P184 -> VALOR TOTAL | H11: COSTO DE LA INTERVENTORÍA | I11: COSTO FINAL DE OBRA SIN INTERVENTORÍA
B12: PORVENIR | C12: =+PORVENIR!F198 -> 1.111982e+09 | D12: =+PORVENIR!H198 -> 1.1095141e+09 | E12: =+PORVENIR!J198 -> 1.1043752e+09 | F12: =+PORVENIR!N191 -> -0.036726916 | G12: =+PORVENIR!P198 -> 1.0906647e+09 | H12: 94638348 | I12: =+PORVENIR!P196 -> 9.9151341e+08
B13: ASUNCIÓN BOCHICA | C13: =+'ASUNCION BOCHICA'!F169 -> 9.9892902e+08 | D13: =+'ASUNCION BOCHICA'!H169 -> 9.9638786e+08 | E13: =+'ASUNCION BOCHICA'!J169 -> 9.8861426e+08 | F13: =+'ASUNCION BOCHICA'!N162 -> -0.031063574 | G13: =+'ASUNCION BOCHICA'!P169 -> 9.8201891e+08 | H13: 85016377 | I13: =+'ASUNCION BOCHICA'!P167 -> 8.9274446e+08
B14: CARVAJAL | C14: =+CARVAJAL!F159 -> 4.4785308e+08 | D14: =+CARVAJAL!H159 -> 4.4510902e+08 | E14: =+CARVAJAL!J159 -> 4.3888179e+08 | F14: =+CARVAJAL!N150 -> -0.082246758 | G14: =+CARVAJAL!P159 -> 4.313619e+08 | H14: 37102333 | I14: =+CARVAJAL!P157 -> 3.9214718e+08
B15: TOTAL | C15: =+C14+C13+C12 -> 2.5587641e+09 | D15: =+D14+D13+D12 -> 2.5510109e+09 | E15: =+E14+E13+E12 -> 2.5318713e+09 | F15: =AVERAGE(F12:F14) -> -0.050012416 | G15: =+G14+G13+G12 -> 2.5040456e+09 | H15: =H12+H13+H14 -> 2.1675706e+08 | I15: =I12+I13+I14 -> 2.276405e+09

Sheet PORVENIR
C1: RESULTADO ESTUDIO DE MERCADO EM-413-2025 | N1: Versión: | O1: 3
N2: Fecha de aprobación: | O2: 45369
N3: Código: | O3: 18-01-FO-0004
A4: FECHA | C4: ENERO DE 2026
A5: PROCESO | C5: EJECUTAR LAS OBRAS DE ADECUACIÓN DE INFRAESTRUCTURA PREVISTAS PARA LAS SEDES PORVENIR, ASUNCIÓN BOCHICA Y CARVAJAL EN EL CONVENIO INTERADMINISTRATIVO 8541049, CONFORME A LOS ESTUDIOS TÉCNICOS, PLANOS Y PRESUPUESTO APROBADOS, PARA SU HABILITACIÓN COMO UNIDADES ALTAMENTE RESOLUTIVAS.
A6: PLAZO DEL CONTRATO | C6: SEIS (06) MESES
A7: INFORME DEL ESTUDIO | C7: El día 05 de diciembre de 2025, se solicitaron cotizaciones por medio de la plataforma de Colombia Compra Eficiente (SECOP II), con fecha de recepción final de cotizaciones hasta el día 29 de diciembre del 2025. Al publicar el proceso, la Subred evidencia que Seis Mil Trescientos Ochenta y Cuatro (6384) proveedores pertenecen al sector objeto del estudio, de ellos, dos (02) expresan su interés y dos (02) presentan su cotización al proceso en curso
A10: 1 | B10: PRELIMINARES
A11: No (ITEM, ETAPAS O PROCESOS) | B11: ACTIVIDAD | C11: UNIDAD DE MEDIDA | D11: VALOR SECRETARIA | E11: CAN | F11: VALOR TOTAL REAL | G11: DP INGENIERIA SAS | I11: CONSTRUCTORA SANTOSP S.A.S | K11: PROMEDIO | L11: VALOR MINIMO | M11: VARIACIÓN EN PESOS | N11: VARIACIÓN PORCENTUAL | O11: VALOR TECHO UNITARIO | P11: VALOR TOTAL
G12: PRECIO UNITARIO | H12: VALOR TOTAL | I12: PRECIO UNITARIO | J12: VALOR TOTAL
A14: 1.1 | B14: =+VLOOKUP(A14,'[1]Consolidado Unitarios DIYT'!$B$11:$E$438,2,FALSE) -> LOCALIZACIÓN Y REPLANTEO OBRAS GENERALES | C14: =+VLOOKUP(A14,'[1]Consolidado Unitarios DIYT'!$B$11:$E$438,3,FALSE) -> M2 | D14: =+VLOOKUP(A14,'[1]Consolidado Unitarios DIYT'!$B$11:$E$438,4,FALSE) -> 7636 | E14: 575 | F14: =ROUND(D14*E14,0) -> 4390700 | G14: 7550 | H14: =+G14*E14 -> 4341250 | I14: 9650 | J14: =+I14*E14 -> 5548750 | K14: =AVERAGE(D14,G14,I14) -> 8278.6667 | L14: =SMALL((D14,G14,I14),1) -> 7550 | M14: =+L14-D14 -> -86 | N14: =(L14-D14)/L14 -> -0.011390728 | O14: =+L14 -> 7550 | P14: =+O14*E14 -> 4341250
A15: 1.8 | B15: =+VLOOKUP(A15,'[1]Consolidado Unitarios DIYT'!$B$11:$E$438,2,FALSE) -> DESMONTE DE MUROS INTERNOS, ATICOS EN LADRILLO HUECO O MACIZO DE ARCILLA COCIDA, BLOQUE DE CONCRETO SIMPLE, SISTEMA LIVIANO, EN CUAQUIER DIMENSIÓN Y ENRASE. INCLUYE: RETIRO DE SOBRECIMIENTOS, ESTRUCTURAS EN CONCRETO QUE ESTAN VINCULADOS A LOS MUROS COMO VIGUETAS AEREAS, DOVELAS. | C15: =+VLOOKUP(A15,'[1]Consolidado Unitarios DIYT'!$B$11:$E$438,3,FALSE) -> M2 | D15: =+VLOOKUP(A15,'[1]Consolidado Unitarios DIYT'!$B$11:$E$438,4,FALSE) -> 22495 | E15: 72.24 | F15: =ROUND(D15*E15,0) -> 1625039 | G15: 22200 | H15: =+G15*E15 -> 1603728 | I15: 21000 | J15: =+I15*E15 -> 1517040 | K15: =AVERAGE(D15,G15,I15) -> 21898.333 | L15: =SMALL((D15,G15,I15),1) -> 21000 | M15: =+L15-D15 -> -1495 | N15: =(L15-D15)/L15 -> -0.071190476 | O15: =+L15 -> 21000 | P15: =+O15*E15 -> 1517040
A16: 1.9 | B16: =+VLOOKUP(A16,'[1]Consolidado Unitarios DIYT'!$B$11:$E$438,2,FALSE) -> DESMONTE Y RETIRO DE PISOS EN BALDOSA DE MORTERO Y GRANO, TABLETA VITRIFICADA CON ARENON CHINO Y ADOQUIN EN CUALQUIER DIMENSIÓN. INCLUYE: RETIRO MORTERO DE NIVELACIÓN, PEGA, ENTRESUELO | C16: =+VLOOKUP(A16,'[1]Consolidado Unitarios DIYT'!$B$11:$E$438,3,FALSE) -> M2 | D16: =+VLOOKUP(A16,'[1]Consolidado Unitarios DIYT'!$B$11:$E$438,4,FALSE) -> 14989 | E16: 4 | F16: =ROUND(D16*E16,0) -> 59956 | G16: 14900 | H16: =+G16*E16 -> 59600 | I16: 16500 | J16: =+I16*E16 -> 66000 | K16: =AVERAGE(D16,G16,I16) -> 15463 | L16: =SMALL((D16,G16,I16),1) -> 14900 | M16: =+L16-D16 -> -89 | N16: =(L16-D16)/L16 -> -0.0059731544 | O16: 14750 | P16: =+O16*E16 -> 59000
A17: 1.10 | B17: =+VLOOKUP(A17,'[1]Consolidado Unitarios DIYT'!$B$11:$E$438,2,FALSE) -> DEMOLICIÓN DE PAÑETES EN MAL ESTADO INCLUYE CARGUE Y RETIRO DE SOBRANTES | C17: =+VLOOKUP(A17,'[1]Consolidado Unitarios DIYT'!$B$11:$E$438,3,FALSE) -> M2 | D17: =+VLOOKUP(A17,'[1]Consolidado Unitarios DIYT'!$B$11:$E$438,4,FALSE) -> 16803 | E17: 30 | G17: 16500 | I17: 14500 | K17: =AVERAGE(D17,G17,I17) -> 15934.333 | L17: =SMALL((D17,G17,I17),1) -> 14500 | M17: =+L17-D17 -> -2303 | N17: =(L17-D17)/L17 -> -0.15882759 | O17: =+L17 -> 14500 | P17: =+O17*E17 -> 435000
A18: 1.11 | B18: =+VLOOKUP(A18,'[1]Consolidado Unitarios DIYT'!$B$11:$E$438,2,FALSE) -> DESMONTE DE CANALES DE AGUAS LLUVIAS EN MAL ESTADO INCLUYE CARGUE Y RETIRO DE SOBRANTES | C18: =+VLOOKUP(A18,'[1]Consolidado Unitarios DIYT'!$B$11:$E$438,3,FALSE) -> M | D18: =+VLOOKUP(A18,'[1]Consolidado Unitarios DIYT'!$B$11:$E$438,4,FALSE) -> 6049 | E18: 70 | F18: =ROUND(D18*E18,0) -> 423430 | G18: 6000 | H18: =+G18*E18 -> 420000 | I18: 7000 | J18: =+I18*E18 -> 490000 | K18: =AVERAGE(D18,G18,I18) -> 6349.6667 | L18: =SMALL((D18,G18,I18),1) -> 6000 | M18: =+L18-D18 -> -49 | N18: =(L18-D18)/L18 -> -0.0081666667 | O18: =+L18 -> 6000 | P18: =+O18*E18 -> 420000
A19: 1.12 | B19: =+VLOOKUP(A19,'[1]Consolidado Unitarios DIYT'!$B$11:$E$438,2,FALSE) -> DESMONTE DE CIELO FALSO EN MAL ESTADO INCLUYE CARGUE Y RETIRO DE SOBRANTES | C19: =+VLOOKUP(A19,'[1]Consolidado Unitarios DIYT'!$B$11:$E$438,3,FALSE) -> M2 | D19: =+VLOOKUP(A19,'[1]Consolidado Unitarios DIYT'!$B$11:$E$438,4,FALSE) -> 13099 | E19: 450 | F19: =ROUND(D19*E19,0) -> 5894550 | G19: 12900 | H19: =+G19*E19 -> 5805000 | I19: 11200 | J19: =+I19*E19 -> 5040000 | K19: =AVERAGE(D19,G19,I19) -> 12399.667 | L19: =SMALL((D19,G19,I19),1) -> 11200 | M19: =+L19-D19 -> -1899 | N19: =(L19-D19)/L19 -> -0.16955357 | O19: =+L19 -> 11200 | P19: =+O19*E19 -> 5040000
A20: 1.13 | B20: =+VLOOKUP(A20,'[1]Consolidado Unitarios DIYT'!$B$11:$E$438,2,FALSE) -> DESMONTE Y RETIRO DE APARATOS HIDROSANITARIOS. INCLUYE: RETIRO DE GRIFERIA. TAPONADA DE SALIDAS HIDRÁULICAS Y SANITARIAS. SANITARIOS | C20: =+VLOOKUP(A20,'[1]Consolidado Unitarios DIYT'!$B$11:$E$438,3,FALSE) -> UN | D20: =+VLOOKUP(A20,'[1]Consolidado Unitarios DIYT'!$B$11:$E$438,4,FALSE) -> 100775.33 | E20: 48 | F20: =ROUND(D20*E20,0) -> 4837216 | G20: 100550 | H20: =+G20*E20 -> 4826400 | I20: 90500 | J20: =+I20*E20 -> 4344000 | K20: =AVERAGE(D20,G20,I20) -> 97275.11 | L20: =SMALL((D20,G20,I20),1) -> 90500 | M20: =+L20-D20 -> -10275.33 | N20: =(L20-D20)/L20 -> -0.11353956 | O20: =+L20 -> 90500 | P20: =+O20*E20 -> 4344000
A21: 1.14 | B21: =+VLOOKUP(A21,'[1]Consolidado Unitarios DIYT'!$B$11:$E$438,2,FALSE) -> DEMOLICION, RETIRO Y DISPOSICIÓN FINAL DE TRAMOS DE ALEROS EXISTENTES EN CUBIERTA EN TEJA DE BARRO, PLASTICA, ZINC O ASBESTO CEMENTO EXISTENTES | C21: =+VLOOKUP(A21,'[1]Consolidado Unitarios DIYT'!$B$11:$E$438,3,FALSE) -> M2 | D21: =+VLOOKUP(A21,'[1]Consolidado Unitarios DIYT'!$B$11:$E$438,4,FALSE) -> 50226 | E21: 480 | F21: =ROUND(D21*E21,0) -> 24108480 | G21: 50100 | H21: =+G21*E21 -> 24048000 | I21: 55640 | J21: =+I21*E21 -> 26707200 | K21: =AVERAGE(D21,G21,I21) -> 51988.667 | L21: =SMALL((D21,G21,I21),1) -> 50100 | M21: =+L21-D21 -> -126 | N21: =(L21-D21)/L21 -> -0.0025149701 | O21: =+L21 -> 50100 | P21: =+O21*E21 -> 24048000
A22: 1.17 | B22: =+VLOOKUP(A22,'[1]Consolidado Unitarios DIYT'!$B$11:$E$438,2,FALSE) -> DESMONTE Y RETIRO DE MARCOS CON SU RESPECTIVA ALA DE PUERTAS METÁLICAS, ALUMINIO Y MADERA PARA TODO TIPO DE MURO. DE ANCHO VARIABLE ENTRE 0.70-1.40 M | C22: =+VLOOKUP(A22,'[1]Consolidado Unitarios DIYT'!$B$11:$E$438,3,FALSE) -> UN | D22: =+VLOOKUP(A22,'[1]Consolidado Unitarios DIYT'!$B$11:$E$438,4,FALSE) -> 23150 | E22: 43 | F22: =ROUND(D22*E22,0) -> 995450 | G22: 23000 | H22: =+G22*E22 -> 989000 | I22: 32000 | J22: =+I22*E22 -> 1376000 | K22: =AVERAGE(D22,G22,I22) -> 26050 | L22: =SMALL((D22,G22,I22),1) -> 23000 | M22: =+L22-D22 -> -150 | N22: =(L22-D22)/L22 -> -0.0065217391 | O22: =+L22 -> 23000 | P22: =+O22*E22 -> 989000
A23: 1.18 | B23: =+VLOOKUP(A23,'[1]Consolidado Unitarios DIYT'!$B$11:$E$438,2,FALSE) -> DESMONTE DE PUNTOS HIDRÁULICOS CON FILTRACIONES INCLUYE CARGUE Y RETIRO DE SOBRANTES (INCLUYE LOS TRABAJOS DE REGATAS Y DEMOLICIONES) | C23: =+VLOOKUP(A23,'[1]Consolidado Unitarios DIYT'!$B$11:$E$438,3,FALSE) -> UN | D23: =+VLOOKUP(A23,'[1]Consolidado Unitarios DIYT'!$B$11:$E$438,4,FALSE) -> 36690 | E23: 4 | F23: =ROUND(D23*E23,0) -> 146760 | G23: 36500 | H23: =+G23*E23 -> 146000 | I23: 35000 | J23: =+I23*E23 -> 140000 | K23: =AVERAGE(D23,G23,I23) -> 36063.333 | L23: =SMALL((D23,G23,I23),1) -> 35000 | M23: =+L23-D23 -> -1690 | N23: =(L23-D23)/L23 -> -0.048285714 | O23: =+L23 -> 35000 | P23: =+O23*E23 -> 140000
A24: 1.19 | B24: =+VLOOKUP(A24,'[1]Consolidado Unitarios DIYT'!$B$11:$E$438,2,FALSE) -> DESMONTE DE PUNTOS SANITARIOS CON FILTRACIONES D=2-4" INCLUYE CARGUE Y RETIRO DE SOBRANTES (INCLUYE LOS TRABAJOS DE REGATAS Y DEMOLICIONES) | C24: =+VLOOKUP(A24,'[1]Consolidado Unitarios DIYT'!$B$11:$E$438,3,FALSE) -> UN | D24: =+VLOOKUP(A24,'[1]Consolidado Unitarios DIYT'!$B$11:$E$438,4,FALSE) -> 34197 | E24: 4 | F24: =ROUND(D24*E24,0) -> 136788 | G24: 34000 | H24: =+G24*E24 -> 136000 | I24: 45000 | J24: =+I24*E24 -> 180000 | K24: =AVERAGE(D24,G24,I24) -> 37732.333 | L24: =SMALL((D24,G24,I24),1) -> 34000 | M24: =+L24-D24 -> -197 | N24: =(L24-D24)/L24 -> -0.0057941176 | O24: =+L24 -> 34000 | P24: =+O24*E24 -> 136000
A25: 1.23 | B25: =+VLOOKUP(A25,'[1]Consolidado Unitarios DIYT'!$B$11:$E$438,2,FALSE) -> SUMINISTRO, INSTALACIÓN, MONTAJE Y DESMONTAJE DE CERRAMIENTO PROVISIONAL EN DRYWALL PARA OBRAS. ESTRUCTURA TEMPORAL, FÁCIL DE INSTALAR Y DESINSTALAR, CONSTRUIDA CON PLACAS DE YESO Y PERFILES DE ACERO GALVANIZADO PARA DELIMITAR ESPACIOS DE TRABAJO SEGUROS Y CONTROLADOS, PROTEGER A LOS PACIENTES Y AL PERSONAL DE POLVO Y ESCOMBROS, Y AISLAR ÁREAS DURANTE LA CONSTRUCCIÓN O REMODELACIÓN DE LAS UNIDADES DE SERVICIOS DE SALUD | C25: =+VLOOKUP(A25,'[1]Consolidado Unitarios DIYT'!$B$11:$E$438,3,FALSE) -> M2 | D25: =+VLOOKUP(A25,'[1]Consolidado Unitarios DIYT'!$B$11:$E$438,4,FALSE) -> 133141 | E25: 30 | F25: =ROUND(D25*E25,0) -> 3994230 | G25: 132900 | H25: =+G25*E25 -> 3987000 | I25: 142500 | J25: =+I25*E25 -> 4275000 | K25: =AVERAGE(D25,G25,I25) -> 136180.33 | L25: =SMALL((D25,G25,I25),1) -> 132900 | M25: =+L25-D25 -> -241 | N25: =(L25-D25)/L25 -> -0.0018133935 | O25: =+L25 -> 132900 | P25: =+O25*E25 -> 3987000
A26: SUMAS TOTALES PRELIMINARES | D26: =SUM(D14:D25) -> 459250.33 | E26: =SUM(E14:E25) -> 1810.24 | F26: =SUM(F14:F25) -> 46612599 | G26: =SUM(G14:G25) -> 457100 | H26: =SUM(H14:H25) -> 46361978 | I26: =SUM(I14:I25) -> 480490 | J26: =SUM(J14:J25) -> 49683990 | K26: =SUM(K14:K25) -> 465613.44 | ... M26: =SUM(M14:M25) -> -18600.33 | N26: =AVERAGE(N14:N25) -> -0.05029764 | O26: =SUM(O14:O25) -> 440500 | P26: =SUM(P14:P25) -> 45456290
A28: 2 | B28: EXCAVACIONES
A29: No (ITEM, ETAPAS O PROCESOS) | B29: ACTIVIDAD | C29: UNIDAD DE MEDIDA | D29: VALOR UNITARIO ACTUALIZADO | E29: CAN | F29: VALORTOTAL | G29: DP INGENIERIA SAS | I29: CONSTRUCTORA SANTOSP S.A.S | K29: PROMEDIO | L29: VALOR MINIMO | M29: VARIACIÓN EN PESOS | N29: VARIACIÓN PORCENTUAL | O29: VALOR TECHO UNITARIO | P29: VALOR TOTAL
G30: PRECIO UNITARIO | H30: VALOR TOTAL | I30: PRECIO UNITARIO | J30: VALOR TOTAL
A32: 2.1 | B32: EXCAVACION MANUAL EN MATERIAL COMUN INCLUYE CARGUE Y RETIRO DE SOBRANTES (trasiego de 15 m.) | C32: M3 | D32: 150745.67 | E32: 20 | F32: =ROUND(D32*E32,0) -> 3014913 | G32: 150500 | H32: =+G32*E32 -> 3010000 | I32: 175400 | J32: =+I32*E32 -> 3508000 | K32: =AVERAGE(D32,G32,I32) -> 158881.89 | L32: =SMALL((D32,G32,I32),1) -> 150500 | M32: =+L32-D32 -> -245.66667 | N32: =(L32-D32)/L32 -> -0.0016323367 | O32: =+L32 -> 150500 | P32: =+O32*E32 -> 3010000
A33: 2.2 | B33: Regata en muro y piso, incluye retiro de material sobrante | C33: ml | D33: 18000 | E33: 20 | F33: =ROUND(D33*E33,0) -> 360000 | G33: 17850 | H33: =+G33*E33 -> 357000 | I33: 20000 | J33: =+I33*E33 -> 400000 | K33: =AVERAGE(D33,G33,I33) -> 18616.667 | L33: =SMALL((D33,G33,I33),1) -> 17850 | M33: =+L33-D33 -> -150 | N33: =(L33-D33)/L33 -> -0.0084033613 | O33: =+L33 -> 17850 | P33: =+O33*E33 -> 357000
A34: SUMAS TOTALES EXCAVACIONES | D34: =SUM(D32:D33) -> 168745.67 | E34: =SUM(E32:E33) -> 40 | F34: =SUM(F32:F33) -> 3374913 | G34: =SUM(G32:G33) -> 168350 | H34: =SUM(H32:H33) -> 3367000 | I34: =SUM(I32:I33) -> 195400 | J34: =SUM(J32:J33) -> 3908000 | K34: =SUM(K32:K33) -> 177498.56 | ... M34: =SUM(M32:M33) -> -395.66667 | N34: =AVERAGE(N32:N33) -> -0.005017849 | O34: =SUM(O32:O33) -> 168350 | P34: =SUM(P32:P33) -> 3367000
A36: 4 | B36: OBRAS EN CUBIERTA
A37: No (ITEM, ETAPAS O PROCESOS) | B37: ACTIVIDAD | C37: UNIDAD DE MEDIDA | D37: VALOR UNITARIO ACTUALIZADO | E37: CAN | F37: VALORTOTAL | G37: DP INGENIERIA SAS | I37: CONSTRUCTORA SANTOSP S.A.S | K37: PROMEDIO | L37: VALOR MINIMO | M37: VARIACIÓN EN PESOS | N37: VARIACIÓN PORCENTUAL | O37: VALOR TECHO UNITARIO | P37: VALOR TOTAL
G38: PRECIO UNITARIO | H38: VALOR TOTAL | I38: PRECIO UNITARIO | J38: VALOR TOTAL
A40: 4.1 | B40: =+VLOOKUP(A40,'[1]Consolidado Unitarios DIYT'!$B$11:$E$438,2,FALSE) -> ESTRUCTURA METÁLICA CUBIERTAS INCLUYE: CORREAS, CONTRAVIENTOS, TENSORES, COLUMNAS, VIGAS DE AMARRE, ANCLAJES, TORNILLERÍA, SOLDADURAS, PLATINERÍA, ANTICORROSIVO Y PINTURA. CONTEMPLA TAMBIÉN: FABRICACIÓN, TRANSPORTE, SUMINISTRO Y MONTAJE. (Fabricación, suministro, transporte, montaje y pintura de elementos en metal para conformar la estructura metálica de cubierta con anclajes, columnas, vigas, correas, conexiones, templetes, en: Aceros ASTM A-36 para láminas, A-572 grado 50 y A-36 para ángulos en 1-1/2”, A-500 grado C para tuberías, ASTM A 1011 grado 50 f’y=3400 Kgf/cm2 de 2 mm de espesor para perlines, ASTM A 1008 grado 40 f’y=2750 Kgf/cm2 de 1.5 mm de espesor para perlines, soldaduras E70XX y E60XX, tornillería GR-5 ZINCADA (A-325) con limpieza manual SSPC-SP2, anticorrosivo alquídico 1.5 MILS terminado esmalte 1.5 MILS) Los trabajos deben contemplar el uso de andamios certificado y todos los elementos requeridos para esta actividad. | C40: =+VLOOKUP(A40,'[1]Consolidado Unitarios DIYT'!$B$11:$E$438,3,FALSE) -> KG | D40: =+VLOOKUP(A40,'[1]Consolidado Unitarios DIYT'!$B$11:$E$438,4,FALSE) -> 163862 | E40: 426 | F40: =ROUND(D40*E40,0) -> 69805212 | G40: 163450 | H40: =+G40*E40 -> 69629700 | I40: 161540 | J40: =+I40*E40 -> 68816040 | K40: =AVERAGE(D40,G40,I40) -> 162950.67 | L40: =SMALL((D40,G40,I40),1) -> 161540 | M40: =+L40-D40 -> -2322 | N40: =(L40-D40)/L40 -> -0.014374149 | O40: =+L40 -> 161540 | P40: =+O40*E40 -> 68816040
A41: 4.2 | B41: =+VLOOKUP(A41,'[1]Consolidado Unitarios DIYT'!$B$11:$E$438,2,FALSE) -> MEDIACAÑA EN MORTERO IMPERMABILIZADO 1:4 PARA LOSAS TECNICAS | C41: =+VLOOKUP(A41,'[1]Consolidado Unitarios DIYT'!$B$11:$E$438,3,FALSE) -> ML | D41: =+VLOOKUP(A41,'[1]Consolidado Unitarios DIYT'!$B$11:$E$438,4,FALSE) -> 46523 | E41: 50 | F41: =ROUND(D41*E41,0) -> 2326150 | G41: 46250 | H41: =+G41*E41 -> 2312500 | I41: 38500 | J41: =+I41*E41 -> 1925000 | K41: =AVERAGE(D41,G41,I41) -> 43757.667 | L41: =SMALL((D41,G41,I41),1) -> 38500 | M41: =+L41-D41 -> -8023 | N41: =(L41-D41)/L41 -> -0.20838961 | O41: =+L41 -> 38500 | P41: =+O41*E41 -> 1925000
A42: 4.3 | B42: =+VLOOKUP(A42,'[1]Consolidado Unitarios DIYT'!$B$11:$E$438,2,FALSE) -> PROTECCION DE LOSAS TECNICAS CON MORTERO IMPERMEABILIZADOS | C42: =+VLOOKUP(A42,'[1]Consolidado Unitarios DIYT'!$B$11:$E$438,3,FALSE) -> M2 | D42: =+VLOOKUP(A42,'[1]Consolidado Unitarios DIYT'!$B$11:$E$438,4,FALSE) -> 488626 | E42: 50 | F42: =ROUND(D42*E42,0) -> 24431300 | G42: 488300 | H42: =+G42*E42 -> 24415000 | I42: 488300 | J42: =+I42*E42 -> 24415000 | K42: =AVERAGE(D42,G42,I42) -> 488408.67 | L42: =SMALL((D42,G42,I42),1) -> 488300 | M42: =+L42-D42 -> -326 | N42: =(L42-D42)/L42 -> -0.00066762236 | O42: =+L42 -> 488300 | P42: =+O42*E42 -> 24415000
A43: 4.4 | B43: =+VLOOKUP(A43,'[1]Consolidado Unitarios DIYT'!$B$11:$E$438,2,FALSE) -> SUMINISTRO Y REPOSICIÓN CUBIERTA EN CUBIERTA ARQUITECTONICA PARA ZONAS EN MAL ESTADO. Teja modular similar a la referencia Superthermo 0.35 de Ajover. La cual debe tener un e = 1.9 mm; resistencia térmica ( R ) de 0.0133 mhºc/Kcal y conductividad térmica ( K ) de 0.211 Kcal/mhºc, en acero galvanizado, con foil de aluminio, forma trapezoidal, para las cubiertas del proyecto, de acuerdo a lo señalado en los Planos del Proyecto Arquitectónico y de Detalles.Los trabajos deben contemplar el uso de andamios certificado y todos los elementos requeridos para esta actividad. El costo incluye todos los costos de fijación y remates necesarios para el correcto funcionamiento | C43: =+VLOOKUP(A43,'[1]Consolidado Unitarios DIYT'!$B$11:$E$438,3,FALSE) -> M2 | D43: =+VLOOKUP(A43,'[1]Consolidado Unitarios DIYT'!$B$11:$E$438,4,FALSE) -> 76086 | E43: 372 | F43: =ROUND(D43*E43,0) -> 28303992 | G43: 75900 | H43: =+G43*E43 -> 28234800 | I43: 81000 | J43: =+I43*E43 -> 30132000 | K43: =AVERAGE(D43,G43,I43) -> 77662 | L43: =SMALL((D43,G43,I43),1) -> 75900 | M43: =+L43-D43 -> -186 | N43: =(L43-D43)/L43 -> -0.0024505929 | O43: =+L43 -> 75900 | P43: =+O43*E43 -> 28234800
A44: 4.6 | B44: =+VLOOKUP(A44,'[1]Consolidado Unitarios DIYT'!$B$11:$E$438,2,FALSE) -> SUMINISTRO Y REPOSICIÓN de Domos Fabricados con burbuja de acrílico y policarbonato de alta calidad. Fabricados con burbuja de acrílico y de policarbonato de alta calidad, el marco y perfil son de aluminio R4043. Espesor de la lámina 3 mm 44cm x 44 cm o 60 cm x 60cm Color de la lámina Perla, Blanco o Humo. El costo incluye todos los costos de fijación y remates necesarios para el correcto funcionamiento | C44: =+VLOOKUP(A44,'[1]Consolidado Unitarios DIYT'!$B$11:$E$438,3,FALSE) -> UN | D44: =+VLOOKUP(A44,'[1]Consolidado Unitarios DIYT'!$B$11:$E$438,4,FALSE) -> 305070 | E44: 300 | F44: =ROUND(D44*E44,0) -> 91521000 | G44: 305000 | H44: =+G44*E44 -> 91500000 | I44: 300000 | J44: =+I44*E44 -> 90000000 | K44: =AVERAGE(D44,G44,I44) -> 303356.67 | L44: =SMALL((D44,G44,I44),1) -> 300000 | M44: =+L44-D44 -> -5070 | N44: =(L44-D44)/L44 -> -0.0169 | O44: =+L44 -> 300000 | P44: =+O44*E44 -> 90000000
A45: 4.7 | B45: SUMINISTRO Y REPOSICIÓN CUBIERTA EN POLICARBONATO PARA ZONAS EN MAL ESTADO. Láminas en POLICARBONATO multipared con características de rigidez, bajo peso y aislamiento térmico. Estructura alveolar.Tipo Pesada: Lámina en policarbonato con estructura de doble pared en espesores de 6mm. El costo incluye todos los costos de fijación y remates necesarios para el correcto funcionamiento | C45: M2 | D45: 395637 | E45: 10 | F45: =ROUND(D45*E45,0) -> 3956370 | G45: 395300 | H45: =+G45*E45 -> 3953000 | I45: 370000 | J45: =+I45*E45 -> 3700000 | K45: =AVERAGE(D45,G45,I45) -> 386979 | L45: =SMALL((D45,G45,I45),1) -> 370000 | M45: =+L45-D45 -> -25637 | N45: =(L45-D45)/L45 -> -0.069289189 | O45: =+L45 -> 370000 | P45: =+O45*E45 -> 3700000
A46: 4.8 | B46: =+VLOOKUP(A46,'[1]Consolidado Unitarios DIYT'!$B$11:$E$438,2,FALSE) -> SUMINISTRO Y REPOSICIÓN DE BAJANTES DE AGUAS LLUVIAS EN PVC D=3-4" TIPO DEL MATERIAL: PVC rígido, material termoplástico compuesto de Poli (cloruro de vinilo), aditivos y exento de plastificantes. Resistencia a la Corrosión, Resistencia a la electrólisis, Resistencia a la Tensión y al Impacto. | C46: =+VLOOKUP(A46,'[1]Consolidado Unitarios DIYT'!$B$11:$E$438,3,FALSE) -> ML | D46: =+VLOOKUP(A46,'[1]Consolidado Unitarios DIYT'!$B$11:$E$438,4,FALSE) -> 44652 | E46: 40 | F46: =ROUND(D46*E46,0) -> 1786080 | G46: 44450 | H46: =+G46*E46 -> 1778000 | I46: 40000 | J46: =+I46*E46 -> 1600000 | K46: =AVERAGE(D46,G46,I46) -> 43034 | L46: =SMALL((D46,G46,I46),1) -> 40000 | M46: =+L46-D46 -> -4652 | N46: =(L46-D46)/L46 -> -0.1163 | O46: =+L46 -> 40000 | P46: =+O46*E46 -> 1600000
A47: 4.10 | B47: =+VLOOKUP(A47,'[1]Consolidado Unitarios DIYT'!$B$11:$E$438,2,FALSE) -> SUMINISTRO Y REPOSICIÓN DE CANALES PLASTICAS TIPO DEL MATERIAL: PVC rígido, material termoplástico compuesto de Poli (cloruro de vinilo), aditivos y exento de plastificantes. Resistencia a la Corrosión, Resistencia a la electrólisis, Resistencia a la Tensión y al Impacto. | C47: =+VLOOKUP(A47,'[1]Consolidado Unitarios DIYT'!$B$11:$E$438,3,FALSE) -> ML | D47: =+VLOOKUP(A47,'[1]Consolidado Unitarios DIYT'!$B$11:$E$438,4,FALSE) -> 74947 | E47: 86 | F47: =ROUND(D47*E47,0) -> 6445442 | G47: 74800 | H47: =+G47*E47 -> 6432800 | I47: 82500 | J47: =+I47*E47 -> 7095000 | K47: =AVERAGE(D47,G47,I47) -> 77415.667 | L47: =SMALL((D47,G47,I47),1) -> 74800 | M47: =+L47-D47 -> -147 | N47: =(L47-D47)/L47 -> -0.0019652406 | O47: =+L47 -> 74800 | P47: =+O47*E47 -> 6432800
A48: 4.11 | B48: =+VLOOKUP(A48,'[1]Consolidado Unitarios DIYT'!$B$11:$E$438,2,FALSE) -> FLANCHE EN LÁMINA GALVANIZADA CALIBRE 26 DESARROLLO 25CM INCLUYE ANDAMIO CERTIFICADO | C48: =+VLOOKUP(A48,'[1]Consolidado Unitarios DIYT'!$B$11:$E$438,3,FALSE) -> ML | D48: =+VLOOKUP(A48,'[1]Consolidado Unitarios DIYT'!$B$11:$E$438,4,FALSE) -> 75748 | E48: 100 | F48: =ROUND(D48*E48,0) -> 7574800 | G48: 75600 | H48: =+G48*E48 -> 7560000 | I48: 68950 | J48: =+I48*E48 -> 6895000 | K48: =AVERAGE(D48,G48,I48) -> 73432.667 | L48: =SMALL((D48,G48,I48),1) -> 68950 | M48: =+L48-D48 -> -6798 | N48: =(L48-D48)/L48 -> -0.098593183 | O48: =+L48 -> 68950 | P48: =+O48*E48 -> 6895000
A49: 4.13 | B49: FLANCHE LAMINA GALVANIZADA CL. 20 - DESARROLLO 80 CM | C49: ML | D49: 83844.333 | E49: 25 | F49: =ROUND(D49*E49,0) -> 2096108 | G49: 83750 | H49: =+G49*E49 -> 2093750 | I49: 85000 | J49: =+I49*E49 -> 2125000 | K49: =AVERAGE(D49,G49,I49) -> 84198.111 | L49: =SMALL((D49,G49,I49),1) -> 83750 | M49: =+L49-D49 -> -94.333333 | N49: =(L49-D49)/L49 -> -0.0011263682 | O49: =+L49 -> 83750 | P49: =+O49*E49 -> 2093750
A50: SUMAS TOTALES OBRAS EN CUBIERTA | D50: =SUM(D40:D49) -> 1754995.3 | E50: =SUM(E40:E49) -> 1459 | F50: =SUM(F40:F49) -> 238246454 | G50: =SUM(G40:G49) -> 1752800 | H50: =SUM(H40:H49) -> 237909550 | I50: =SUM(I40:I49) -> 1715790 | J50: =SUM(J40:J49) -> 236703040 | K50: =SUM(K40:K49) -> 1741195.1 | ... M50: =SUM(M40:M49) -> -53255.333 | N50: =AVERAGE(N40:N49) -> -0.053005596 | O50: =SUM(O40:O49) -> 1701740 | P50: =SUM(P40:P49) -> 234112390
A52: 5 | B52: MAMPOSTERIA Y PINTURA
A53: No (ITEM, ETAPAS O PROCESOS) | B53: ACTIVIDAD | C53: UNIDAD DE MEDIDA | D53: VALOR UNITARIO ACTUALIZADO | E53: CAN | F53: VALORTOTAL | G53: DP INGENIERIA SAS | I53: CONSTRUCTORA SANTOSP S.A.S | K53: PROMEDIO | L53: VALOR MINIMO | M53: VARIACIÓN EN PESOS | N53: VARIACIÓN PORCENTUAL | O53: VALOR TECHO UNITARIO | P53: VALOR TOTAL
G54: PRECIO UNITARIO | H54: VALOR TOTAL | I54: PRECIO UNITARIO | J54: VALOR TOTAL
A56: 5.1 | B56: =+VLOOKUP(A56,'[1]Consolidado Unitarios DIYT'!$B$11:$E$438,2,FALSE) -> FILOS Y DILATACIONES EN PAÑETES DE MUROS EN LADRILLO A LA VISTA | C56: =+VLOOKUP(A56,'[1]Consolidado Unitarios DIYT'!$B$11:$E$438,3,FALSE) -> ML | D56: =+VLOOKUP(A56,'[1]Consolidado Unitarios DIYT'!$B$11:$E$438,4,FALSE) -> 30729 | E56: 315 | F56: =ROUND(D56*E56,0) -> 9679635 | G56: 30650 | H56: =+G56*E56 -> 9654750 | I56: 28900 | J56: =+I56*E56 -> 9103500 | K56: =AVERAGE(D56,G56,I56) -> 30093 | L56: =SMALL((D56,G56,I56),1) -> 28900 | M56: =+L56-D56 -> -1829 | N56: =(L56-D56)/L56 -> -0.063287197 | O56: =+L56 -> 28900 | P56: =+O56*E56 -> 9103500
A57: 5.2 | B57: =+VLOOKUP(A57,'[1]Consolidado Unitarios DIYT'!$B$11:$E$438,2,FALSE) -> SUMINISTRO E INSTALACION MUROS PANEL LIVIANO DIVISORIOS EN SISTEMA DE MURO SECO CONFORMADO POR LÁMINAS DE FIBROCEMENTO RH TIPO SUPERBOARD O SIMILAR DE CALIDAD SUPERIOR E=10 MM. ESTRUCTURA METÁLICA EN PERFIL GALVANIZADO GR50 CON RECUBRIMIENTO DE ZINC G60 E=2MM (c/40,5cm). RIELES EN PERFIL TIPO "U". LAS UNIONES O JUNTAS ENTRE LOS PANELES DEBEN IR CORRECTAMENTE SELLADAS CON CINTA MALLA Y TRATADAS CON MASILLA TIPO ETERCOAT DE ETERNIT, SIMILAR O DE CALIDAD SUPERIOR. | C57: =+VLOOKUP(A57,'[1]Consolidado Unitarios DIYT'!$B$11:$E$438,3,FALSE) -> M2 | D57: =+VLOOKUP(A57,'[1]Consolidado Unitarios DIYT'!$B$11:$E$438,4,FALSE) -> 234741 | E57: 110 | F57: =ROUND(D57*E57,0) -> 25821510 | G57: 234250 | H57: =+G57*E57 -> 25767500 | I57: 240000 | J57: =+I57*E57 -> 26400000 | K57: =AVERAGE(D57,G57,I57) -> 236330.33 | L57: =SMALL((D57,G57,I57),1) -> 234250 | M57: =+L57-D57 -> -491 | N57: =(L57-D57)/L57 -> -0.0020960512 | O57: =+L57 -> 234250 | P57: =+O57*E57 -> 25767500
A58: 5.3 | B58: =+VLOOKUP(A58,'[1]Consolidado Unitarios DIYT'!$B$11:$E$438,2,FALSE) -> PINTURA ACRÍLICA BIOCIDA A BASE DE AGUA PARA AMBIENTES INTERIORES DE ALTA HIGIENE CON PROPIEDADES ANTIBACTERIALES Y ANTIHONGOS, RESISTENCIA AL LAVADO Y FACILIDAD DE LIMPIEZA. TIPO PINTURA ACRÍLICA DE ALTA ASEPSIA DE PINTUCO O SIMILAR DE CALIDAD SUPERIOR. CARACTERÍSTICAS: RESISTENTE A LA HUMEDAD Y AL VAPOR DE AGUA, DE BAJO OLOR, LIBRE DE VOC, LIBRE DE PLOMO Y CLORO, Y ALTA RESISTENCIA A LA FRICCIÓN. COLOR: BLANCO PURO RAL 9010. | C58: =+VLOOKUP(A58,'[1]Consolidado Unitarios DIYT'!$B$11:$E$438,3,FALSE) -> M2 | D58: =+VLOOKUP(A58,'[1]Consolidado Unitarios DIYT'!$B$11:$E$438,4,FALSE) -> 20095 | E58: 276.89 | F58: =ROUND(D58*E58,0) -> 5564105 | G58: 20000 | H58: =+G58*E58 -> 5537800 | I58: 19500 | J58: =+I58*E58 -> 5399355 | K58: =AVERAGE(D58,G58,I58) -> 19865 | L58: =SMALL((D58,G58,I58),1) -> 19500 | M58: =+L58-D58 -> -595 | N58: =(L58-D58)/L58 -> -0.030512821 | O58: =+L58 -> 19500 | P58: =+O58*E58 -> 5399355
A59: 5.4 | B59: SUMINISTRO E INSTALACION MUROS PANEL LIVIANO DIVISORIOS EN SISTEMA DE MURO SECO CONFORMADO POR LÁMINAS DE YESO RH O SIMILAR DE CALIDAD SUPERIOR E=10 MM. ESTRUCTURA METÁLICA EN PERFIL GALVANIZADO GR50 CON RECUBRIMIENTO DE ZINC G60 E=2MM (c/40,5cm). RIELES EN PERFIL TIPO "U". LAS UNIONES O JUNTAS ENTRE LOS PANELES DEBEN IR CORRECTAMENTE SELLADAS CON CINTA MALLA Y TRATADAS CON MASILLA TIPO ETERCOAT DE ETERNIT, SIMILAR O DE CALIDAD SUPERIOR. | C59: M2 | D59: 146008.33 | E59: 20 | F59: =ROUND(D59*E59,0) -> 2920167 | G59: 145900 | H59: =+G59*E59 -> 2918000 | I59: 240000 | J59: =+I59*E59 -> 4800000 | K59: =AVERAGE(D59,G59,I59) -> 177302.78 | L59: =SMALL((D59,G59,I59),1) -> 145900 | M59: =+L59-D59 -> -108.33333 | N59: =(L59-D59)/L59 -> -0.00074251771 | O59: =+L59 -> 145900 | P59: =+O59*E59 -> 2918000
A60: 5.6 | B60: PAÑETE 1:3 PARA MUROS EN LADRILLO A LA VISTA | C60: M2 | D60: 56940.333 | E60: 20 | F60: =ROUND(D60*E60,0) -> 1138807 | G60: 56500 | H60: =+G60*E60 -> 1130000 | I60: 54600 | J60: =+I60*E60 -> 1092000 | K60: =AVERAGE(D60,G60,I60) -> 56013.444 | L60: =SMALL((D60,G60,I60),1) -> 54600 | M60: =+L60-D60 -> -2340.3333 | N60: =(L60-D60)/L60 -> -0.042863248 | O60: =+L60 -> 54600 | P60: =+O60*E60 -> 1092000
A61: 5.7 | B61: PAÑETE 1:3 PARA MUROS | C61: M2 | D61: 48971 | E61: 10 | F61: =ROUND(D61*E61,0) -> 489710 | G61: 48650 | H61: =+G61*E61 -> 486500 | I61: 47000 | J61: =+I61*E61 -> 470000 | K61: =AVERAGE(D61,G61,I61) -> 48207 | L61: =SMALL((D61,G61,I61),1) -> 47000 | M61: =+L61-D61 -> -1971 | N61: =(L61-D61)/L61 -> -0.04193617 | O61: =+L61 -> 47000 | P61: =+O61*E61 -> 470000
A62: 5.8 | B62: PAÑETE IMPERMEABILIZADO 1:3 PARA MUROS EXPUESTOS A ZONAS HUMEDAS | C62: M2 | D62: 37513.667 | E62: 50 | F62: =ROUND(D62*E62,0) -> 1875683 | G62: 37400 | H62: =+G62*E62 -> 1870000 | I62: 36000 | J62: =+I62*E62 -> 1800000 | K62: =AVERAGE(D62,G62,I62) -> 36971.222 | L62: =SMALL((D62,G62,I62),1) -> 36000 | M62: =+L62-D62 -> -1513.6667 | N62: =(L62-D62)/L62 -> -0.042046296 | O62: =+L62 -> 36000 | P62: =+O62*E62 -> 1800000
A63: 5.9 | B63: REPOSICIÓN DE ESTUCO PLASTICO ACRILICO PARA INTERIOR Y EXTERIOR + TRES MANOS PINTURA ACRÍLICA BIOCIDA A BASE DE AGUA PARA AMBIENTES INTERIORES DE ALTA HIGIENE CON PROPIEDADES ANTIBACTERIALES Y ANTIHONGOS, RESISTENCIA AL LAVADO Y FACILIDAD DE LIMPIEZA. TIPO PINTURA ACRÍLICA DE ALTA ASEPSIA DE PINTUCO O SIMILAR DE CALIDAD SUPERIOR. CARACTERÍSTICAS: RESISTENTE A LA HUMEDAD Y AL VAPOR DE AGUA, DE BAJO OLOR, LIBRE DE VOC, LIBRE DE PLOMO Y CLORO, Y ALTA RESISTENCIA A LA FRICCIÓN. COLOR: BLANCO PURO RAL 9010. EN MUROS CON HUMEDADES Y EN MAL ESTADO. | C63: M2 | D63: 101984.75 | E63: 30 | F63: =ROUND(D63*E63,0) -> 3059543 | G63: 101800 | H63: =+G63*E63 -> 3054000 | I63: 99500 | J63: =+I63*E63 -> 2985000 | K63: =AVERAGE(D63,G63,I63) -> 101094.92 | L63: =SMALL((D63,G63,I63),1) -> 99500 | M63: =+L63-D63 -> -2484.75 | N63: =(L63-D63)/L63 -> -0.024972362 | O63: =+L63 -> 99500 | P63: =+O63*E63 -> 2985000
A64: 5.10 | B64: =+VLOOKUP(A64,'[1]Consolidado Unitarios DIYT'!$B$11:$E$438,2,FALSE) -> ESTUCO PLASTICO ACRILICO (SOBRE ENCHAPES CERAMICOS) PARA INTERIOR + TRES MANOS PINTURA ACRÍLICA BIOCIDA A BASE DE AGUA PARA AMBIENTES INTERIORES DE ALTA HIGIENE CON PROPIEDADES ANTIBACTERIALES Y ANTIHONGOS, RESISTENCIA AL LAVADO Y FACILIDAD DE LIMPIEZA. TIPO PINTURA ACRÍLICA DE ALTA ASEPSIA DE PINTUCO O SIMILAR DE CALIDAD SUPERIOR. CARACTERÍSTICAS: RESISTENTE A LA HUMEDAD Y AL VAPOR DE AGUA, DE BAJO OLOR, LIBRE DE VOC, LIBRE DE PLOMO Y CLORO, Y ALTA RESISTENCIA A LA FRICCIÓN. COLOR: BLANCO PURO RAL 9010. EN MUROS CON HUMEDADES Y EN MAL ESTADO. | C64: =+VLOOKUP(A64,'[1]Consolidado Unitarios DIYT'!$B$11:$E$438,3,FALSE) -> M2 | D64: =+VLOOKUP(A64,'[1]Consolidado Unitarios DIYT'!$B$11:$E$438,4,FALSE) -> 123114 | E64: 158.2 | F64: =ROUND(D64*E64,0) -> 19476635 | G64: 122900 | H64: =+G64*E64 -> 19442780 | I64: 120600 | J64: =+I64*E64 -> 19078920 | K64: =AVERAGE(D64,G64,I64) -> 122204.67 | L64: =SMALL((D64,G64,I64),1) -> 120600 | M64: =+L64-D64 -> -2514 | N64: =(L64-D64)/L64 -> -0.020845771 | O64: =+L64 -> 120600 | P64: =+O64*E64 -> 19078920
A65: 5.11 | B65: REPOSICIÓN EN ESMALTE SINTÉTICO A BASE DE ACEITE RESISTENTE AL AGUA, CON BUENA DURABILIDAD, ALTO BRILLO Y ADHERENCIA. SIN PLOMO NI CLORO PARA CARPINTERIA METALICA EN MAL ESTADO | C65: M2 | D65: 21400.667 | E65: 18 | F65: =ROUND(D65*E65,0) -> 385212 | G65: 21050 | H65: =+G65*E65 -> 378900 | I65: 20900 | J65: =+I65*E65 -> 376200 | K65: =AVERAGE(D65,G65,I65) -> 21116.889 | L65: =SMALL((D65,G65,I65),1) -> 20900 | M65: =+L65-D65 -> -500.66667 | N65: =(L65-D65)/L65 -> -0.023955343 | O65: =+L65 -> 20900 | P65: =+O65*E65 -> 376200
A66: SUMAS TOTALES MAMPOSTERIA Y PINTURA | D66: =SUM(D56:D65) -> 821497.75 | E66: =SUM(E56:E65) -> 1008.09 | F66: =SUM(F56:F65) -> 70411007 | G66: =SUM(G56:G65) -> 819100 | H66: =SUM(H56:H65) -> 70240230 | I66: =SUM(I56:I65) -> 907000 | J66: =SUM(J56:J65) -> 71504975 | K66: =SUM(K56:K65) -> 849199.25 | ... M66: =SUM(M56:M65) -> -14347.75 | N66: =AVERAGE(N56:N65) -> -0.029325778 | O66: =SUM(O56:O65) -> 807150 | P66: =SUM(P56:P65) -> 68990475
A68: 6 | B68: PISOS Y CIELO RASO
A69: No (ITEM, ETAPAS O PROCESOS) | B69: ACTIVIDAD | C69: UNIDAD DE MEDIDA | D69: VALOR UNITARIO ACTUALIZADO | E69: CAN | F69: VALORTOTAL | G69: DP INGENIERIA SAS | I69: CONSTRUCTORA SANTOSP S.A.S | K69: PROMEDIO | L69: VALOR MINIMO | M69: VARIACIÓN EN PESOS | N69: VARIACIÓN PORCENTUAL | O69: VALOR TECHO UNITARIO | P69: VALOR TOTAL
G70: PRECIO UNITARIO | H70: VALOR TOTAL | I70: PRECIO UNITARIO | J70: VALOR TOTAL
A72: 6.1 | B72: REPARACIÓN ALISTADO PISO 1:3 E=0.04 M PARA ZONAS EN MAL ESTADO (Nivelación y preparación de superficies irregulares y bruscas de losas estructurales o placas de contrapiso, para recibir acabados de pisos tales como parquetón de madera, listón, tabletas cerámicas, baldosas de cemento, de gres, de granito, alfombras y vinisol, a los niveles señalados en los planos constructivos y de detalle.) (picar la zona afectada, aplicar un adherente y una capa de mortero de cemento de 4 cm de espesor para instalar un acabado de piso que se pagará en otro ítem) | C72: M2 | D72: 226110.75 | E72: 22 | F72: =ROUND(D72*E72,0) -> 4974437 | G72: 225900 | H72: =+G72*E72 -> 4969800 | I72: 224600 | J72: =+I72*E72 -> 4941200 | K72: =AVERAGE(D72,G72,I72) -> 225536.92 | L72: =SMALL((D72,G72,I72),1) -> 224600 | M72: =+L72-D72 -> -1510.75 | N72: =(L72-D72)/L72 -> -0.0067264025 | O72: =+L72 -> 224600 | P72: =+O72*E72 -> 4941200
A73: 6.2 | B73: ALISTADO DE PISO ENDURECIDO | C73: M2 | D73: 125944 | E73: 22 | F73: =ROUND(D73*E73,0) -> 2770768 | G73: 125850 | H73: =+G73*E73 -> 2768700 | I73: 125000 | J73: =+I73*E73 -> 2750000 | K73: =AVERAGE(D73,G73,I73) -> 125598 | L73: =SMALL((D73,G73,I73),1) -> 125000 | M73: =+L73-D73 -> -944 | N73: =(L73-D73)/L73 -> -0.007552 | O73: =+L73 -> 125000 | P73: =+O73*E73 -> 2750000
A74: 6.5 | B74: =+VLOOKUP(A74,'[1]Consolidado Unitarios DIYT'!$B$11:$E$438,2,FALSE) -> CIELO RASO DESMONTABLE EN SISTEMA SUSPENDIDO DE PANELES DE ALUMINIO DE APARIENCIA CONTINUA, PATRÓN DE PERFORADO ESPECIAL TIPO "C - HUNTER DOUGLAS" O EQUIVALENTE, CON ANCHO DE 45 CM, CON FIJACIÓN A SISTEMA DE PORTAPANEL OCULTO EN C FIJADO A LA ESTRUCTURA DE VIGAS. | C74: =+VLOOKUP(A74,'[1]Consolidado Unitarios DIYT'!$B$11:$E$438,3,FALSE) -> M2 | D74: =+VLOOKUP(A74,'[1]Consolidado Unitarios DIYT'!$B$11:$E$438,4,FALSE) -> 145409 | E74: 400 | F74: =ROUND(D74*E74,0) -> 58163600 | G74: 145300 | H74: =+G74*E74 -> 58120000 | I74: 144200 | J74: =+I74*E74 -> 57680000 | K74: =AVERAGE(D74,G74,I74) -> 144969.67 | L74: =SMALL((D74,G74,I74),1) -> 144200 | M74: =+L74-D74 -> -1209 | N74: =(L74-D74)/L74 -> -0.0083841886 | O74: =+L74 -> 144200 | P74: =+O74*E74 -> 57680000
A75: 6.8 | B75: SUMINISTRO E IINSTALACION CIELORRASO POR LÁMINAS DE YESO RH O SIMILAR DE CALIDAD SUPERIOR E=10 MM. EL SISTEMA DE FIJACIÓN SE REALIZARÁ CON PERFILES TIPO C DE LÁMINA EN ACERO GALVANIZADO G60 (c/40,5cm), DE ACUERDO A LAS RECOMENDACIONES DEL FABRICANTE. TORNILLOS PARA LÁMINAS DE FIBROCEMENTO AVELLANADOS NO. 6X1". PARA LA FIJACIÓN DE PERFILES EN CONCRETO SE UTILIZARÁ PISTOLA DE IMPACTO, ANCLAJES DE CAMISA O TORNILLOS CON CHAZO DE PLÁSTICO. EL CIELORRASO DEBE SER TOTALMENTE SELLADO EN SU PERÍMETRO. LAS BASES PARA LA COLOCACIÓN DEL CIELO-RASO DEBEN SER FIRMES Y ESTAR BIEN NIVELADAS. LAS PERFORACIONES PARA LA FIJACIÓN EN LOS PANELES DEBEN SER AVELLANADAS Y REALIZADAS CON BROCA DE TUNGSTENO DE 1-1/32" O 3/8". JUNTAS TECH JOIN + CINTA EN FIBRA DE VIDRIO + MASILLA + PINTURA ACRÍLICA COLOR BLANCO RAL 9010 REF.: PURE WHITE O EQUIVALENTE. ACABADO LISO, A LA VISTA Y SIN DILATACIONES. PERFIL PLÁSTICO DE MEDIA CAÑA INSTALADO EN BORDES PERIMETRALES (TECHO-PARED) Y ACCESORIOS ESQUINEROS, INSTALADOS ANTES DE MASILLAR. | C75: M2 | D75: 127643.67 | E75: 20 | F75: =ROUND(D75*E75,0) -> 2552873 | G75: 127200 | H75: =+G75*E75 -> 2544000 | I75: 120000 | J75: =+I75*E75 -> 2400000 | K75: =AVERAGE(D75,G75,I75) -> 124947.89 | L75: =SMALL((D75,G75,I75),1) -> 120000 | M75: =+L75-D75 -> -7643.6667 | N75: =(L75-D75)/L75 -> -0.063697222 | O75: =+L75 -> 120000 | P75: =+O75*E75 -> 2400000
A76: 6.10 | B76: =+VLOOKUP(A76,'[1]Consolidado Unitarios DIYT'!$B$11:$E$438,2,FALSE) -> JUNTA ESTRUCTURAL EN CIELO RASO (Se refiere al suminsitro y la instalación de un flanche en lámina galvanizada de ancho de 20 cm calibre 2.6) | C76: =+VLOOKUP(A76,'[1]Consolidado Unitarios DIYT'!$B$11:$E$438,3,FALSE) -> ML | D76: =+VLOOKUP(A76,'[1]Consolidado Unitarios DIYT'!$B$11:$E$438,4,FALSE) -> 34536 | E76: 82 | F76: =ROUND(D76*E76,0) -> 2831952 | G76: 34250 | H76: =+G76*E76 -> 2808500 | I76: 33700 | J76: =+I76*E76 -> 2763400 | K76: =AVERAGE(D76,G76,I76) -> 34162 | L76: =SMALL((D76,G76,I76),1) -> 33700 | M76: =+L76-D76 -> -836 | N76: =(L76-D76)/L76 -> -0.024807122 | O76: =+L76 -> 33700 | P76: =+O76*E76 -> 2763400
A77: 6.11 | B77: SUMINISTRO E INSTALACIÓN DE MEDIACAÑA EN PVC DE 6 CM. ENTRE CIELO RASO Y PAREDES | C77: ML | D77: 47185.75 | E77: 50 | F77: =ROUND(D77*E77,0) -> 2359288 | G77: 46900 | H77: =+G77*E77 -> 2345000 | I77: 45800 | J77: =+I77*E77 -> 2290000 | K77: =AVERAGE(D77,G77,I77) -> 46628.583 | L77: =SMALL((D77,G77,I77),1) -> 45800 | M77: =+L77-D77 -> -1385.75 | N77: =(L77-D77)/L77 -> -0.03025655 | O77: =+L77 -> 45800 | P77: =+O77*E77 -> 2290000
A78: 6.14 | B78: =+VLOOKUP(A78,'[1]Consolidado Unitarios DIYT'!$B$11:$E$438,2,FALSE) -> PULIDA Y BRILLADA DE PISO EN GRANITO DE MARMOL EXISTENTE | C78: =+VLOOKUP(A78,'[1]Consolidado Unitarios DIYT'!$B$11:$E$438,3,FALSE) -> M2 | D78: =+VLOOKUP(A78,'[1]Consolidado Unitarios DIYT'!$B$11:$E$438,4,FALSE) -> 107252 | E78: 1233.5012 | F78: =ROUND(D78*E78,0) -> 132295474 | G78: 107000 | H78: =+G78*E78 -> 1.3198463e+08 | I78: 106000 | J78: =+I78*E78 -> 1.3075113e+08 | K78: =AVERAGE(D78,G78,I78) -> 106750.67 | L78: =SMALL((D78,G78,I78),1) -> 106000 | M78: =+L78-D78 -> -1252 | N78: =(L78-D78)/L78 -> -0.011811321 | O78: =+L78 -> 106000 | P78: =+O78*E78 -> 1.3075113e+08
A79: 6.15 | B79: SUMINISTRO E INSTALACIÓN DE ENCHAPE CERÁMICO PARA DUROPISO BLANCO 51X51CM, SIMILAR O DE CALIDAD SUPERIOR. RESISTENCIA MECÁNICA AL RAYADO. PARA LA INSTALACIÓN SE USARÁ UN ADHESIVO BAJO EN POLVO TIPO PEGACOR FLEX BLANCO CORONA SIMILAR O DE CALIDAD SUPERIOR. JUNTAS DE 3 MM CON BOQUILLA CON LÁTEX COLOR BLANCO TIPO CONCOLOR CORONA SIMILAR O DE CALIDAD SUPERIOR. EL REMATE SUPERIOR SERÁ UN ÁNGULO EN ALUMINIO ANODIZADO NATURAL MATE DE 1½” X 1½” E=1/8”. ENTRE EL GUARDAESCOBA Y EL ENCHAPE SE INSTALARÁ UNA DILATACIÓN DE 1" EN ALUMINIO TIPO MUNDIAL DE ALUMINIOS REF. 379, SIMILAR O DE CALIDAD SUPERIOR. INCLUYE CERÁMICA, ADHESIVO, CRUCETAS PLÁSTICAS DE 3MM, BOQUILLA, ÁNGULO PARA REMATE SUPERIOR Y DILATACIÓN DE 1" EN ALUMINIO PARA INSTALACIÓN SOBRE GUARDESCOBAS. ENCHAPE INSTALADO HORIZONTALMENTE. | C79: M2 | D79: 137866.33 | E79: 10 | F79: =ROUND(D79*E79,0) -> 1378663 | G79: 130400 | H79: =+G79*E79 -> 1304000 | I79: 120000 | J79: =+I79*E79 -> 1200000 | K79: =AVERAGE(D79,G79,I79) -> 129422.11 | L79: =SMALL((D79,G79,I79),1) -> 120000 | M79: =+L79-D79 -> -17866.333 | N79: =(L79-D79)/L79 -> -0.14888611 | O79: =+L79 -> 120000 | P79: =+O79*E79 -> 1200000
A80: 6.16 | B80: =+VLOOKUP(A80,'[1]Consolidado Unitarios DIYT'!$B$11:$E$438,2,FALSE) -> SUMINISTRO E INSTALACIÓN DE PISO BALDOSA DE GRANITO VIBROPRENSADA COLOR BLANCO HUILA TIPO ALFA O SIMILAR 30X30CM (INCLUYE EMBOQUILLADO, DESTRONQUE, PULIDA Y BRILLADA), SIMILAR O DE CALIDAD SUPERIOR. MORTERO DE PEGA 1:4 CON ESPESOR MÍNIMO DE 3 CM. JUNTAS ENTRE LAS PIEZAS ENTRE 2 Y 7 MM. SELLADO JUNTAS DE HASTA 2 MM, CON LECHADA DE CEMENTO CON COLORANTE MINERAL DE IGUAL COLOR AL BALDOSÍN, ANTES DEL FRAGUADO DEL MORTERO DE PEGA. LIMPIEZA DEL TABLÓN ANTES QUE EL EMBOQUILLADO SE ENDUREZCA. DESTRONCADO, PULIDO Y BRILLADO CON ESMERILES Y A MÁQUINA. LIMPIEZA CON TRAPO IMPREGNADO CON ACPM. | C80: =+VLOOKUP(A80,'[1]Consolidado Unitarios DIYT'!$B$11:$E$438,3,FALSE) -> M2 | D80: =+VLOOKUP(A80,'[1]Consolidado Unitarios DIYT'!$B$11:$E$438,4,FALSE) -> 262632 | E80: 7.5 | F80: =ROUND(D80*E80,0) -> 1969740 | G80: 262450 | H80: =+G80*E80 -> 1968375 | I80: 261900 | J80: =+I80*E80 -> 1964250 | K80: =AVERAGE(D80,G80,I80) -> 262327.33 | L80: =SMALL((D80,G80,I80),1) -> 261900 | M80: =+L80-D80 -> -732 | N80: =(L80-D80)/L80 -> -0.0027949599 | O80: =+L80 -> 261900 | P80: =+O80*E80 -> 1964250
A81: 6.19 | B81: BANDAS ANTIDESLIZANTES PASOS ESCALERAS Y RAMPAS. (Suministro e instalación de bandas antideslizantes autoadhesivas en los bordes de los escalones y en las rampas a manera de pirlan) | C81: ML | D81: 25343.333 | E81: 8 | F81: =ROUND(D81*E81,0) -> 202747 | G81: 25150 | H81: =+G81*E81 -> 201200 | I81: 24800 | J81: =+I81*E81 -> 198400 | K81: =AVERAGE(D81,G81,I81) -> 25097.778 | L81: =SMALL((D81,G81,I81),1) -> 24800 | M81: =+L81-D81 -> -543.33333 | N81: =(L81-D81)/L81 -> -0.021908602 | O81: =+L81 -> 24800 | P81: =+O81*E81 -> 198400
A82: 6.20 | B82: Suminsitro e instalcionde de bocapuerta en granito pulido blanco y gris con dilatacion pvc entre juntas de piso existente | C82: ML | D82: 60000 | E82: 1 | F82: =ROUND(D82*E82,0) -> 60000 | G82: 59000 | H82: =+G82*E82 -> 59000 | I82: 58600 | J82: =+I82*E82 -> 58600 | K82: =AVERAGE(D82,G82,I82) -> 59200 | L82: =SMALL((D82,G82,I82),1) -> 58600 | M82: =+L82-D82 -> -1400 | N82: =(L82-D82)/L82 -> -0.023890785 | O82: 58600 | P82: =+O82*E82 -> 58600
A83: SUMA TOTAL PISOS Y CIELO RASO | D83: =SUM(D72:D82) -> 1299922.8 | E83: =SUM(E72:E82) -> 1856.0012 | F83: =SUM(F72:F82) -> 209559542 | G83: =SUM(G72:G82) -> 1289400 | H83: =SUM(H72:H82) -> 2.0907321e+08 | I83: =SUM(I72:I82) -> 1264600 | J83: =SUM(J72:J82) -> 2.0699698e+08 | K83: =SUM(K72:K82) -> 1284640.9 | ... M83: =SUM(M72:M82) -> -35322.833 | N83: =AVERAGE(N72:N82) -> -0.031883206 | O83: =SUM(O72:O82) -> 1264600 | P83: =SUM(P72:P82) -> 2.0699698e+08
A85: 7 | B85: ENCHAPES Y ACCESORIOS BAÑOS
A86: No (ITEM, ETAPAS O PROCESOS) | B86: ACTIVIDAD | C86: UNIDAD DE MEDIDA | D86: VALOR UNITARIO ACTUALIZADO | E86: CAN | F86: VALORTOTAL | G86: DP INGENIERIA SAS | I86: CONSTRUCTORA SANTOSP S.A.S | K86: PROMEDIO | L86: VALOR MINIMO | M86: VARIACIÓN EN PESOS | N86: VARIACIÓN PORCENTUAL | O86: VALOR TECHO UNITARIO | P86: VALOR TOTAL
G87: PRECIO UNITARIO | H87: VALOR TOTAL | I87: PRECIO UNITARIO | J87: VALOR TOTAL
A89: 7.4 | B89: =+VLOOKUP(A89,'[1]Consolidado Unitarios DIYT'!$B$11:$E$438,2,FALSE) -> SUMINISTRO E INSTALACIÓN DE LAVAMANOS EN PORCELANA SANITARIA ESMALTADA COLOR BLANCO, PARA MOVILIDAD REDUCIDA. MODELO DE COLGAR FREE INSTITUCIONAL DE CORONA O SIMILAR DE CALIDAD SUPERIOR. INCLUYE SIFÓN Y DESAGÜE A PARED. SUPERIOR. SISTEMA DE FIJACIÓN A MURO POR MEDIO DE DOS BRAZOS METÁLICOS DE SOPORTE Ø=8.7 CM EN ACERO INOXIDABLE TUBULAR REDONDO L=41.7 CM. INCLUIDA GRIFERÍA DE LAVAMANOS | C89: =+VLOOKUP(A89,'[1]Consolidado Unitarios DIYT'!$B$11:$E$438,3,FALSE) -> UN | D89: =+VLOOKUP(A89,'[1]Consolidado Unitarios DIYT'!$B$11:$E$438,4,FALSE) -> 1541435 | E89: 5 | F89: =ROUND(D89*E89,0) -> 7707175 | G89: 1541000 | H89: =+G89*E89 -> 7705000 | I89: 1530000 | J89: =+I89*E89 -> 7650000 | K89: =AVERAGE(D89,G89,I89) -> 1537478.3 | L89: =SMALL((D89,G89,I89),1) -> 1530000 | M89: =+L89-D89 -> -11435 | N89: =(L89-D89)/L89 -> -0.0074738562 | O89: =+L89 -> 1530000 | P89: =+O89*E89 -> 7650000
A90: 7.5 | B90: SUMINISTRO E INSTALACIÓN DE SANITARIO INSTITUCIONAL CON MEDIDAS ADA CUMPLE CON CONDICIONES PARA PERSONAS CON MOVILIDAD REDUCIDA, CONSTA DE TAZA SANITARIA TIPO ADRIÁTICA ALONGADA DE CORONA, SIMILAR O DE CALIDAD SUPERIOR. MEDIDAS L=64 CM CM A=39 CM H=43 CM. RACOR METÁLICO DE 1 1/2” PARA FÁCIL INSTALACIÓN DE FLUXÓMETRO O VÁLVULAS DE DESCARGA TIPO PUSH INCRUSTADA EN MURO. ENTRADA POSTERIOR OCULTA; . INCLUYE SUMINISTRO E INSTALACIÓN CON KIT DE INSTALACIÓN PARA SOPORTE DEL SANITARIO, BRIDA DESMONTABLE, ASÍ COMO TODOS LOS ELEMENTOS DE FIJACIÓN A PISO. INCLUIDO FLUXÓMETRO | C90: UN | D90: 2397460 | E90: 2 | F90: =ROUND(D90*E90,0) -> 4794920 | G90: 2397300 | H90: =+G90*E90 -> 4794600 | I90: 2390000 | J90: =+I90*E90 -> 4780000 | K90: =AVERAGE(D90,G90,I90) -> 2394920 | L90: =SMALL((D90,G90,I90),1) -> 2390000 | M90: =+L90-D90 -> -7460 | N90: =(L90-D90)/L90 -> -0.0031213389 | O90: =+L90 -> 2390000 | P90: =+O90*E90 -> 4780000
A91: 7.7 | B91: =+VLOOKUP(A91,'[1]Consolidado Unitarios DIYT'!$B$11:$E$438,2,FALSE) -> SUMINISTRO E INSTALACIÓN DE POCETA SENCILLA EN ACERO INOXIDABLE AISI 304 PARA EMPOTRAR MEDIDAS 55 X 43 CM PROFUNDIDAD 17.5 CM. CANASTILLA PARA LAVAPLATOS 4 PULGADAS CON SIFÓN EN P TIPO GRIVAL REF. 935080001, SIMILAR O DE CALIDAD SUPERIOR. | C91: =+VLOOKUP(A91,'[1]Consolidado Unitarios DIYT'!$B$11:$E$438,3,FALSE) -> UN | D91: =+VLOOKUP(A91,'[1]Consolidado Unitarios DIYT'!$B$11:$E$438,4,FALSE) -> 647900 | E91: 1 | F91: =ROUND(D91*E91,0) -> 647900 | G91: 647500 | H91: =+G91*E91 -> 647500 | I91: 645000 | J91: =+I91*E91 -> 645000 | K91: =AVERAGE(D91,G91,I91) -> 646800 | L91: =SMALL((D91,G91,I91),1) -> 645000 | M91: =+L91-D91 -> -2900 | N91: =(L91-D91)/L91 -> -0.004496124 | O91: =+L91 -> 645000 | P91: =+O91*E91 -> 645000
A92: 7.11 | B92: =+VLOOKUP(A92,'[1]Consolidado Unitarios DIYT'!$B$11:$E$438,2,FALSE) -> SUMINISTRO E INSTALACIÓN DE GRIFERÍA PARA LAVAMANOS INSTITUCIONAL DE EMPOTRAR PUSH PICO SEGURIDAD DE CORONA O SIMILAR DE CALIDAD SUPERIOR. (HABITACIONES) | C92: =+VLOOKUP(A92,'[1]Consolidado Unitarios DIYT'!$B$11:$E$438,3,FALSE) -> UN | D92: =+VLOOKUP(A92,'[1]Consolidado Unitarios DIYT'!$B$11:$E$438,4,FALSE) -> 719392 | E92: 5 | F92: =ROUND(D92*E92,0) -> 3596960 | G92: 719200 | H92: =+G92*E92 -> 3596000 | I92: 717500 | J92: =+I92*E92 -> 3587500 | K92: =AVERAGE(D92,G92,I92) -> 718697.33 | L92: =SMALL((D92,G92,I92),1) -> 717500 | M92: =+L92-D92 -> -1892 | N92: =(L92-D92)/L92 -> -0.0026369338 | O92: =+L92 -> 717500 | P92: =+O92*E92 -> 3587500
A93: 7.17 | B93: =+VLOOKUP(A93,'[1]Consolidado Unitarios DIYT'!$B$11:$E$438,2,FALSE) -> SUMINISTRO E INSTALACIÓN DE BARRA DE SEGURIDAD PARA UNIDADES SANITARIAS DE MOVILIDAD REDUCIDA, DE FIJACIÓN A LA PARED CONFORMADA POR TUBULAR RECTO REDONDO EN ACERO INOXIDABLE SATINADO CALIBRE 18 AISI 304 DE DIÁMETRO 1 1/4” (32MM) CALIBRE 18 L=36'', DOS BRIDAS DE SOPORTE CON PERFORACIONES PARA INSTALACIÓN EN MURO EN LÁMINA DE ACERO INOXIDABLE AISI SAE 304 CALIBRE 14 (ESPESOR 1.9MM), INCLUYE ESCUDOS Y HERRAJES. | C93: =+VLOOKUP(A93,'[1]Consolidado Unitarios DIYT'!$B$11:$E$438,3,FALSE) -> UN | D93: =+VLOOKUP(A93,'[1]Consolidado Unitarios DIYT'!$B$11:$E$438,4,FALSE) -> 225477 | E93: 2 | F93: =ROUND(D93*E93,0) -> 450954 | G93: 225100 | H93: =+G93*E93 -> 450200 | I93: 223600 | J93: =+I93*E93 -> 447200 | K93: =AVERAGE(D93,G93,I93) -> 224725.67 | L93: =SMALL((D93,G93,I93),1) -> 223600 | M93: =+L93-D93 -> -1877 | N93: =(L93-D93)/L93 -> -0.0083944544 | O93: =+L93 -> 223600 | P93: =+O93*E93 -> 447200
A94: 7.27 | B94: =+VLOOKUP(A94,'[1]Consolidado Unitarios DIYT'!$B$11:$E$438,2,FALSE) -> SUMINISTRO E INSTALACIÓN ESPEJO ANTIVANDÁLICO INCLINADO Dimensiones: 917 alto x 610 ancho x 123 prof. (mm) | C94: =+VLOOKUP(A94,'[1]Consolidado Unitarios DIYT'!$B$11:$E$438,3,FALSE) -> UN | D94: =+VLOOKUP(A94,'[1]Consolidado Unitarios DIYT'!$B$11:$E$438,4,FALSE) -> 565657 | E94: 2 | F94: =ROUND(D94*E94,0) -> 1131314 | G94: 565300 | H94: =+G94*E94 -> 1130600 | I94: 560000 | J94: =+I94*E94 -> 1120000 | K94: =AVERAGE(D94,G94,I94) -> 563652.33 | L94: =SMALL((D94,G94,I94),1) -> 560000 | M94: =+L94-D94 -> -5657 | N94: =(L94-D94)/L94 -> -0.010101786 | O94: =+L94 -> 560000 | P94: =+O94*E94 -> 1120000
A95: 7.28 | B95: =+VLOOKUP(A95,'[1]Consolidado Unitarios DIYT'!$B$11:$E$438,2,FALSE) -> Suministro, transporte e instalación de grifeira tipo fluxometro de flujo ajustable para sanitarios y/o orinales. | C95: =+VLOOKUP(A95,'[1]Consolidado Unitarios DIYT'!$B$11:$E$438,3,FALSE) -> UN | D95: =+VLOOKUP(A95,'[1]Consolidado Unitarios DIYT'!$B$11:$E$438,4,FALSE) -> 583189 | E95: 2 | F95: =ROUND(D95*E95,0) -> 1166378 | G95: 582900 | H95: =+G95*E95 -> 1165800 | I95: 570900 | J95: =+I95*E95 -> 1141800 | K95: =AVERAGE(D95,G95,I95) -> 578996.33 | L95: =SMALL((D95,G95,I95),1) -> 570900 | M95: =+L95-D95 -> -12289 | N95: =(L95-D95)/L95 -> -0.021525661 | O95: =+L95 -> 570900 | P95: =+O95*E95 -> 1141800
A96: SUMAS TOTALES ENCHAPES Y ACCESORIOS BAÑOS | D96: =SUM(D89:D95) -> 6680510 | E96: =SUM(E89:E95) -> 19 | F96: =SUM(F89:F95) -> 19495601 | G96: =SUM(G89:G95) -> 6678300 | H96: =SUM(H89:H95) -> 19489700 | I96: =SUM(I89:I95) -> 6637000 | J96: =SUM(J89:J95) -> 19371500 | K96: =SUM(K89:K95) -> 6665270 | ... M96: =SUM(M89:M95) -> -43510 | N96: =AVERAGE(N89:N95) -> -0.008250022 | O96: =SUM(O89:O95) -> 6637000 | P96: =SUM(P89:P95) -> 19371500
A98: 8 | B98: ELECTRICIDAD, COMUNICACIONES Y ESPECIALES
A99: No (ITEM, ETAPAS O PROCESOS) | B99: ACTIVIDAD | C99: UNIDAD DE MEDIDA | D99: VALOR UNITARIO ACTUALIZADO | E99: CAN | F99: VALORTOTAL | G99: DP INGENIERIA SAS | I99: CONSTRUCTORA SANTOSP S.A.S | K99: PROMEDIO | L99: VALOR MINIMO | M99: VARIACIÓN EN PESOS | N99: VARIACIÓN PORCENTUAL | O99: VALOR TECHO UNITARIO | P99: VALOR TOTAL
G100: PRECIO UNITARIO | H100: VALOR TOTAL | I100: PRECIO UNITARIO | J100: VALOR TOTAL
A102: 8.3 | B102: =+VLOOKUP(A102,'[1]Consolidado Unitarios DIYT'!$B$11:$E$438,2,FALSE) -> SUMINISTRO E INSTALACION DE RAMAL ALIMENTADOR EN TIPO LS CU 10F + 10N + 12T AWG POR BANDEJA O TUBERIA EMT | C102: =+VLOOKUP(A102,'[1]Consolidado Unitarios DIYT'!$B$11:$E$438,3,FALSE) -> ML | D102: =+VLOOKUP(A102,'[1]Consolidado Unitarios DIYT'!$B$11:$E$438,4,FALSE) -> 56073 | E102: 200 | F102: =ROUND(D102*E102,0) -> 11214600 | G102: 55900 | H102: =+G102*E102 -> 11180000 | I102: 52500 | J102: =+I102*E102 -> 10500000 | K102: =AVERAGE(D102,G102,I102) -> 54824.333 | L102: =SMALL((D102,G102,I102),1) -> 52500 | M102: =+L102-D102 -> -3573 | N102: =(L102-D102)/L102 -> -0.068057143 | O102: =+L102 -> 52500 | P102: =+O102*E102 -> 10500000
A103: 8.5 | B103: =+VLOOKUP(A103,'[1]Consolidado Unitarios DIYT'!$B$11:$E$438,2,FALSE) -> SUMINISTRO E INTALACION DE TUBERIA EMT DE 3/4", INCLUYE ELEMENTOS DE SUJECION, ACCESORIOS EMT Y CAJAS DE PASO. | C103: =+VLOOKUP(A103,'[1]Consolidado Unitarios DIYT'!$B$11:$E$438,3,FALSE) -> ML | D103: =+VLOOKUP(A103,'[1]Consolidado Unitarios DIYT'!$B$11:$E$438,4,FALSE) -> 36465 | E103: 150 | F103: =ROUND(D103*E103,0) -> 5469750 | G103: 36200 | H103: =+G103*E103 -> 5430000 | I103: 34500 | J103: =+I103*E103 -> 5175000 | K103: =AVERAGE(D103,G103,I103) -> 35721.667 | L103: =SMALL((D103,G103,I103),1) -> 34500 | M103: =+L103-D103 -> -1965 | N103: =(L103-D103)/L103 -> -0.056956522 | O103: =+L103 -> 34500 | P103: =+O103*E103 -> 5175000
A104: 8.8 | B104: =+VLOOKUP(A104,'[1]Consolidado Unitarios DIYT'!$B$11:$E$438,2,FALSE) -> SUMINISTRO E INSTALACION DE SALIDA DE ALUMBRADO. INCLUYE CAJA GALVANIZADA 2400, SUPLEMENTO, TRES METROS DE ACOMETIDA 3X12 AWG LS, TRES METROS DE TUBERÍA EMT ¾´´, CONEXIÓN DE TOMA ELÉCTRICA SEGÚN NORMATIVIDAD TÉCNICA VIGENTE Y SEGÚN NORMATIVIDAD RETIE Y NTC 2050 | C104: =+VLOOKUP(A104,'[1]Consolidado Unitarios DIYT'!$B$11:$E$438,3,FALSE) -> UN | D104: =+VLOOKUP(A104,'[1]Consolidado Unitarios DIYT'!$B$11:$E$438,4,FALSE) -> 152742 | E104: 50 | F104: =ROUND(D104*E104,0) -> 7637100 | G104: 152350 | H104: =+G104*E104 -> 7617500 | I104: 150250 | J104: =+I104*E104 -> 7512500 | K104: =AVERAGE(D104,G104,I104) -> 151780.67 | L104: =SMALL((D104,G104,I104),1) -> 150250 | M104: =+L104-D104 -> -2492 | N104: =(L104-D104)/L104 -> -0.016585691 | O104: =+L104 -> 150250 | P104: =+O104*E104 -> 7512500
A105: 8.11 | B105: =+VLOOKUP(A105,'[1]Consolidado Unitarios DIYT'!$B$11:$E$438,2,FALSE) -> SUMINISTRO E INSTALACION DE SALIDA TOMA DOBLE POLO A TIERRA 15 A 12OV NEMA 5 -15R LEVITON. INCLUYE CAJA GALVANIZADA 2400, SUPLEMENTO, TRES METROS DE ACOMETIDA 3X12 AWG LS, TRES METROS DE TUBERÍA EMT ¾´´, CONEXIÓN DE TOMA ELÉCTRICA SEGÚN NORMATIVIDAD TÉCNICA VIGENTE Y SEGÚN NORMATIVIDAD RETIE Y NTC 2050 | C105: =+VLOOKUP(A105,'[1]Consolidado Unitarios DIYT'!$B$11:$E$438,3,FALSE) -> UN | D105: =+VLOOKUP(A105,'[1]Consolidado Unitarios DIYT'!$B$11:$E$438,4,FALSE) -> 211862 | E105: 8 | F105: =ROUND(D105*E105,0) -> 1694896 | G105: 208450 | H105: =+G105*E105 -> 1667600 | I105: 205000 | J105: =+I105*E105 -> 1640000 | K105: =AVERAGE(D105,G105,I105) -> 208437.33 | L105: =SMALL((D105,G105,I105),1) -> 205000 | M105: =+L105-D105 -> -6862 | N105: =(L105-D105)/L105 -> -0.033473171 | O105: =+L105 -> 205000 | P105: =+O105*E105 -> 1640000
A106: 8.10 | B106: =+VLOOKUP(A106,'[1]Consolidado Unitarios DIYT'!$B$11:$E$438,2,FALSE) -> SUMINISTRO E INSTALACION DE SALIDA TOMA DOBLE POLO A TIERRA 15 A 12OV REGULADA COLOR NARANJA NEMA 5 -15R LEVITON. INCLUYE CAJA GALVANIZADA 2400, SUPLEMENTO, TRES METROS DE ACOMETIDA 3X12 AWG LS, TRES METROS DE TUBERÍA EMT ¾´´, CONEXIÓN DE TOMA ELÉCTRICA SEGÚN NORMATIVIDAD TÉCNICA VIGENTE Y SEGÚN NORMATIVIDAD RETIE Y NTC 2050 | C106: =+VLOOKUP(A106,'[1]Consolidado Unitarios DIYT'!$B$11:$E$438,3,FALSE) -> UN | D106: =+VLOOKUP(A106,'[1]Consolidado Unitarios DIYT'!$B$11:$E$438,4,FALSE) -> 198553 | E106: 10 | F106: =ROUND(D106*E106,0) -> 1985530 | G106: 198500 | H106: =+G106*E106 -> 1985000 | I106: 195900 | J106: =+I106*E106 -> 1959000 | K106: =AVERAGE(D106,G106,I106) -> 197651 | L106: =SMALL((D106,G106,I106),1) -> 195900 | M106: =+L106-D106 -> -2653 | N106: =(L106-D106)/L106 -> -0.013542624 | O106: =+L106 -> 195900 | P106: =+O106*E106 -> 1959000
A107: 8.15 | B107: =+VLOOKUP(A107,'[1]Consolidado Unitarios DIYT'!$B$11:$E$438,2,FALSE) -> SUMINISTRO E INSTALACION DE SALIDA DE INTERRUPTOR SENCILLO (INCLUYE APARATO) | C107: =+VLOOKUP(A107,'[1]Consolidado Unitarios DIYT'!$B$11:$E$438,3,FALSE) -> UN | D107: =+VLOOKUP(A107,'[1]Consolidado Unitarios DIYT'!$B$11:$E$438,4,FALSE) -> 157471 | E107: 4 | F107: =ROUND(D107*E107,0) -> 629884 | G107: 157350 | H107: =+G107*E107 -> 629400 | I107: 156000 | J107: =+I107*E107 -> 624000 | K107: =AVERAGE(D107,G107,I107) -> 156940.33 | L107: =SMALL((D107,G107,I107),1) -> 156000 | M107: =+L107-D107 -> -1471 | N107: =(L107-D107)/L107 -> -0.0094294872 | O107: =+L107 -> 156000 | P107: =+O107*E107 -> 624000
A108: 8.16 | B108: =+VLOOKUP(A108,'[1]Consolidado Unitarios DIYT'!$B$11:$E$438,2,FALSE) -> SUMINISTRO E INSTALACION DE SALIDA DE INTERRUPTOR DOBLE (INCLUYE APARATO) | C108: =+VLOOKUP(A108,'[1]Consolidado Unitarios DIYT'!$B$11:$E$438,3,FALSE) -> UN | D108: =+VLOOKUP(A108,'[1]Consolidado Unitarios DIYT'!$B$11:$E$438,4,FALSE) -> 178958 | E108: 4 | F108: =ROUND(D108*E108,0) -> 715832 | G108: 178600 | H108: =+G108*E108 -> 714400 | I108: 177500 | J108: =+I108*E108 -> 710000 | K108: =AVERAGE(D108,G108,I108) -> 178352.67 | L108: =SMALL((D108,G108,I108),1) -> 177500 | M108: =+L108-D108 -> -1458 | N108: =(L108-D108)/L108 -> -0.0082140845 | O108: =+L108 -> 177500 | P108: =+O108*E108 -> 710000
A109: 8.59 | B109: =+VLOOKUP(A109,'[1]Consolidado Unitarios DIYT'!$B$11:$E$438,2,FALSE) -> SUMINISTRO E INSTALACIÓN DE ENLACE EN FIBRA OPTICA MULTIMODO, 12 HILOS OM5 | C109: =+VLOOKUP(A109,'[1]Consolidado Unitarios DIYT'!$B$11:$E$438,3,FALSE) -> UN | D109: =+VLOOKUP(A109,'[1]Consolidado Unitarios DIYT'!$B$11:$E$438,4,FALSE) -> 31458 | E109: 8 | F109: =ROUND(D109*E109,0) -> 251664 | G109: 31000 | H109: =+G109*E109 -> 248000 | I109: 28900 | J109: =+I109*E109 -> 231200 | K109: =AVERAGE(D109,G109,I109) -> 30452.667 | L109: =SMALL((D109,G109,I109),1) -> 28900 | M109: =+L109-D109 -> -2558 | N109: =(L109-D109)/L109 -> -0.088512111 | O109: =+L109 -> 28900 | P109: =+O109*E109 -> 231200
A110: 8.62 | B110: =+VLOOKUP(A110,'[1]Consolidado Unitarios DIYT'!$B$11:$E$438,2,FALSE) -> CERTIFICACIÓN DE PUNTOS VOZ Y DATOS | C110: =+VLOOKUP(A110,'[1]Consolidado Unitarios DIYT'!$B$11:$E$438,3,FALSE) -> UN | D110: =+VLOOKUP(A110,'[1]Consolidado Unitarios DIYT'!$B$11:$E$438,4,FALSE) -> 53664 | E110: 8 | F110: =ROUND(D110*E110,0) -> 429312 | G110: 53250 | H110: =+G110*E110 -> 426000 | I110: 52500 | J110: =+I110*E110 -> 420000 | K110: =AVERAGE(D110,G110,I110) -> 53138 | L110: =SMALL((D110,G110,I110),1) -> 52500 | M110: =+L110-D110 -> -1164 | N110: =(L110-D110)/L110 -> -0.022171429 | O110: =+L110 -> 52500 | P110: =+O110*E110 -> 420000
A111: 8.69 | B111: =+VLOOKUP(A111,'[1]Consolidado Unitarios DIYT'!$B$11:$E$438,2,FALSE) -> DESMONTE APARATOS (TOMACORRIENTES, LUMINARIAS, FACEPLATE, DETECTORES DE INCENDIO, ESTACION MANUAL, LUZ ESTROBOSCOPICA, CAMARA DE SEGURIDAD, ETC) | C111: =+VLOOKUP(A111,'[1]Consolidado Unitarios DIYT'!$B$11:$E$438,3,FALSE) -> M2 | D111: =+VLOOKUP(A111,'[1]Consolidado Unitarios DIYT'!$B$11:$E$438,4,FALSE) -> 13069 | E111: 4 | F111: =ROUND(D111*E111,0) -> 52276 | G111: 12800 | H111: =+G111*E111 -> 51200 | I111: 11500 | J111: =+I111*E111 -> 46000 | K111: =AVERAGE(D111,G111,I111) -> 12456.333 | L111: =SMALL((D111,G111,I111),1) -> 11500 | M111: =+L111-D111 -> -1569 | N111: =(L111-D111)/L111 -> -0.13643478 | O111: =+L111 -> 11500 | P111: =+O111*E111 -> 46000
A112: 8.70 | B112: DESMONTE CANALIZACIONES | C112: Ml | D112: 7772.3333 | E112: 16 | F112: =ROUND(D112*E112,0) -> 124357 | G112: 7300 | H112: =+G112*E112 -> 116800 | I112: 7300 | J112: =+I112*E112 -> 116800 | K112: =AVERAGE(D112,G112,I112) -> 7457.4444 | L112: =SMALL((D112,G112,I112),1) -> 7300 | M112: =+L112-D112 -> -472.33333 | N112: =(L112-D112)/L112 -> -0.064703196 | O112: =+L112 -> 7300 | P112: =+O112*E112 -> 116800
A113: 8.72 | B113: Suministro, transporte e instalación de luminaria tipo panel LED 60x60cm 45W, incluye encauchetado, clavija, soporte y demás elmentos. | C113: UN | D113: 146383.33 | E113: 4 | F113: =ROUND(D113*E113,0) -> 585533 | G113: 146000 | H113: =+G113*E113 -> 584000 | I113: 144000 | J113: =+I113*E113 -> 576000 | K113: =AVERAGE(D113,G113,I113) -> 145461.11 | L113: =SMALL((D113,G113,I113),1) -> 144000 | M113: =+L113-D113 -> -2383.3333 | N113: =(L113-D113)/L113 -> -0.016550926 | O113: =+L113 -> 144000 | P113: =+O113*E113 -> 576000
A114: VALOR TOTAL ELECTRICIDAD, COMUNICACIONES Y ESPECIALES | D114: =SUM(D102:D113) -> 1244470.7 | E114: =SUM(E102:E113) -> 466 | F114: =SUM(F102:F113) -> 30790734 | G114: =SUM(G102:G113) -> 1237700 | H114: =SUM(H102:H113) -> 30649900 | I114: =SUM(I102:I113) -> 1215850 | J114: =SUM(J102:J113) -> 29510500 | K114: =SUM(K102:K113) -> 1232673.6 | ... M114: =SUM(M102:M113) -> -28620.667 | N114: =AVERAGE(N102:N113) -> -0.044552597 | O114: =SUM(O102:O113) -> 1215850 | P114: =SUM(P102:P113) -> 29510500
A116: 9 | B116: HIDRAULICAS
...

Sheet ASUNCION BOCHICA
C1: RESULTADO ESTUDIO DE MERCADO EM-413-2025 | N1: Versión: | O1: 3
N2: Fecha de aprobación: | O2: 45369
N3: Código: | O3: 18-01-FO-0004
A4: FECHA | C4: ENERO DE 2026
A5: PROCESO | C5: EJECUTAR LAS OBRAS DE ADECUACIÓN DE INFRAESTRUCTURA PREVISTAS PARA LAS SEDES PORVENIR, ASUNCIÓN BOCHICA Y CARVAJAL EN EL CONVENIO INTERADMINISTRATIVO 8541049, CONFORME A LOS ESTUDIOS TÉCNICOS, PLANOS Y PRESUPUESTO APROBADOS, PARA SU HABILITACIÓN COMO UNIDADES ALTAMENTE RESOLUTIVAS.
A6: PLAZO DEL CONTRATO | C6: SEIS (06) MESES
A7: INFORME DEL ESTUDIO | C7: El día 05 de diciembre de 2025, se solicitaron cotizaciones por medio de la plataforma de Colombia Compra Eficiente (SECOP II), con fecha de recepción final de cotizaciones hasta el día 29 de diciembre del 2025. Al publicar el proceso, la Subred evidencia que Seis Mil Trescientos Ochenta y Cuatro (6384) proveedores pertenecen al sector objeto del estudio, de ellos, dos (02) expresan su interés y dos (02) presentan su cotización al proceso en curso
A9: 1 | B9: PRELIMINARES
A10: No (ITEM, ETAPAS O PROCESOS) | B10: ACTIVIDAD | C10: UNIDAD DE MEDIDA | D10: VALOR UNITARIO ACTUALIZADO | E10: CANTIDAD | F10: VALORTOTAL | G10: DP INGENIERIA SAS | I10: CONSTRUCTORA SANTOSP S.A.S | K10: PROMEDIO | L10: VALOR MINIMO | M10: VARIACIÓN EN PESOS | N10: VARIACIÓN PORCENTUAL | O10: VALOR TECHO UNITARIO | P10: VALOR TOTAL
G11: PRECIO UNITARIO | H11: VALOR TOTAL | I11: PRECIO UNITARIO | J11: VALOR TOTAL
A12: 1.1 | B12: LOCALIZACIÓN Y REPLANTEO OBRAS GENERALES | C12: =+VLOOKUP(A12,'[1]Consolidado Unitarios DIYT'!$B$11:$E$438,3,FALSE) -> M2 | D12: =+VLOOKUP(A12,'[1]Consolidado Unitarios DIYT'!$B$11:$E$438,4,FALSE) -> 7636 | E12: 152.1585 | F12: =ROUND(D12*E12,0) -> 1161882 | G12: 7550 | H12: =+G12*E12 -> 1148796.7 | I12: 9650 | J12: =+I12*E12 -> 1468329.5 | K12: =AVERAGE(D12,G12,I12) -> 8278.6667 | L12: =SMALL((D12,G12,I12),1) -> 7550 | M12: =+L12-D12 -> -86 | N12: =(L12-D12)/L12 -> -0.011390728 | O12: =+L12 -> 7550 | P12: =+O12*E12 -> 1148796.7
A13: 1.6 | B13: DEMOLICIÓN DE ENCHAPES EN MAL ESTADO INCLUYE CARGUE Y RETIRO DE SOBRANTES | C13: =+VLOOKUP(A13,'[1]Consolidado Unitarios DIYT'!$B$11:$E$438,3,FALSE) -> M2 | D13: =+VLOOKUP(A13,'[1]Consolidado Unitarios DIYT'!$B$11:$E$438,4,FALSE) -> 26423 | E13: 34.047702 | F13: =ROUND(D13*E13,0) -> 899642 | G13: 25900 | H13: =+G13*E13 -> 881835.48 | I13: 16590 | J13: =+I13*E13 -> 564851.38 | K13: =AVERAGE(D13,G13,I13) -> 22971 | L13: =SMALL((D13,G13,I13),1) -> 16590 | M13: =+L13-D13 -> -9833 | N13: =(L13-D13)/L13 -> -0.59270645 | O13: =+L13 -> 16590 | P13: =+O13*E13 -> 564851.38
A14: 1.8 | B14: DESMONTE DE MUROS INTERNOS, ATICOS EN LADRILLO HUECO O MACIZO DE ARCILLA COCIDA, BLOQUE DE CONCRETO SIMPLE, SISTEMA LIVIANO, EN CUAQUIER DIMENSIÓN Y ENRASE. INCLUYE: RETIRO DE SOBRECIMIENTOS, ESTRUCTURAS EN CONCRETO QUE ESTAN VINCULADOS A LOS MUROS COMO VIGUETAS AEREAS, DOVELAS. | C14: =+VLOOKUP(A14,'[1]Consolidado Unitarios DIYT'!$B$11:$E$438,3,FALSE) -> M2 | D14: =+VLOOKUP(A14,'[1]Consolidado Unitarios DIYT'!$B$11:$E$438,4,FALSE) -> 22495 | E14: 23.98734 | F14: =ROUND(D14*E14,0) -> 539595 | G14: 22100 | H14: =+G14*E14 -> 530120.21 | I14: 21000 | J14: =+I14*E14 -> 503734.14 | K14: =AVERAGE(D14,G14,I14) -> 21865 | L14: =SMALL((D14,G14,I14),1) -> 21000 | M14: =+L14-D14 -> -1495 | N14: =(L14-D14)/L14 -> -0.071190476 | O14: =+L14 -> 21000 | P14: =+O14*E14 -> 503734.14
A15: 1.9 | B15: DESMONTE Y RETIRO DE PISOS EN BALDOSA DE MORTERO Y GRANO, TABLETA VITRIFICADA CON ARENON CHINO Y ADOQUIN EN CUALQUIER DIMENSIÓN. INCLUYE: RETIRO MORTERO DE NIVELACIÓN, PEGA, ENTRESUELO | C15: =+VLOOKUP(A15,'[1]Consolidado Unitarios DIYT'!$B$11:$E$438,3,FALSE) -> M2 | D15: =+VLOOKUP(A15,'[1]Consolidado Unitarios DIYT'!$B$11:$E$438,4,FALSE) -> 14989 | E15: 54.06102 | F15: =ROUND(D15*E15,0) -> 810321 | G15: 14750 | H15: =+G15*E15 -> 797400.05 | I15: 16500 | J15: =+I15*E15 -> 892006.83 | K15: =AVERAGE(D15,G15,I15) -> 15413 | L15: =SMALL((D15,G15,I15),1) -> 14750 | M15: =+L15-D15 -> -239 | N15: =(L15-D15)/L15 -> -0.01620339 | O15: =+L15 -> 14750 | P15: =+O15*E15 -> 797400.05
A16: 1.23 | B16: SUMINISTRO, INSTALACIÓN, MONTAJE Y DESMONTAJE DE CERRAMIENTO PROVISIONAL EN DRYWALL PARA OBRAS. ESTRUCTURA TEMPORAL, FÁCIL DE INSTALAR Y DESINSTALAR, CONSTRUIDA CON PLACAS DE YESO Y PERFILES DE ACERO GALVANIZADO PARA DELIMITAR ESPACIOS DE TRABAJO SEGUROS Y CONTROLADOS, PROTEGER A LOS PACIENTES Y AL PERSONAL DE POLVO Y ESCOMBROS, Y AISLAR ÁREAS DURANTE LA CONSTRUCCIÓN O REMODELACIÓN DE LAS UNIDADES DE SERVICIOS DE SALUD | C16: =+VLOOKUP(A16,'[1]Consolidado Unitarios DIYT'!$B$11:$E$438,3,FALSE) -> M2 | D16: =+VLOOKUP(A16,'[1]Consolidado Unitarios DIYT'!$B$11:$E$438,4,FALSE) -> 133141 | E16: 57 | F16: =ROUND(D16*E16,0) -> 7589037 | G16: 132900 | H16: =+G16*E16 -> 7575300 | I16: 142500 | J16: =+I16*E16 -> 8122500 | K16: =AVERAGE(D16,G16,I16) -> 136180.33 | L16: =SMALL((D16,G16,I16),1) -> 132900 | M16: =+L16-D16 -> -241 | N16: =(L16-D16)/L16 -> -0.0018133935 | O16: =+L16 -> 132900 | P16: =+O16*E16 -> 7575300
A17: VALOR PRELIMINARES | D17: =SUM(D12:D16) -> 204684 | E17: =SUM(E12:E16) -> 321.25456 | F17: =SUM(F12:F16) -> 11000477 | G17: =SUM(G12:G16) -> 203200 | H17: =SUM(H12:H16) -> 10933452 | I17: =SUM(I12:I16) -> 206240 | J17: =SUM(J12:J16) -> 11551422 | K17: =SUM(K12:K16) -> 204708 | ... M17: =SUM(M12:M16) -> -11894 | N17: =AVERAGE(N12:N16) -> -0.13866089 | O17: =SUM(O12:O16) -> 192790 | P17: =SUM(P12:P16) -> 10590082
A19: 2 | B19: EXCAVACIONES
A20: No (ITEM, ETAPAS O PROCESOS) | B20: ACTIVIDAD | C20: UNIDAD DE MEDIDA | D20: VALOR UNITARIO ACTUALIZADO | E20: CANTIDAD | F20: VALOR REAL | G20: DP INGENIERIA SAS | I20: CONSTRUCTORA SANTOSP S.A.S | K20: PROMEDIO | L20: VALOR MINIMO | M20: VARIACIÓN EN PESOS | N20: VARIACIÓN PORCENTUAL | O20: VALOR TECHO UNITARIO | P20: VALOR TOTAL
G21: PRECIO UNITARIO | H21: VALOR TOTAL | I21: PRECIO UNITARIO | J21: VALOR TOTAL
A22: 2.1 | B22: EXCAVACION MANUAL EN MATERIAL COMUN INCLUYE CARGUE Y RETIRO DE SOBRANTES (trasiego de 15 m.) | C22: M3 | D22: 150745.67 | E22: 30 | F22: =ROUND(D22*E22,0) -> 4522370 | G22: 150500 | H22: =+G22*E22 -> 4515000 | I22: 175400 | J22: =+I22*E22 -> 5262000 | K22: =AVERAGE(D22,G22,I22) -> 158881.89 | L22: =SMALL((D22,G22,I22),1) -> 150500 | M22: =+L22-D22 -> -245.66667 | N22: =(L22-D22)/L22 -> -0.0016323367 | O22: =+L22 -> 150500 | P22: =+O22*E22 -> 4515000
A23: 2.2 | B23: Regata en muro y piso, incluye retiro de material sobrante | C23: ml | D23: 18000 | E23: 29 | F23: =ROUND(D23*E23,0) -> 522000 | G23: 17850 | H23: =+G23*E23 -> 517650 | I23: 20000 | J23: =+I23*E23 -> 580000 | K23: =AVERAGE(D23,G23,I23) -> 18616.667 | L23: =SMALL((D23,G23,I23),1) -> 17850 | M23: =+L23-D23 -> -150 | N23: =(L23-D23)/L23 -> -0.0084033613 | O23: =+L23 -> 17850 | P23: =+O23*E23 -> 517650
A24: VALOR EXCAVACIONES | D24: =SUM(D22:D23) -> 168745.67 | E24: =SUM(E22:E23) -> 59 | F24: =SUM(F22:F23) -> 5044370 | G24: =SUM(G22:G23) -> 168350 | H24: =SUM(H22:H23) -> 5032650 | I24: =SUM(I22:I23) -> 195400 | J24: =SUM(J22:J23) -> 5842000 | K24: =SUM(K22:K23) -> 177498.56 | ... M24: =SUM(M22:M23) -> -395.66667 | N24: =AVERAGE(N22:N23) -> -0.005017849 | O24: =SUM(O22:O23) -> 168350 | P24: =SUM(P22:P23) -> 5032650
A26: 4 | B26: OBRAS EN CUBIERTA
A27: No (ITEM, ETAPAS O PROCESOS) | B27: ACTIVIDAD | C27: UNIDAD DE MEDIDA | D27: VALOR UNITARIO ACTUALIZADO | E27: CANTIDAD | F27: VALORTOTAL | G27: DP INGENIERIA SAS | I27: CONSTRUCTORA SANTOSP S.A.S | K27: PROMEDIO | L27: VALOR MINIMO | M27: VARIACIÓN EN PESOS | N27: VARIACIÓN PORCENTUAL | O27: VALOR TECHO UNITARIO | P27: VALOR TOTAL
G28: PRECIO UNITARIO | H28: VALOR TOTAL | I28: PRECIO UNITARIO | J28: VALOR TOTAL
A29: 4.1 | B29: ESTRUCTURA METÁLICA CUBIERTAS INCLUYE: CORREAS, CONTRAVIENTOS, TENSORES, COLUMNAS, VIGAS DE AMARRE, ANCLAJES, TORNILLERÍA, SOLDADURAS, PLATINERÍA, ANTICORROSIVO Y PINTURA. CONTEMPLA TAMBIÉN: FABRICACIÓN, TRANSPORTE, SUMINISTRO Y MONTAJE. (Fabricación, suministro, transporte, montaje y pintura de elementos en metal para conformar la estructura metálica de cubierta con anclajes, columnas, vigas, correas, conexiones, templetes, en: Aceros ASTM A-36 para láminas, A-572 grado 50 y A-36 para ángulos en 1-1/2”, A-500 grado C para tuberías, ASTM A 1011 grado 50 f’y=3400 Kgf/cm2 de 2 mm de espesor para perlines, ASTM A 1008 grado 40 f’y=2750 Kgf/cm2 de 1.5 mm de espesor para perlines, soldaduras E70XX y E60XX, tornillería GR-5 ZINCADA (A-325) con limpieza manual SSPC-SP2, anticorrosivo alquídico 1.5 MILS terminado esmalte 1.5 MILS) Los trabajos deben contemplar el uso de andamios certificado y todos los elementos requeridos para esta actividad. | C29: =+VLOOKUP(A29,'[1]Consolidado Unitarios DIYT'!$B$11:$E$438,3,FALSE) -> KG | D29: =+VLOOKUP(A29,'[1]Consolidado Unitarios DIYT'!$B$11:$E$438,4,FALSE) -> 163862 | E29: 70 | F29: =ROUND(D29*E29,0) -> 11470340 | G29: 163450 | H29: =+G29*E29 -> 11441500 | I29: 161540 | J29: =+I29*E29 -> 11307800 | K29: =AVERAGE(D29,G29,I29) -> 162950.67 | L29: =SMALL((D29,G29,I29),1) -> 161540 | M29: =+L29-D29 -> -2322 | N29: =(L29-D29)/L29 -> -0.014374149 | O29: =+L29 -> 161540 | P29: =+O29*E29 -> 11307800
A30: 4.4 | B30: SUMINISTRO Y REPOSICIÓN CUBIERTA EN CUBIERTA ARQUITECTONICA PARA ZONAS EN MAL ESTADO. Teja modular similar a la referencia Superthermo 0.35 de Ajover. La cual debe tener un e = 1.9 mm; resistencia térmica ( R ) de 0.0133 mhºc/Kcal y conductividad térmica ( K ) de 0.211 Kcal/mhºc, en acero galvanizado, con foil de aluminio, forma trapezoidal, para las cubiertas del proyecto, de acuerdo a lo señalado en los Planos del Proyecto Arquitectónico y de Detalles.Los trabajos deben contemplar el uso de andamios certificado y todos los elementos requeridos para esta actividad. El costo incluye todos los costos de fijación y remates necesarios para el correcto funcionamiento | C30: =+VLOOKUP(A30,'[1]Consolidado Unitarios DIYT'!$B$11:$E$438,3,FALSE) -> M2 | D30: =+VLOOKUP(A30,'[1]Consolidado Unitarios DIYT'!$B$11:$E$438,4,FALSE) -> 76086 | E30: 70 | F30: =ROUND(D30*E30,0) -> 5326020 | G30: 75900 | H30: =+G30*E30 -> 5313000 | I30: 81000 | J30: =+I30*E30 -> 5670000 | K30: =AVERAGE(D30,G30,I30) -> 77662 | L30: =SMALL((D30,G30,I30),1) -> 75900 | M30: =+L30-D30 -> -186 | N30: =(L30-D30)/L30 -> -0.0024505929 | O30: =+L30 -> 75900 | P30: =+O30*E30 -> 5313000
A31: 4.8 | B31: SUMINISTRO Y REPOSICIÓN DE BAJANTES DE AGUAS LLUVIAS EN PVC D=3-4" TIPO DEL MATERIAL: PVC rígido, material termoplástico compuesto de Poli (cloruro de vinilo), aditivos y exento de plastificantes. Resistencia a la Corrosión, Resistencia a la electrólisis, Resistencia a la Tensión y al Impacto. | C31: =+VLOOKUP(A31,'[1]Consolidado Unitarios DIYT'!$B$11:$E$438,3,FALSE) -> ML | D31: =+VLOOKUP(A31,'[1]Consolidado Unitarios DIYT'!$B$11:$E$438,4,FALSE) -> 44652 | E31: 12 | F31: =ROUND(D31*E31,0) -> 535824 | G31: 44200 | H31: =+G31*E31 -> 530400 | I31: 40000 | J31: =+I31*E31 -> 480000 | K31: =AVERAGE(D31,G31,I31) -> 42950.667 | L31: =SMALL((D31,G31,I31),1) -> 40000 | M31: =+L31-D31 -> -4652 | N31: =(L31-D31)/L31 -> -0.1163 | O31: =+L31 -> 40000 | P31: =+O31*E31 -> 480000
A32: 4.10 | B32: SUMINISTRO Y REPOSICIÓN DE CANALES PLASTICAS TIPO DEL MATERIAL: PVC rígido, material termoplástico compuesto de Poli (cloruro de vinilo), aditivos y exento de plastificantes. Resistencia a la Corrosión, Resistencia a la electrólisis, Resistencia a la Tensión y al Impacto. | C32: =+VLOOKUP(A32,'[1]Consolidado Unitarios DIYT'!$B$11:$E$438,3,FALSE) -> ML | D32: =+VLOOKUP(A32,'[1]Consolidado Unitarios DIYT'!$B$11:$E$438,4,FALSE) -> 74947 | E32: 25 | F32: =ROUND(D32*E32,0) -> 1873675 | G32: 74850 | H32: =+G32*E32 -> 1871250 | I32: 82500 | J32: =+I32*E32 -> 2062500 | K32: =AVERAGE(D32,G32,I32) -> 77432.333 | L32: =SMALL((D32,G32,I32),1) -> 74850 | M32: =+L32-D32 -> -97 | N32: =(L32-D32)/L32 -> -0.0012959252 | O32: 74800 | P32: =+O32*E32 -> 1870000
A33: 4.11 | B33: FLANCHE EN LÁMINA GALVANIZADA CALIBRE 26 DESARROLLO 25CM INCLUYE ANDAMIO CERTIFICADO | C33: =+VLOOKUP(A33,'[1]Consolidado Unitarios DIYT'!$B$11:$E$438,3,FALSE) -> ML | D33: =+VLOOKUP(A33,'[1]Consolidado Unitarios DIYT'!$B$11:$E$438,4,FALSE) -> 75748 | E33: 25 | F33: =ROUND(D33*E33,0) -> 1893700 | G33: 75600 | H33: =+G33*E33 -> 1890000 | I33: 68950 | J33: =+I33*E33 -> 1723750 | K33: =AVERAGE(D33,G33,I33) -> 73432.667 | L33: =SMALL((D33,G33,I33),1) -> 68950 | M33: =+L33-D33 -> -6798 | N33: =(L33-D33)/L33 -> -0.098593183 | O33: =+L33 -> 68950 | P33: =+O33*E33 -> 1723750
A34: 4.13 | B34: FLANCHE LAMINA GALVANIZADA CL. 20 - DESARROLLO 80 CM | C34: ML | D34: 83844.333 | E34: 25 | F34: =ROUND(D34*E34,0) -> 2096108 | G34: 83750 | H34: =+G34*E34 -> 2093750 | I34: 85000 | J34: =+I34*E34 -> 2125000 | K34: =AVERAGE(D34,G34,I34) -> 84198.111 | L34: =SMALL((D34,G34,I34),1) -> 83750 | M34: =+L34-D34 -> -94.333333 | N34: =(L34-D34)/L34 -> -0.0011263682 | O34: =+L34 -> 83750 | P34: =+O34*E34 -> 2093750
A35: VALOR OBRAS EN CUBIERTA | D35: =SUM(D29:D34) -> 519139.33 | E35: =SUM(E29:E34) -> 227 | F35: =SUM(F29:F34) -> 23195667 | G35: =SUM(G29:G34) -> 517750 | H35: =SUM(H29:H34) -> 23139900 | I35: =SUM(I29:I34) -> 518990 | J35: =SUM(J29:J34) -> 23369050 | K35: =SUM(K29:K34) -> 518626.44 | ... M35: =SUM(M29:M34) -> -14149.333 | N35: =AVERAGE(N29:N34) -> -0.03902337 | O35: =SUM(O29:O34) -> 504940 | P35: =SUM(P29:P34) -> 22788300
A37: 5 | B37: MAMPOSTERIA Y PINTURA
A38: No (ITEM, ETAPAS O PROCESOS) | B38: ACTIVIDAD | C38: UNIDAD DE MEDIDA | D38: VALOR UNITARIO ACTUALIZADO | E38: CANTIDAD | F38: VALORTOTAL | G38: DP INGENIERIA SAS | I38: CONSTRUCTORA SANTOSP S.A.S | K38: PROMEDIO | L38: VALOR MINIMO | M38: VARIACIÓN EN PESOS | N38: VARIACIÓN PORCENTUAL | O38: VALOR TECHO UNITARIO | P38: VALOR TOTAL
G39: PRECIO UNITARIO | H39: VALOR TOTAL | I39: PRECIO UNITARIO | J39: VALOR TOTAL
A40: 5.1 | B40: FILOS Y DILATACIONES EN PAÑETES DE MUROS EN LADRILLO A LA VISTA | C40: =+VLOOKUP(A40,'[1]Consolidado Unitarios DIYT'!$B$11:$E$438,3,FALSE) -> ML | D40: =+VLOOKUP(A40,'[1]Consolidado Unitarios DIYT'!$B$11:$E$438,4,FALSE) -> 30729 | E40: 18.37836 | F40: =ROUND(D40*E40,0) -> 564749 | G40: 30650 | H40: =+G40*E40 -> 563296.73 | I40: 28900 | J40: =+I40*E40 -> 531134.6 | K40: =AVERAGE(D40,G40,I40) -> 30093 | L40: =SMALL((D40,G40,I40),1) -> 28900 | M40: =+L40-D40 -> -1829 | N40: =(L40-D40)/L40 -> -0.063287197 | O40: =+L40 -> 28900 | P40: =+O40*E40 -> 531134.6
A41: 5.2 | B41: SUMINISTRO E INSTALACION MUROS PANEL LIVIANO DIVISORIOS EN SISTEMA DE MURO SECO CONFORMADO POR LÁMINAS DE FIBROCEMENTO RH TIPO SUPERBOARD O SIMILAR DE CALIDAD SUPERIOR E=10 MM. ESTRUCTURA METÁLICA EN PERFIL GALVANIZADO GR50 CON RECUBRIMIENTO DE ZINC G60 E=2MM (c/40,5cm). RIELES EN PERFIL TIPO "U". LAS UNIONES O JUNTAS ENTRE LOS PANELES DEBEN IR CORRECTAMENTE SELLADAS CON CINTA MALLA Y TRATADAS CON MASILLA TIPO ETERCOAT DE ETERNIT, SIMILAR O DE CALIDAD SUPERIOR. | C41: =+VLOOKUP(A41,'[1]Consolidado Unitarios DIYT'!$B$11:$E$438,3,FALSE) -> M2 | D41: =+VLOOKUP(A41,'[1]Consolidado Unitarios DIYT'!$B$11:$E$438,4,FALSE) -> 234741 | E41: 190 | F41: =ROUND(D41*E41,0) -> 44600790 | G41: 234250 | H41: =+G41*E41 -> 44507500 | I41: 240000 | J41: =+I41*E41 -> 45600000 | K41: =AVERAGE(D41,G41,I41) -> 236330.33 | L41: =SMALL((D41,G41,I41),1) -> 234250 | M41: =+L41-D41 -> -491 | N41: =(L41-D41)/L41 -> -0.0020960512 | O41: =+L41 -> 234250 | P41: =+O41*E41 -> 44507500
A42: 5.9 | B42: REPOSICIÓN DE ESTUCO PLASTICO ACRILICO PARA INTERIOR Y EXTERIOR + TRES MANOS PINTURA ACRÍLICA BIOCIDA A BASE DE AGUA PARA AMBIENTES INTERIORES DE ALTA HIGIENE CON PROPIEDADES ANTIBACTERIALES Y ANTIHONGOS, RESISTENCIA AL LAVADO Y FACILIDAD DE LIMPIEZA. TIPO PINTURA ACRÍLICA DE ALTA ASEPSIA DE PINTUCO O SIMILAR DE CALIDAD SUPERIOR. CARACTERÍSTICAS: RESISTENTE A LA HUMEDAD Y AL VAPOR DE AGUA, DE BAJO OLOR, LIBRE DE VOC, LIBRE DE PLOMO Y CLORO, Y ALTA RESISTENCIA A LA FRICCIÓN. COLOR: BLANCO PURO RAL 9010. EN MUROS CON HUMEDADES Y EN MAL ESTADO. | C42: M2 | D42: 101984.75 | E42: 49 | F42: =ROUND(D42*E42,0) -> 4997253 | G42: 101800 | H42: =+G42*E42 -> 4988200 | I42: 99500 | J42: =+I42*E42 -> 4875500 | K42: =AVERAGE(D42,G42,I42) -> 101094.92 | L42: =SMALL((D42,G42,I42),1) -> 99500 | M42: =+L42-D42 -> -2484.75 | N42: =(L42-D42)/L42 -> -0.024972362 | O42: =+L42 -> 99500 | P42: =+O42*E42 -> 4875500
A43: 5.10 | B43: ESTUCO PLASTICO ACRILICO (SOBRE ENCHAPES CERAMICOS) PARA INTERIOR + TRES MANOS PINTURA ACRÍLICA BIOCIDA A BASE DE AGUA PARA AMBIENTES INTERIORES DE ALTA HIGIENE CON PROPIEDADES ANTIBACTERIALES Y ANTIHONGOS, RESISTENCIA AL LAVADO Y FACILIDAD DE LIMPIEZA. TIPO PINTURA ACRÍLICA DE ALTA ASEPSIA DE PINTUCO O SIMILAR DE CALIDAD SUPERIOR. CARACTERÍSTICAS: RESISTENTE A LA HUMEDAD Y AL VAPOR DE AGUA, DE BAJO OLOR, LIBRE DE VOC, LIBRE DE PLOMO Y CLORO, Y ALTA RESISTENCIA A LA FRICCIÓN. COLOR: BLANCO PURO RAL 9010. EN MUROS CON HUMEDADES Y EN MAL ESTADO. | C43: =+VLOOKUP(A43,'[1]Consolidado Unitarios DIYT'!$B$11:$E$438,3,FALSE) -> M2 | D43: =+VLOOKUP(A43,'[1]Consolidado Unitarios DIYT'!$B$11:$E$438,4,FALSE) -> 123114 | E43: 149.175 | F43: =ROUND(D43*E43,0) -> 18365531 | G43: 122900 | H43: =+G43*E43 -> 18333608 | I43: 120600 | J43: =+I43*E43 -> 17990505 | K43: =AVERAGE(D43,G43,I43) -> 122204.67 | L43: =SMALL((D43,G43,I43),1) -> 120600 | M43: =+L43-D43 -> -2514 | N43: =(L43-D43)/L43 -> -0.020845771 | O43: =+L43 -> 120600 | P43: =+O43*E43 -> 17990505
A44: 5.11 | B44: REPOSICIÓN EN ESMALTE SINTÉTICO A BASE DE ACEITE RESISTENTE AL AGUA, CON BUENA DURABILIDAD, ALTO BRILLO Y ADHERENCIA. SIN PLOMO NI CLORO PARA CARPINTERIA METALICA EN MAL ESTADO | C44: M2 | D44: 21400.667 | E44: 3 | F44: =ROUND(D44*E44,0) -> 64202 | G44: 21050 | H44: =+G44*E44 -> 63150 | I44: 20900 | J44: =+I44*E44 -> 62700 | K44: =AVERAGE(D44,G44,I44) -> 21116.889 | L44: =SMALL((D44,G44,I44),1) -> 20900 | M44: =+L44-D44 -> -500.66667 | N44: =(L44-D44)/L44 -> -0.023955343 | O44: =+L44 -> 20900 | P44: =+O44*E44 -> 62700
A45: VALOR MAMPOSTERIA Y PINTURA | D45: =SUM(D40:D44) -> 511969.42 | E45: =SUM(E40:E44) -> 409.55336 | F45: =SUM(F40:F44) -> 68592525 | G45: =SUM(G40:G44) -> 510650 | H45: =SUM(H40:H44) -> 68455754 | I45: =SUM(I40:I44) -> 509900 | J45: =SUM(J40:J44) -> 69059840 | K45: =SUM(K40:K44) -> 510839.81 | ... M45: =SUM(M40:M44) -> -7819.4167 | N45: =AVERAGE(N40:N44) -> -0.027031345 | O45: =SUM(O40:O44) -> 504150 | P45: =SUM(P40:P44) -> 67967340
A47: 6 | B47: PISOS Y CIELO RASO
A48: No (ITEM, ETAPAS O PROCESOS) | B48: ACTIVIDAD | C48: UNIDAD DE MEDIDA | D48: VALOR UNITARIO ACTUALIZADO | E48: CANTIDAD | F48: VALORTOTAL | G48: DP INGENIERIA SAS | I48: CONSTRUCTORA SANTOSP S.A.S | K48: PROMEDIO | L48: VALOR MINIMO | M48: VARIACIÓN EN PESOS | N48: VARIACIÓN PORCENTUAL | O48: VALOR TECHO UNITARIO | P48: VALOR TOTAL
G49: PRECIO UNITARIO | H49: VALOR TOTAL | I49: PRECIO UNITARIO | J49: VALOR TOTAL
A50: 6.1 | B50: REPARACIÓN ALISTADO PISO 1:3 E=0.04 M PARA ZONAS EN MAL ESTADO (Nivelación y preparación de superficies irregulares y bruscas de losas estructurales o placas de contrapiso, para recibir acabados de pisos tales como parquetón de madera, listón, tabletas cerámicas, baldosas de cemento, de gres, de granito, alfombras y vinisol, a los niveles señalados en los planos constructivos y de detalle.) (picar la zona afectada, aplicar un adherente y una capa de mortero de cemento de 4 cm de espesor para instalar un acabado de piso que se pagará en otro ítem) | C50: M2 | D50: 226110.75 | E50: 10 | F50: =ROUND(D50*E50,0) -> 2261108 | G50: 225900 | H50: =+G50*E50 -> 2259000 | I50: 224600 | J50: =+I50*E50 -> 2246000 | K50: =AVERAGE(D50,G50,I50) -> 225536.92 | L50: =SMALL((D50,G50,I50),1) -> 224600 | M50: =+L50-D50 -> -1510.75 | N50: =(L50-D50)/L50 -> -0.0067264025 | O50: =+L50 -> 224600 | P50: =+O50*E50 -> 2246000
A51: 6.2 | B51: ALISTADO DE PISO ENDURECIDO | C51: M2 | D51: 125944 | E51: 10 | F51: =ROUND(D51*E51,0) -> 1259440 | G51: 125850 | H51: =+G51*E51 -> 1258500 | I51: 125000 | J51: =+I51*E51 -> 1250000 | K51: =AVERAGE(D51,G51,I51) -> 125598 | L51: =SMALL((D51,G51,I51),1) -> 125000 | M51: =+L51-D51 -> -944 | N51: =(L51-D51)/L51 -> -0.007552 | O51: =+L51 -> 125000 | P51: =+O51*E51 -> 1250000
A52: 6.3 | B52: ALISTADO DE PISO IMPERMEABILIZADO E=0,04 M (Nivelación y preparación de superficies irregulares y bruscas de losas estructurales o placas de contrapiso, para recibir acabados de pisos tales como parquetón de madera, listón, tabletas cerámicas, baldosas de cemento, de gres, de granito, alfombras y vinisol, a los niveles señalados en los planos constructivos y de detalle.) | C52: M2 | D52: 134730.5 | E52: 10 | F52: =ROUND(D52*E52,0) -> 1347305 | G52: 134500 | H52: =+G52*E52 -> 1345000 | I52: 133000 | J52: =+I52*E52 -> 1330000 | K52: =AVERAGE(D52,G52,I52) -> 134076.83 | L52: =SMALL((D52,G52,I52),1) -> 133000 | M52: =+L52-D52 -> -1730.5 | N52: =(L52-D52)/L52 -> -0.013011278 | O52: =+L52 -> 133000 | P52: =+O52*E52 -> 1330000
A53: 6.8 | B53: SUMINISTRO E IINSTALACION CIELORRASO POR LÁMINAS DE YESO RH O SIMILAR DE CALIDAD SUPERIOR E=10 MM. EL SISTEMA DE FIJACIÓN SE REALIZARÁ CON PERFILES TIPO C DE LÁMINA EN ACERO GALVANIZADO G60 (c/40,5cm), DE ACUERDO A LAS RECOMENDACIONES DEL FABRICANTE. TORNILLOS PARA LÁMINAS DE FIBROCEMENTO AVELLANADOS NO. 6X1". PARA LA FIJACIÓN DE PERFILES EN CONCRETO SE UTILIZARÁ PISTOLA DE IMPACTO, ANCLAJES DE CAMISA O TORNILLOS CON CHAZO DE PLÁSTICO. EL CIELORRASO DEBE SER TOTALMENTE SELLADO EN SU PERÍMETRO. LAS BASES PARA LA COLOCACIÓN DEL CIELO-RASO DEBEN SER FIRMES Y ESTAR BIEN NIVELADAS. LAS PERFORACIONES PARA LA FIJACIÓN EN LOS PANELES DEBEN SER AVELLANADAS Y REALIZADAS CON BROCA DE TUNGSTENO DE 1-1/32" O 3/8". JUNTAS TECH JOIN + CINTA EN FIBRA DE VIDRIO + MASILLA + PINTURA ACRÍLICA COLOR BLANCO RAL 9010 REF.: PURE WHITE O EQUIVALENTE. ACABADO LISO, A LA VISTA Y SIN DILATACIONES. PERFIL PLÁSTICO DE MEDIA CAÑA INSTALADO EN BORDES PERIMETRALES (TECHO-PARED) Y ACCESORIOS ESQUINEROS, INSTALADOS ANTES DE MASILLAR. | C53: M2 | D53: 127643.67 | E53: 335 | F53: =ROUND(D53*E53,0) -> 42760628 | G53: 127200 | H53: =+G53*E53 -> 42612000 | I53: 120000 | J53: =+I53*E53 -> 40200000 | K53: =AVERAGE(D53,G53,I53) -> 124947.89 | L53: =SMALL((D53,G53,I53),1) -> 120000 | M53: =+L53-D53 -> -7643.6667 | N53: =(L53-D53)/L53 -> -0.063697222 | O53: =+L53 -> 120000 | P53: =+O53*E53 -> 40200000
A54: 6.11 | B54: SUMINISTRO E INSTALACIÓN DE MEDIACAÑA EN PVC DE 6 CM. ENTRE CIELO RASO Y PAREDES | C54: =+VLOOKUP(A54,'[1]Consolidado Unitarios DIYT'!$B$11:$E$438,3,FALSE) -> ML | D54: =+VLOOKUP(A54,'[1]Consolidado Unitarios DIYT'!$B$11:$E$438,4,FALSE) -> 47186 | E54: 28.951884 | F54: =ROUND(D54*E54,0) -> 1366124 | G54: 46900 | H54: =+G54*E54 -> 1357843.4 | I54: 45800 | J54: =+I54*E54 -> 1325996.3 | K54: =AVERAGE(D54,G54,I54) -> 46628.667 | L54: =SMALL((D54,G54,I54),1) -> 45800 | M54: =+L54-D54 -> -1386 | N54: =(L54-D54)/L54 -> -0.030262009 | O54: =+L54 -> 45800 | P54: =+O54*E54 -> 1325996.3
A55: 6.14 | B55: PULIDA Y BRILLADA DE PISO EN GRANITO DE MARMOL EXISTENTE | C55: =+VLOOKUP(A55,'[1]Consolidado Unitarios DIYT'!$B$11:$E$438,3,FALSE) -> M2 | D55: =+VLOOKUP(A55,'[1]Consolidado Unitarios DIYT'!$B$11:$E$438,4,FALSE) -> 107252 | E55: 907.70716 | F55: =ROUND(D55*E55,0) -> 97353409 | G55: 107000 | H55: =+G55*E55 -> 97124666 | I55: 106000 | J55: =+I55*E55 -> 96216959 | K55: =AVERAGE(D55,G55,I55) -> 106750.67 | L55: =SMALL((D55,G55,I55),1) -> 106000 | M55: =+L55-D55 -> -1252 | N55: =(L55-D55)/L55 -> -0.011811321 | O55: =+L55 -> 106000 | P55: =+O55*E55 -> 96216959
A56: 6.16 | B56: SUMINISTRO E INSTALACIÓN DE PISO BALDOSA DE GRANITO VIBROPRENSADA COLOR BLANCO HUILA TIPO ALFA O SIMILAR 30X30CM (INCLUYE EMBOQUILLADO, DESTRONQUE, PULIDA Y BRILLADA), SIMILAR O DE CALIDAD SUPERIOR. MORTERO DE PEGA 1:4 CON ESPESOR MÍNIMO DE 3 CM. JUNTAS ENTRE LAS PIEZAS ENTRE 2 Y 7 MM. SELLADO JUNTAS DE HASTA 2 MM, CON LECHADA DE CEMENTO CON COLORANTE MINERAL DE IGUAL COLOR AL BALDOSÍN, ANTES DEL FRAGUADO DEL MORTERO DE PEGA. LIMPIEZA DEL TABLÓN ANTES QUE EL EMBOQUILLADO SE ENDUREZCA. DESTRONCADO, PULIDO Y BRILLADO CON ESMERILES Y A MÁQUINA. LIMPIEZA CON TRAPO IMPREGNADO CON ACPM. | C56: =+VLOOKUP(A56,'[1]Consolidado Unitarios DIYT'!$B$11:$E$438,3,FALSE) -> M2 | D56: =+VLOOKUP(A56,'[1]Consolidado Unitarios DIYT'!$B$11:$E$438,4,FALSE) -> 262632 | E56: 100 | F56: =ROUND(D56*E56,0) -> 26263200 | G56: 262450 | H56: =+G56*E56 -> 26245000 | I56: 261900 | J56: =+I56*E56 -> 26190000 | K56: =AVERAGE(D56,G56,I56) -> 262327.33 | L56: =SMALL((D56,G56,I56),1) -> 261900 | M56: =+L56-D56 -> -732 | N56: =(L56-D56)/L56 -> -0.0027949599 | O56: =+L56 -> 261900 | P56: =+O56*E56 -> 26190000
A57: 6.18 | B57: SUMINISTRO E INSTALACIÓN DE PISO VINÍLICO HOMOGÉNEO ANTIDESLIZANTE EN ROLLO CON TRATAMIENTO EN POLIURETANO DE ALTA RESISTENCIA AL DESGASTE DE LAS CONDICIONES AMBIENTALES. DEBE CONTAR CON PROPIEDADES ELECTROSTÁTICAS, SER ANTIBACTERIAL E IGNÍFUGO. ESPESOR MÍNIMO 2 MM. INCLUYE SOPORTE CURVO PARA LA GENERACIÓN DE LA MEDIA CAÑA PEGADO CON ADHESIVO DE DOBLE CONTACTO Y REMATE DE ZÓCALO A UNA ALTURA DE 10 CM. COLOR SEGÚN DETALLES DE PISOS. INCLUYE CORDÓN TERMOFUNDIDO EN SITIO, MEDIACAÑA, PIRLANES, REMATES, RINCONES, ESQUINAS, ETC. (INCLUYE RETIROS DE PARCHES DE VINISOL, RESANES Y ALISTADO DEL SUSTRATO) | C57: M2 | D57: 236825 | E57: 60 | F57: =ROUND(D57*E57,0) -> 14209500 | G57: 236700 | H57: =+G57*E57 -> 14202000 | I57: 235000 | J57: =+I57*E57 -> 14100000 | K57: =AVERAGE(D57,G57,I57) -> 236175 | L57: =SMALL((D57,G57,I57),1) -> 235000 | M57: =+L57-D57 -> -1825 | N57: =(L57-D57)/L57 -> -0.0077659574 | O57: =+L57 -> 235000 | P57: =+O57*E57 -> 14100000
A58: 6.19 | B58: BANDAS ANTIDESLIZANTES PASOS ESCALERAS Y RAMPAS. (Suministro e instalación de bandas antideslizantes autoadhesivas en los bordes de los escalones y en las rampas a manera de pirlan) | C58: ML | D58: 25343.333 | E58: 12 | F58: =ROUND(D58*E58,0) -> 304120 | G58: 25150 | H58: =+G58*E58 -> 301800 | I58: 24800 | J58: =+I58*E58 -> 297600 | K58: =AVERAGE(D58,G58,I58) -> 25097.778 | L58: =SMALL((D58,G58,I58),1) -> 24800 | M58: =+L58-D58 -> -543.33333 | N58: =(L58-D58)/L58 -> -0.021908602 | O58: =+L58 -> 24800 | P58: =+O58*E58 -> 297600
A59: 6.20.1 | B59: Desmonte y retiro delaminas en yeso o fibrocemento, incluye desmonte de estructura en caso de requerimiento | C59: m2 | D59: 30000 | E59: 100 | F59: =ROUND(D59*E59,0) -> 3000000 | G59: 29500 | H59: =+G59*E59 -> 2950000 | I59: 27900 | J59: =+I59*E59 -> 2790000 | K59: =AVERAGE(D59,G59,I59) -> 29133.333 | L59: =SMALL((D59,G59,I59),1) -> 27900 | M59: =+L59-D59 -> -2100 | N59: =(L59-D59)/L59 -> -0.075268817 | O59: =+L59 -> 27900 | P59: =+O59*E59 -> 2790000
A60: VALOR PISOS Y CIELO RASO | D60: =SUM(D50:D59) -> 1323667.2 | E60: =SUM(E50:E59) -> 1573.659 | F60: =SUM(F50:F59) -> 190124834 | G60: =SUM(G50:G59) -> 1321150 | H60: =SUM(H50:H59) -> 1.8965581e+08 | I60: =SUM(I50:I59) -> 1304000 | J60: =SUM(J50:J59) -> 1.8594656e+08 | K60: =SUM(K50:K59) -> 1316272.4 | ... M60: =SUM(M50:M59) -> -19667.25 | N60: =AVERAGE(N50:N59) -> -0.024079857 | O60: =SUM(O50:O59) -> 1304000 | P60: =SUM(P50:P59) -> 1.8594656e+08
A62: 7 | B62: ENCHAPES Y ACCESORIOS BAÑOS
A63: No (ITEM, ETAPAS O PROCESOS) | B63: ACTIVIDAD | C63: UNIDAD DE MEDIDA | D63: VALOR UNITARIO ACTUALIZADO | E63: CANTIDAD | F63: VALORTOTAL | G63: DP INGENIERIA SAS | I63: CONSTRUCTORA SANTOSP S.A.S | K63: PROMEDIO | L63: VALOR MINIMO | M63: VARIACIÓN EN PESOS | N63: VARIACIÓN PORCENTUAL | O63: VALOR TECHO UNITARIO | P63: VALOR TOTAL
G64: PRECIO UNITARIO | H64: VALOR TOTAL | I64: PRECIO UNITARIO | J64: VALOR TOTAL
A65: 7.4 | B65: SUMINISTRO E INSTALACIÓN DE LAVAMANOS EN PORCELANA SANITARIA ESMALTADA COLOR BLANCO, PARA MOVILIDAD REDUCIDA. MODELO DE COLGAR FREE INSTITUCIONAL DE CORONA O SIMILAR DE CALIDAD SUPERIOR. INCLUYE SIFÓN Y DESAGÜE A PARED. SUPERIOR. SISTEMA DE FIJACIÓN A MURO POR MEDIO DE DOS BRAZOS METÁLICOS DE SOPORTE Ø=8.7 CM EN ACERO INOXIDABLE TUBULAR REDONDO L=41.7 CM. INCLUIDA GRIFERÍA DE LAVAMANOS | C65: =+VLOOKUP(A65,'[1]Consolidado Unitarios DIYT'!$B$11:$E$438,3,FALSE) -> UN | D65: =+VLOOKUP(A65,'[1]Consolidado Unitarios DIYT'!$B$11:$E$438,4,FALSE) -> 1541435 | E65: 16 | F65: =ROUND(D65*E65,0) -> 24662960 | G65: 1541000 | H65: =+G65*E65 -> 24656000 | I65: 1530000 | J65: =+I65*E65 -> 24480000 | K65: =AVERAGE(D65,G65,I65) -> 1537478.3 | L65: =SMALL((D65,G65,I65),1) -> 1530000 | M65: =+L65-D65 -> -11435 | N65: =(L65-D65)/L65 -> -0.0074738562 | O65: =+L65 -> 1530000 | P65: =+O65*E65 -> 24480000
A66: 7.7 | B66: SUMINISTRO E INSTALACIÓN DE POCETA SENCILLA EN ACERO INOXIDABLE AISI 304 PARA EMPOTRAR MEDIDAS 55 X 43 CM PROFUNDIDAD 17.5 CM. CANASTILLA PARA LAVAPLATOS 4 PULGADAS CON SIFÓN EN P TIPO GRIVAL REF. 935080001, SIMILAR O DE CALIDAD SUPERIOR. | C66: =+VLOOKUP(A66,'[1]Consolidado Unitarios DIYT'!$B$11:$E$438,3,FALSE) -> UN | D66: =+VLOOKUP(A66,'[1]Consolidado Unitarios DIYT'!$B$11:$E$438,4,FALSE) -> 647900 | E66: 1 | F66: =ROUND(D66*E66,0) -> 647900 | G66: 647500 | H66: =+G66*E66 -> 647500 | I66: 645000 | J66: =+I66*E66 -> 645000 | K66: =AVERAGE(D66,G66,I66) -> 646800 | L66: =SMALL((D66,G66,I66),1) -> 645000 | M66: =+L66-D66 -> -2900 | N66: =(L66-D66)/L66 -> -0.004496124 | O66: =+L66 -> 645000 | P66: =+O66*E66 -> 645000
A67: 7.11 | B67: SUMINISTRO E INSTALACIÓN DE GRIFERÍA PARA LAVAMANOS INSTITUCIONAL DE EMPOTRAR PUSH PICO SEGURIDAD DE CORONA O SIMILAR DE CALIDAD SUPERIOR. (HABITACIONES) | C67: =+VLOOKUP(A67,'[1]Consolidado Unitarios DIYT'!$B$11:$E$438,3,FALSE) -> UN | D67: =+VLOOKUP(A67,'[1]Consolidado Unitarios DIYT'!$B$11:$E$438,4,FALSE) -> 719392 | E67: 14 | F67: =ROUND(D67*E67,0) -> 10071488 | G67: 719200 | H67: =+G67*E67 -> 10068800 | I67: 717500 | J67: =+I67*E67 -> 10045000 | K67: =AVERAGE(D67,G67,I67) -> 718697.33 | L67: =SMALL((D67,G67,I67),1) -> 717500 | M67: =+L67-D67 -> -1892 | N67: =(L67-D67)/L67 -> -0.0026369338 | O67: =+L67 -> 717500 | P67: =+O67*E67 -> 10045000
A68: 7.17 | B68: SUMINISTRO E INSTALACIÓN DE BARRA DE SEGURIDAD PARA UNIDADES SANITARIAS DE MOVILIDAD REDUCIDA, DE FIJACIÓN A LA PARED CONFORMADA POR TUBULAR RECTO REDONDO EN ACERO INOXIDABLE SATINADO CALIBRE 18 AISI 304 DE DIÁMETRO 1 1/4” (32MM) CALIBRE 18 L=36'', DOS BRIDAS DE SOPORTE CON PERFORACIONES PARA INSTALACIÓN EN MURO EN LÁMINA DE ACERO INOXIDABLE AISI SAE 304 CALIBRE 14 (ESPESOR 1.9MM), INCLUYE ESCUDOS Y HERRAJES. | C68: =+VLOOKUP(A68,'[1]Consolidado Unitarios DIYT'!$B$11:$E$438,3,FALSE) -> UN | D68: =+VLOOKUP(A68,'[1]Consolidado Unitarios DIYT'!$B$11:$E$438,4,FALSE) -> 225477 | E68: 3 | F68: =ROUND(D68*E68,0) -> 676431 | G68: 225100 | H68: =+G68*E68 -> 675300 | I68: 223600 | J68: =+I68*E68 -> 670800 | K68: =AVERAGE(D68,G68,I68) -> 224725.67 | L68: =SMALL((D68,G68,I68),1) -> 223600 | M68: =+L68-D68 -> -1877 | N68: =(L68-D68)/L68 -> -0.0083944544 | O68: =+L68 -> 223600 | P68: =+O68*E68 -> 670800
A69: 7.27 | B69: SUMINISTRO E INSTALACIÓN ESPEJO ANTIVANDÁLICO INCLINADO Dimensiones: 917 alto x 610 ancho x 123 prof. (mm) | C69: =+VLOOKUP(A69,'[1]Consolidado Unitarios DIYT'!$B$11:$E$438,3,FALSE) -> UN | D69: =+VLOOKUP(A69,'[1]Consolidado Unitarios DIYT'!$B$11:$E$438,4,FALSE) -> 565657 | E69: 3 | F69: =ROUND(D69*E69,0) -> 1696971 | G69: 565300 | H69: =+G69*E69 -> 1695900 | I69: 560000 | J69: =+I69*E69 -> 1680000 | K69: =AVERAGE(D69,G69,I69) -> 563652.33 | L69: =SMALL((D69,G69,I69),1) -> 560000 | M69: =+L69-D69 -> -5657 | N69: =(L69-D69)/L69 -> -0.010101786 | O69: =+L69 -> 560000 | P69: =+O69*E69 -> 1680000
A70: 7.28 | B70: Suministro, transporte e instalación de grifeira tipo fluxometro de flujo ajustable para sanitarios y/o orinales. | C70: =+VLOOKUP(A70,'[1]Consolidado Unitarios DIYT'!$B$11:$E$438,3,FALSE) -> UN | D70: =+VLOOKUP(A70,'[1]Consolidado Unitarios DIYT'!$B$11:$E$438,4,FALSE) -> 583189 | E70: 3 | F70: =ROUND(D70*E70,0) -> 1749567 | G70: 582900 | H70: =+G70*E70 -> 1748700 | I70: 570900 | J70: =+I70*E70 -> 1712700 | K70: =AVERAGE(D70,G70,I70) -> 578996.33 | L70: =SMALL((D70,G70,I70),1) -> 570900 | M70: =+L70-D70 -> -12289 | N70: =(L70-D70)/L70 -> -0.021525661 | O70: =+L70 -> 570900 | P70: =+O70*E70 -> 1712700
A71: VALOR ENCHAPES Y ACCESORIOS BAÑOS | D71: =SUM(D65:D70) -> 4283050 | E71: =SUM(E65:E70) -> 40 | F71: =SUM(F65:F70) -> 39505317 | G71: =SUM(G65:G70) -> 4281000 | H71: =SUM(H65:H70) -> 39492200 | I71: =SUM(I65:I70) -> 4247000 | J71: =SUM(J65:J70) -> 39233500 | K71: =SUM(K65:K70) -> 4270350 | ... M71: =SUM(M65:M70) -> -36050 | N71: =AVERAGE(N65:N70) -> -0.0091048026 | O71: =SUM(O65:O70) -> 4247000 | P71: =SUM(P65:P70) -> 39233500
A73: 8 | B73: ELECTRICIDAD, COMUNICACIONES Y ESPECIALES
A74: No (ITEM, ETAPAS O PROCESOS) | B74: ACTIVIDAD | C74: UNIDAD DE MEDIDA | D74: VALOR UNITARIO ACTUALIZADO | E74: CANTIDAD | F74: VALORTOTAL | G74: DP INGENIERIA SAS | I74: CONSTRUCTORA SANTOSP S.A.S | K74: PROMEDIO | L74: VALOR MINIMO | M74: VARIACIÓN EN PESOS | N74: VARIACIÓN PORCENTUAL | O74: VALOR TECHO UNITARIO | P74: VALOR TOTAL
G75: PRECIO UNITARIO | H75: VALOR TOTAL | I75: PRECIO UNITARIO | J75: VALOR TOTAL
A76: 8.2 | B76: SUMINISTRO E INSTALACION DE RAMAL ALIMENTADOR EN TIPO LS CU 12F + 12N + 12T AWG POR BANDEJA O TUBERIA EMT | C76: =+VLOOKUP(A76,'[1]Consolidado Unitarios DIYT'!$B$11:$E$438,3,FALSE) -> ML | D76: =+VLOOKUP(A76,'[1]Consolidado Unitarios DIYT'!$B$11:$E$438,4,FALSE) -> 45261 | E76: 581.1858 | F76: =ROUND(D76*E76,0) -> 26305050 | G76: 45000 | H76: =+G76*E76 -> 26153361 | I76: 42500 | J76: =+I76*E76 -> 24700397 | K76: =AVERAGE(D76,G76,I76) -> 44253.667 | L76: =SMALL((D76,G76,I76),1) -> 42500 | M76: =+L76-D76 -> -2761 | N76: =(L76-D76)/L76 -> -0.064964706 | O76: =+L76 -> 42500 | P76: =+O76*E76 -> 24700397
A77: 8.4 | B77: SUMINISTRO E INTALACION DE TUBERIA EMT DE 1", INCLUYE ELEMENTOS DE SUJECION, ACCESORIOS EMT Y CAJAS DE PASO. | C77: =+VLOOKUP(A77,'[1]Consolidado Unitarios DIYT'!$B$11:$E$438,3,FALSE) -> ML | D77: =+VLOOKUP(A77,'[1]Consolidado Unitarios DIYT'!$B$11:$E$438,4,FALSE) -> 39192 | E77: 81.38988 | F77: =ROUND(D77*E77,0) -> 3189832 | G77: 38900 | H77: =+G77*E77 -> 3166066.3 | I77: 37500 | J77: =+I77*E77 -> 3052120.5 | K77: =AVERAGE(D77,G77,I77) -> 38530.667 | L77: =SMALL((D77,G77,I77),1) -> 37500 | M77: =+L77-D77 -> -1692 | N77: =(L77-D77)/L77 -> -0.04512 | O77: =+L77 -> 37500 | P77: =+O77*E77 -> 3052120.5
A78: 8.5 | B78: SUMINISTRO E INTALACION DE TUBERIA EMT DE 3/4", INCLUYE ELEMENTOS DE SUJECION, ACCESORIOS EMT Y CAJAS DE PASO. | C78: =+VLOOKUP(A78,'[1]Consolidado Unitarios DIYT'!$B$11:$E$438,3,FALSE) -> ML | D78: =+VLOOKUP(A78,'[1]Consolidado Unitarios DIYT'!$B$11:$E$438,4,FALSE) -> 36465 | E78: 38.1888 | F78: =ROUND(D78*E78,0) -> 1392555 | G78: 36200 | H78: =+G78*E78 -> 1382434.6 | I78: 34500 | J78: =+I78*E78 -> 1317513.6 | K78: =AVERAGE(D78,G78,I78) -> 35721.667 | L78: =SMALL((D78,G78,I78),1) -> 34500 | M78: =+L78-D78 -> -1965 | N78: =(L78-D78)/L78 -> -0.056956522 | O78: =+L78 -> 34500 | P78: =+O78*E78 -> 1317513.6
A79: 8.8 | B79: SUMINISTRO E INSTALACION DE SALIDA DE ALUMBRADO. INCLUYE CAJA GALVANIZADA 2400, SUPLEMENTO, TRES METROS DE ACOMETIDA 3X12 AWG LS, TRES METROS DE TUBERÍA EMT ¾´´, CONEXIÓN DE TOMA ELÉCTRICA SEGÚN NORMATIVIDAD TÉCNICA VIGENTE Y SEGÚN NORMATIVIDAD RETIE Y NTC 2050 | C79: =+VLOOKUP(A79,'[1]Consolidado Unitarios DIYT'!$B$11:$E$438,3,FALSE) -> UN | D79: =+VLOOKUP(A79,'[1]Consolidado Unitarios DIYT'!$B$11:$E$438,4,FALSE) -> 152742 | E79: 11 | F79: =ROUND(D79*E79,0) -> 1680162 | G79: 152350 | H79: =+G79*E79 -> 1675850 | I79: 150250 | J79: =+I79*E79 -> 1652750 | K79: =AVERAGE(D79,G79,I79) -> 151780.67 | L79: =SMALL((D79,G79,I79),1) -> 150250 | M79: =+L79-D79 -> -2492 | N79: =(L79-D79)/L79 -> -0.016585691 | O79: =+L79 -> 150250 | P79: =+O79*E79 -> 1652750
A80: 8.11 | B80: SUMINISTRO E INSTALACION DE SALIDA TOMA DOBLE POLO A TIERRA 15 A 12OV NEMA 5 -15R LEVITON. INCLUYE CAJA GALVANIZADA 2400, SUPLEMENTO, TRES METROS DE ACOMETIDA 3X12 AWG LS, TRES METROS DE TUBERÍA EMT ¾´´, CONEXIÓN DE TOMA ELÉCTRICA SEGÚN NORMATIVIDAD TÉCNICA VIGENTE Y SEGÚN NORMATIVIDAD RETIE Y NTC 2050 | C80: =+VLOOKUP(A80,'[1]Consolidado Unitarios DIYT'!$B$11:$E$438,3,FALSE) -> UN | D80: =+VLOOKUP(A80,'[1]Consolidado Unitarios DIYT'!$B$11:$E$438,4,FALSE) -> 211862 | E80: 11 | F80: =ROUND(D80*E80,0) -> 2330482 | G80: 208400 | H80: =+G80*E80 -> 2292400 | I80: 205000 | J80: =+I80*E80 -> 2255000 | K80: =AVERAGE(D80,G80,I80) -> 208420.67 | L80: =SMALL((D80,G80,I80),1) -> 205000 | M80: =+L80-D80 -> -6862 | N80: =(L80-D80)/L80 -> -0.033473171 | O80: =+L80 -> 205000 | P80: =+O80*E80 -> 2255000
A81: 8.10 | B81: SUMINISTRO E INSTALACION DE SALIDA TOMA DOBLE POLO A TIERRA 15 A 12OV REGULADA COLOR NARANJA NEMA 5 -15R LEVITON. INCLUYE CAJA GALVANIZADA 2400, SUPLEMENTO, TRES METROS DE ACOMETIDA 3X12 AWG LS, TRES METROS DE TUBERÍA EMT ¾´´, CONEXIÓN DE TOMA ELÉCTRICA SEGÚN NORMATIVIDAD TÉCNICA VIGENTE Y SEGÚN NORMATIVIDAD RETIE Y NTC 2050 | C81: =+VLOOKUP(A81,'[1]Consolidado Unitarios DIYT'!$B$11:$E$438,3,FALSE) -> UN | D81: =+VLOOKUP(A81,'[1]Consolidado Unitarios DIYT'!$B$11:$E$438,4,FALSE) -> 198553 | E81: 11 | F81: =ROUND(D81*E81,0) -> 2184083 | G81: 198500 | H81: =+G81*E81 -> 2183500 | I81: 195900 | J81: =+I81*E81 -> 2154900 | K81: =AVERAGE(D81,G81,I81) -> 197651 | L81: =SMALL((D81,G81,I81),1) -> 195900 | M81: =+L81-D81 -> -2653 | N81: =(L81-D81)/L81 -> -0.013542624 | O81: =+L81 -> 195900 | P81: =+O81*E81 -> 2154900
A82: 8.14 | B82: SUMINISTRO E INSTALACION DE SALIDA TOMA TRIFÁSICA 208 V 30A NEMA 5 20R LEVITON, INCLUYE CAJA GALVANIZADA INCLUYE CAJA GALVANIZADA 2400, SUPLEMENTO, TRES METROS DE ACOMETIDA 3X12 AWG LS, TRES METROS DE TUBERÍA EMT ¾´´, CONEXIÓN DE TOMA ELÉCTRICA SEGÚN NORMATIVIDAD TÉCNICA VIGENTE Y SEGÚN NORMATIVIDAD RETIE Y NTC 2050 | C82: =+VLOOKUP(A82,'[1]Consolidado Unitarios DIYT'!$B$11:$E$438,3,FALSE) -> UN | D82: =+VLOOKUP(A82,'[1]Consolidado Unitarios DIYT'!$B$11:$E$438,4,FALSE) -> 327873 | E82: 11 | F82: =ROUND(D82*E82,0) -> 3606603 | G82: 327450 | H82: =+G82*E82 -> 3601950 | I82: 325000 | J82: =+I82*E82 -> 3575000 | K82: =AVERAGE(D82,G82,I82) -> 326774.33 | L82: =SMALL((D82,G82,I82),1) -> 325000 | M82: =+L82-D82 -> -2873 | N82: =(L82-D82)/L82 -> -0.00884 | O82: =+L82 -> 325000 | P82: =+O82*E82 -> 3575000
A83: 8.15 | B83: SUMINISTRO E INSTALACION DE SALIDA DE INTERRUPTOR SENCILLO (INCLUYE APARATO) | C83: =+VLOOKUP(A83,'[1]Consolidado Unitarios DIYT'!$B$11:$E$438,3,FALSE) -> UN | D83: =+VLOOKUP(A83,'[1]Consolidado Unitarios DIYT'!$B$11:$E$438,4,FALSE) -> 157471 | E83: 10 | F83: =ROUND(D83*E83,0) -> 1574710 | G83: 157350 | H83: =+G83*E83 -> 1573500 | I83: 156000 | J83: =+I83*E83 -> 1560000 | K83: =AVERAGE(D83,G83,I83) -> 156940.33 | L83: =SMALL((D83,G83,I83),1) -> 156000 | M83: =+L83-D83 -> -1471 | N83: =(L83-D83)/L83 -> -0.0094294872 | O83: =+L83 -> 156000 | P83: =+O83*E83 -> 1560000
A84: 8.16 | B84: SUMINISTRO E INSTALACION DE SALIDA DE INTERRUPTOR DOBLE (INCLUYE APARATO) | C84: =+VLOOKUP(A84,'[1]Consolidado Unitarios DIYT'!$B$11:$E$438,3,FALSE) -> UN | D84: =+VLOOKUP(A84,'[1]Consolidado Unitarios DIYT'!$B$11:$E$438,4,FALSE) -> 178958 | E84: 10 | F84: =ROUND(D84*E84,0) -> 1789580 | G84: 178600 | H84: =+G84*E84 -> 1786000 | I84: 177500 | J84: =+I84*E84 -> 1775000 | K84: =AVERAGE(D84,G84,I84) -> 178352.67 | L84: =SMALL((D84,G84,I84),1) -> 177500 | M84: =+L84-D84 -> -1458 | N84: =(L84-D84)/L84 -> -0.0082140845 | O84: =+L84 -> 177500 | P84: =+O84*E84 -> 1775000
A85: 8.51 | B85: SUMINISTRO E INSTALACIÓN DE SALIDAS VOZ Y DATOS SENCILLAS O DOBLES -TUBERÍA EMT 1" CAJA ESPECIAL 4X4X4, SUPLEMENTO, TRES METROS DE TUBERÍA EMT ¾´´ | C85: =+VLOOKUP(A85,'[1]Consolidado Unitarios DIYT'!$B$11:$E$438,3,FALSE) -> UN | D85: =+VLOOKUP(A85,'[1]Consolidado Unitarios DIYT'!$B$11:$E$438,4,FALSE) -> 108650 | E85: 9 | F85: =ROUND(D85*E85,0) -> 977850 | G85: 108300 | H85: =+G85*E85 -> 974700 | I85: 106900 | J85: =+I85*E85 -> 962100 | K85: =AVERAGE(D85,G85,I85) -> 107950 | L85: =SMALL((D85,G85,I85),1) -> 106900 | M85: =+L85-D85 -> -1750 | N85: =(L85-D85)/L85 -> -0.01637044 | O85: 16500 | P85: =+O85*E85 -> 148500
A86: 8.62 | B86: CERTIFICACIÓN DE PUNTOS VOZ Y DATOS | C86: =+VLOOKUP(A86,'[1]Consolidado Unitarios DIYT'!$B$11:$E$438,3,FALSE) -> UN | D86: =+VLOOKUP(A86,'[1]Consolidado Unitarios DIYT'!$B$11:$E$438,4,FALSE) -> 53664 | E86: 9 | F86: =ROUND(D86*E86,0) -> 482976 | G86: 53250 | H86: =+G86*E86 -> 479250 | I86: 52500 | J86: =+I86*E86 -> 472500 | K86: =AVERAGE(D86,G86,I86) -> 53138 | L86: =SMALL((D86,G86,I86),1) -> 52500 | M86: =+L86-D86 -> -1164 | N86: =(L86-D86)/L86 -> -0.022171429 | O86: =+L86 -> 52500 | P86: =+O86*E86 -> 472500
A87: 8.63 | B87: CERTIFICACION RETIE | C87: =+VLOOKUP(A87,'[1]Consolidado Unitarios DIYT'!$B$11:$E$438,3,FALSE) -> UN | D87: =+VLOOKUP(A87,'[1]Consolidado Unitarios DIYT'!$B$11:$E$438,4,FALSE) -> 16565551 | E87: 2 | F87: =ROUND(D87*E87,0) -> 33131102 | G87: 16564900 | H87: =+G87*E87 -> 33129800 | I87: 16500000 | J87: =+I87*E87 -> 33000000 | K87: =AVERAGE(D87,G87,I87) -> 16543484 | L87: =SMALL((D87,G87,I87),1) -> 16500000 | M87: =+L87-D87 -> -65551 | N87: =(L87-D87)/L87 -> -0.0039727879 | O87: =+L87 -> 16500000 | P87: =+O87*E87 -> 33000000
A88: 8.69 | B88: DESMONTE APARATOS (TOMACORRIENTES, LUMINARIAS, FACEPLATE, DETECTORES DE INCENDIO, ESTACION MANUAL, LUZ ESTROBOSCOPICA, CAMARA DE SEGURIDAD, ETC) | C88: =+VLOOKUP(A88,'[1]Consolidado Unitarios DIYT'!$B$11:$E$438,3,FALSE) -> M2 | D88: =+VLOOKUP(A88,'[1]Consolidado Unitarios DIYT'!$B$11:$E$438,4,FALSE) -> 13069 | E88: 11.934 | F88: =ROUND(D88*E88,0) -> 155965 | G88: 12800 | H88: =+G88*E88 -> 152755.2 | I88: 11500 | J88: =+I88*E88 -> 137241 | K88: =AVERAGE(D88,G88,I88) -> 12456.333 | L88: =SMALL((D88,G88,I88),1) -> 11500 | M88: =+L88-D88 -> -1569 | N88: =(L88-D88)/L88 -> -0.13643478 | O88: =+L88 -> 11500 | P88: =+O88*E88 -> 137241
A89: 8.70 | B89: DESMONTE CANALIZACIONES | C89: Ml | D89: 7772.3333 | E89: 30 | F89: =ROUND(D89*E89,0) -> 233170 | G89: 7300 | H89: =+G89*E89 -> 219000 | I89: 7300 | J89: =+I89*E89 -> 219000 | K89: =AVERAGE(D89,G89,I89) -> 7457.4444 | L89: =SMALL((D89,G89,I89),1) -> 7300 | M89: =+L89-D89 -> -472.33333 | N89: =(L89-D89)/L89 -> -0.064703196 | O89: =+L89 -> 7300 | P89: =+O89*E89 -> 219000
A90: 8.72 | B90: Suministro, transporte e instalación de luminaria tipo panel LED 60x60cm 45W, incluye encauchetado, clavija, soporte y demás elmentos. | C90: UN | D90: 146383.33 | E90: 24 | F90: =ROUND(D90*E90,0) -> 3513200 | G90: 146000 | H90: =+G90*E90 -> 3504000 | I90: 144000 | J90: =+I90*E90 -> 3456000 | K90: =AVERAGE(D90,G90,I90) -> 145461.11 | L90: =SMALL((D90,G90,I90),1) -> 144000 | M90: =+L90-D90 -> -2383.3333 | N90: =(L90-D90)/L90 -> -0.016550926 | O90: =+L90 -> 144000 | P90: =+O90*E90 -> 3456000
A91: 8.76 | B91: Luminaria tipo bala LED resesada con drive independiente, proyeccion uniforme de la luz, flujo luminosos de 3300 LM potencia de 30W, IPE 20, tension de 120 referencia p26829 tipo silvania o similar. | C91: =+VLOOKUP(A91,'[1]Consolidado Unitarios DIYT'!$B$11:$E$438,3,FALSE) -> UN | D91: =+VLOOKUP(A91,'[1]Consolidado Unitarios DIYT'!$B$11:$E$438,4,FALSE) -> 201650 | E91: 12 | F91: =ROUND(D91*E91,0) -> 2419800 | G91: 201300 | H91: =+G91*E91 -> 2415600 | I91: 199800 | J91: =+I91*E91 -> 2397600 | K91: =AVERAGE(D91,G91,I91) -> 200916.67 | L91: =SMALL((D91,G91,I91),1) -> 199800 | M91: =+L91-D91 -> -1850 | N91: =(L91-D91)/L91 -> -0.0092592593 | O91: =+L91 -> 199800 | P91: =+O91*E91 -> 2397600
A92: VALOR ELECTRICIDAD, COMUNICACIONES Y ESPECIALES | D92: =SUM(D76:D91) -> 18445117 | E92: =SUM(E76:E91) -> 862.69848 | F92: =SUM(F76:F91) -> 84967120 | G92: =SUM(G76:G91) -> 18436600 | H92: =SUM(H76:H91) -> 84690167 | I92: =SUM(I76:I91) -> 18346150 | J92: =SUM(J76:J91) -> 82687122 | K92: =SUM(K76:K91) -> 18409289 | ... M92: =SUM(M76:M91) -> -98966.667 | N92: =AVERAGE(N76:N91) -> -0.032911819 | O92: =SUM(O76:O91) -> 18255750 | P92: =SUM(P76:P91) -> 81873522
A94: 9 | B94: HIDRAULICAS
A95: No (ITEM, ETAPAS O PROCESOS) | B95: ACTIVIDAD | C95: UNIDAD DE MEDIDA | D95: VALOR UNITARIO ACTUALIZADO | E95: CANTIDAD | F95: VALORTOTAL | G95: DP INGENIERIA SAS | I95: CONSTRUCTORA SANTOSP S.A.S | K95: PROMEDIO | L95: VALOR MINIMO | M95: VARIACIÓN EN PESOS | N95: VARIACIÓN PORCENTUAL | O95: VALOR TECHO UNITARIO | P95: VALOR TOTAL
G96: PRECIO UNITARIO | H96: VALOR TOTAL | I96: PRECIO UNITARIO | J96: VALOR TOTAL
A97: 9.14 | B97: VALVULA P.D. ROSCAR 125 PSI VAPOR 200 PSI AGUA 2.1/2" | C97: =+VLOOKUP(A97,'[1]Consolidado Unitarios DIYT'!$B$11:$E$438,3,FALSE) -> UN | D97: =+VLOOKUP(A97,'[1]Consolidado Unitarios DIYT'!$B$11:$E$438,4,FALSE) -> 405672 | E97: 14 | F97: =ROUND(D97*E97,0) -> 5679408 | G97: 405300 | H97: =+G97*E97 -> 5674200 | I97: 403000 | J97: =+I97*E97 -> 5642000 | K97: =AVERAGE(D97,G97,I97) -> 404657.33 | L97: =SMALL((D97,G97,I97),1) -> 403000 | M97: =+L97-D97 -> -2672 | N97: =(L97-D97)/L97 -> -0.006630273 | O97: =+L97 -> 403000 | P97: =+O97*E97 -> 5642000
A98: 9.24 | B98: PUNTO A.F. LAVAMANOS 1/2" | C98: =+VLOOKUP(A98,'[1]Consolidado Unitarios DIYT'!$B$11:$E$438,3,FALSE) -> UN | D98: =+VLOOKUP(A98,'[1]Consolidado Unitarios DIYT'!$B$11:$E$438,4,FALSE) -> 83557 | E98: 14 | F98: =ROUND(D98*E98,0) -> 1169798 | G98: 83400 | H98: =+G98*E98 -> 1167600 | I98: 81500 | J98: =+I98*E98 -> 1141000 | K98: =AVERAGE(D98,G98,I98) -> 82819 | L98: =SMALL((D98,G98,I98),1) -> 81500 | M98: =+L98-D98 -> -2057 | N98: =(L98-D98)/L98 -> -0.025239264 | O98: =+L98 -> 81500 | P98: =+O98*E98 -> 1141000
A99: 9.28 | B99: PUNTO A.F. POCETA DE ASEO 1/2" | C99: =+VLOOKUP(A99,'[1]Consolidado Unitarios DIYT'!$B$11:$E$438,3,FALSE) -> UN | D99: =+VLOOKUP(A99,'[1]Consolidado Unitarios DIYT'!$B$11:$E$438,4,FALSE) -> 83911 | E99: 2 | F99: =ROUND(D99*E99,0) -> 167822 | G99: 83800 | H99: =+G99*E99 -> 167600 | I99: 81500 | J99: =+I99*E99 -> 163000 | K99: =AVERAGE(D99,G99,I99) -> 83070.333 | L99: =SMALL((D99,G99,I99),1) -> 81500 | M99: =+L99-D99 -> -2411 | N99: =(L99-D99)/L99 -> -0.029582822 | O99: =+L99 -> 81500 | P99: =+O99*E99 -> 163000
A100: 9.31 | B100: TUBERIA PVC-P RDE-9 1/2" | C100: =+VLOOKUP(A100,'[1]Consolidado Unitarios DIYT'!$B$11:$E$438,3,FALSE) -> M | D100: =+VLOOKUP(A100,'[1]Consolidado Unitarios DIYT'!$B$11:$E$438,4,FALSE) -> 22861 | E100: 44 | F100: =ROUND(D100*E100,0) -> 1005884 | G100: 22600 | H100: =+G100*E100 -> 994400 | I100: 20900 | J100: =+I100*E100 -> 919600 | K100: =AVERAGE(D100,G100,I100) -> 22120.333 | L100: =SMALL((D100,G100,I100),1) -> 20900 | M100: =+L100-D100 -> -1961 | N100: =(L100-D100)/L100 -> -0.093827751 | O100: =+L100 -> 20900 | P100: =+O100*E100 -> 919600
A101: 9.32 | B101: ACCESORIO PVC-P 1/2" | C101: =+VLOOKUP(A101,'[1]Consolidado Unitarios DIYT'!$B$11:$E$438,3,FALSE) -> UN | D101: =+VLOOKUP(A101,'[1]Consolidado Unitarios DIYT'!$B$11:$E$438,4,FALSE) -> 3371 | E101: 107 | F101: =ROUND(D101*E101,0) -> 360697 | G101: 3250 | H101: =+G101*E101 -> 347750 | I101: 3000 | J101: =+I101*E101 -> 321000 | K101: =AVERAGE(D101,G101,I101) -> 3207 | L101: =SMALL((D101,G101,I101),1) -> 3000 | M101: =+L101-D101 -> -371 | N101: =(L101-D101)/L101 -> -0.12366667 | O101: =+L101 -> 3000 | P101: =+O101*E101 -> 321000
A102: 9.33 | B102: TUBERIA PVC-P RDE-11 3/4" | C102: M | D102: 30502.75 | E102: 20 | F102: =ROUND(D102*E102,0) -> 610055 | G102: 30250 | H102: =+G102*E102 -> 605000 | I102: 28900 | J102: =+I102*E102 -> 578000 | K102: =AVERAGE(D102,G102,I102) -> 29884.25 | L102: =SMALL((D102,G102,I102),1) -> 28900 | M102: =+L102-D102 -> -1602.75 | N102: =(L102-D102)/L102 -> -0.055458478 | O102: =+L102 -> 28900 | P102: =+O102*E102 -> 578000
A103: 9.34 | B103: ACCESORIO PVC-P 3/4" | C103: UN | D103: 8630 | E103: 14 | F103: =ROUND(D103*E103,0) -> 120820 | G103: 8400 | H103: =+G103*E103 -> 117600 | I103: 7600 | J103: =+I103*E103 -> 106400 | K103: =AVERAGE(D103,G103,I103) -> 8210 | L103: =SMALL((D103,G103,I103),1) -> 7600 | M103: =+L103-D103 -> -1030 | N103: =(L103-D103)/L103 -> -0.13552632 | O103: =+L103 -> 7600 | P103: =+O103*E103 -> 106400
A104: 9.58 | B104: LAVAMANOS 2" | C104: =+VLOOKUP(A104,'[1]Consolidado Unitarios DIYT'!$B$11:$E$438,3,FALSE) -> UN | D104: =+VLOOKUP(A104,'[1]Consolidado Unitarios DIYT'!$B$11:$E$438,4,FALSE) -> 355163 | E104: 14 | F104: =ROUND(D104*E104,0) -> 4972282 | G104: 355000 | H104: =+G104*E104 -> 4970000 | I104: 345000 | J104: =+I104*E104 -> 4830000 | K104: =AVERAGE(D104,G104,I104) -> 351721 | L104: =SMALL((D104,G104,I104),1) -> 345000 | M104: =+L104-D104 -> -10163 | N104: =(L104-D104)/L104 -> -0.029457971 | O104: =+L104 -> 345000 | P104: =+O104*E104 -> 4830000
A105: 9.62 | B105: SIFON DE PISO 2" | C105: =+VLOOKUP(A105,'[1]Consolidado Unitarios DIYT'!$B$11:$E$438,3,FALSE) -> UN | D105: =+VLOOKUP(A105,'[1]Consolidado Unitarios DIYT'!$B$11:$E$438,4,FALSE) -> 33726 | E105: 14 | F105: =ROUND(D105*E105,0) -> 472164 | G105: 33500 | H105: =+G105*E105 -> 469000 | I105: 31400 | J105: =+I105*E105 -> 439600 | K105: =AVERAGE(D105,G105,I105) -> 32875.333 | L105: =SMALL((D105,G105,I105),1) -> 31400 | M105: =+L105-D105 -> -2326 | N105: =(L105-D105)/L105 -> -0.074076433 | O105: =+L105 -> 31400 | P105: =+O105*E105 -> 439600
A106: 9.65 | B106: ACCESORIO PVC-S 2" | C106: =+VLOOKUP(A106,'[1]Consolidado Unitarios DIYT'!$B$11:$E$438,3,FALSE) -> UN | D106: =+VLOOKUP(A106,'[1]Consolidado Unitarios DIYT'!$B$11:$E$438,4,FALSE) -> 8832 | E106: 79 | F106: =ROUND(D106*E106,0) -> 697728 | G106: 8600 | H106: =+G106*E106 -> 679400 | I106: 7900 | J106: =+I106*E106 -> 624100 | K106: =AVERAGE(D106,G106,I106) -> 8444 | L106: =SMALL((D106,G106,I106),1) -> 7900 | M106: =+L106-D106 -> -932 | N106: =(L106-D106)/L106 -> -0.11797468 | O106: =+L106 -> 7900 | P106: =+O106*E106 -> 624100
A107: 9.66 | B107: TUBERIA PVC-S 4" | C107: =+VLOOKUP(A107,'[1]Consolidado Unitarios DIYT'!$B$11:$E$438,3,FALSE) -> M | D107: =+VLOOKUP(A107,'[1]Consolidado Unitarios DIYT'!$B$11:$E$438,4,FALSE) -> 38910 | E107: 23.223564 | F107: =ROUND(D107*E107,0) -> 903629 | G107: 38800 | H107: =+G107*E107 -> 901074.28 | I107: 37600 | J107: =+I107*E107 -> 873206.01 | K107: =AVERAGE(D107,G107,I107) -> 38436.667 | L107: =SMALL((D107,G107,I107),1) -> 37600 | M107: =+L107-D107 -> -1310 | N107: =(L107-D107)/L107 -> -0.034840426 | O107: =+L107 -> 37600 | P107: =+O107*E107 -> 873206.01
A108: 9.70 | B108: TUBERIA PVC-L 2" | C108: =+VLOOKUP(A108,'[1]Consolidado Unitarios DIYT'!$B$11:$E$438,3,FALSE) -> M | D108: =+VLOOKUP(A108,'[1]Consolidado Unitarios DIYT'!$B$11:$E$438,4,FALSE) -> 45375 | E108: 11.934 | F108: =ROUND(D108*E108,0) -> 541505 | G108: 45250 | H108: =+G108*E108 -> 540013.5 | I108: 43250 | J108: =+I108*E108 -> 516145.5 | K108: =AVERAGE(D108,G108,I108) -> 44625 | L108: =SMALL((D108,G108,I108),1) -> 43250 | M108: =+L108-D108 -> -2125 | N108: =(L108-D108)/L108 -> -0.049132948 | O108: =+L108 -> 43250 | P108: =+O108*E108 -> 516145.5
...

Sheet CARVAJAL
C1: RESULTADO ESTUDIO DE MERCADO EM-413-2025 | N1: Versión: | O1: 3
N2: Fecha de aprobación: | O2: 45369
N3: Código: | O3: 18-01-FO-0004
A4: FECHA | C4: ENERO DE 2026
A5: PROCESO | C5: EJECUTAR LAS OBRAS DE ADECUACIÓN DE INFRAESTRUCTURA PREVISTAS PARA LAS SEDES PORVENIR, ASUNCIÓN BOCHICA Y CARVAJAL EN EL CONVENIO INTERADMINISTRATIVO 8541049, CONFORME A LOS ESTUDIOS TÉCNICOS, PLANOS Y PRESUPUESTO APROBADOS, PARA SU HABILITACIÓN COMO UNIDADES ALTAMENTE RESOLUTIVAS.
A6: PLAZO DEL CONTRATO | C6: SEIS (06) MESES
A7: INFORME DEL ESTUDIO | C7: El día 05 de diciembre de 2025, se solicitaron cotizaciones por medio de la plataforma de Colombia Compra Eficiente (SECOP II), con fecha de recepción final de cotizaciones hasta el día 29 de diciembre del 2025. Al publicar el proceso, la Subred evidencia que Seis Mil Trescientos Ochenta y Cuatro (6384) proveedores pertenecen al sector objeto del estudio, de ellos, dos (02) expresan su interés y dos (02) presentan su cotización al proceso en curso
A9: 1 | B9: PRELIMINARES
A10: No (ITEM, ETAPAS O PROCESOS) | B10: ACTIVIDAD | C10: UNIDAD DE MEDIDA | D10: VALOR UNITARIO ACTUALIZADO | E10: CANTIDAD | F10: VALORTOTAL | G10: DP INGENIERIA SAS | I10: CONSTRUCTORA SANTOSP S.A.S | K10: PROMEDIO | L10: VALOR MINIMO | M10: VARIACIÓN EN PESOS | N10: VARIACIÓN PORCENTUAL | O10: VALOR TECHO UNITARIO | P10: VALOR TOTAL
G11: PRECIO UNITARIO | H11: VALOR TOTAL | I11: PRECIO UNITARIO | J11: VALOR TOTAL
A12: 1.1 | B12: =+VLOOKUP(A12,'[1]Consolidado Unitarios DIYT'!$B$11:$E$438,2,FALSE) -> LOCALIZACIÓN Y REPLANTEO OBRAS GENERALES | C12: =+VLOOKUP(A12,'[1]Consolidado Unitarios DIYT'!$B$11:$E$438,3,FALSE) -> M2 | D12: =+VLOOKUP(A12,'[1]Consolidado Unitarios DIYT'!$B$11:$E$438,4,FALSE) -> 7636 | E12: 62 | F12: =ROUND(D12*E12,0) -> 473432 | G12: 7550 | H12: =+G12*E12 -> 468100 | I12: 9650 | J12: =+I12*E12 -> 598300 | K12: =AVERAGE(D12,G12,I12) -> 8278.6667 | L12: =SMALL((D12,G12,I12),1) -> 7550 | M12: =+L12-D12 -> -86 | N12: =(L12-D12)/L12 -> -0.011390728 | O12: =+L12 -> 7550 | P12: =+O12*E12 -> 468100
A13: 1.6 | B13: =+VLOOKUP(A13,'[1]Consolidado Unitarios DIYT'!$B$11:$E$438,2,FALSE) -> DEMOLICIÓN DE ENCHAPES EN MAL ESTADO INCLUYE CARGUE Y RETIRO DE SOBRANTES | C13: =+VLOOKUP(A13,'[1]Consolidado Unitarios DIYT'!$B$11:$E$438,3,FALSE) -> M2 | D13: =+VLOOKUP(A13,'[1]Consolidado Unitarios DIYT'!$B$11:$E$438,4,FALSE) -> 26423 | E13: 66 | F13: =ROUND(D13*E13,0) -> 1743918 | G13: 26000 | H13: =+G13*E13 -> 1716000 | I13: 16590 | J13: =+I13*E13 -> 1094940 | K13: =AVERAGE(D13,G13,I13) -> 23004.333 | L13: =SMALL((D13,G13,I13),1) -> 16590 | M13: =+L13-D13 -> -9833 | N13: =(L13-D13)/L13 -> -0.59270645 | O13: =+L13 -> 16590 | P13: =+O13*E13 -> 1094940
A14: 1.8 | B14: =+VLOOKUP(A14,'[1]Consolidado Unitarios DIYT'!$B$11:$E$438,2,FALSE) -> DESMONTE DE MUROS INTERNOS, ATICOS EN LADRILLO HUECO O MACIZO DE ARCILLA COCIDA, BLOQUE DE CONCRETO SIMPLE, SISTEMA LIVIANO, EN CUAQUIER DIMENSIÓN Y ENRASE. INCLUYE: RETIRO DE SOBRECIMIENTOS, ESTRUCTURAS EN CONCRETO QUE ESTAN VINCULADOS A LOS MUROS COMO VIGUETAS AEREAS, DOVELAS. | C14: =+VLOOKUP(A14,'[1]Consolidado Unitarios DIYT'!$B$11:$E$438,3,FALSE) -> M2 | D14: =+VLOOKUP(A14,'[1]Consolidado Unitarios DIYT'!$B$11:$E$438,4,FALSE) -> 22495 | E14: 128.5 | F14: =ROUND(D14*E14,0) -> 2890608 | G14: 22200 | H14: =+G14*E14 -> 2852700 | I14: 21000 | J14: =+I14*E14 -> 2698500 | K14: =AVERAGE(D14,G14,I14) -> 21898.333 | L14: =SMALL((D14,G14,I14),1) -> 21000 | M14: =+L14-D14 -> -1495 | N14: =(L14-D14)/L14 -> -0.071190476 | O14: =+L14 -> 21000 | P14: =+O14*E14 -> 2698500
A15: 1.9 | B15: =+VLOOKUP(A15,'[1]Consolidado Unitarios DIYT'!$B$11:$E$438,2,FALSE) -> DESMONTE Y RETIRO DE PISOS EN BALDOSA DE MORTERO Y GRANO, TABLETA VITRIFICADA CON ARENON CHINO Y ADOQUIN EN CUALQUIER DIMENSIÓN. INCLUYE: RETIRO MORTERO DE NIVELACIÓN, PEGA, ENTRESUELO | C15: =+VLOOKUP(A15,'[1]Consolidado Unitarios DIYT'!$B$11:$E$438,3,FALSE) -> M2 | D15: =+VLOOKUP(A15,'[1]Consolidado Unitarios DIYT'!$B$11:$E$438,4,FALSE) -> 14989 | E15: 100 | F15: =ROUND(D15*E15,0) -> 1498900 | G15: 14900 | H15: =+G15*E15 -> 1490000 | I15: 16500 | J15: =+I15*E15 -> 1650000 | K15: =AVERAGE(D15,G15,I15) -> 15463 | L15: =SMALL((D15,G15,I15),1) -> 14900 | M15: =+L15-D15 -> -89 | N15: =(L15-D15)/L15 -> -0.0059731544 | O15: 14750 | P15: =+O15*E15 -> 1475000
A16: 1.10 | B16: =+VLOOKUP(A16,'[1]Consolidado Unitarios DIYT'!$B$11:$E$438,2,FALSE) -> DEMOLICIÓN DE PAÑETES EN MAL ESTADO INCLUYE CARGUE Y RETIRO DE SOBRANTES | C16: =+VLOOKUP(A16,'[1]Consolidado Unitarios DIYT'!$B$11:$E$438,3,FALSE) -> M2 | D16: =+VLOOKUP(A16,'[1]Consolidado Unitarios DIYT'!$B$11:$E$438,4,FALSE) -> 16803 | E16: 55.92 | F16: =ROUND(D16*E16,0) -> 939624 | G16: 16500 | H16: =+G16*E16 -> 922680 | I16: 14500 | J16: =+I16*E16 -> 810840 | K16: =AVERAGE(D16,G16,I16) -> 15934.333 | L16: =SMALL((D16,G16,I16),1) -> 14500 | M16: =+L16-D16 -> -2303 | N16: =(L16-D16)/L16 -> -0.15882759 | O16: =+L16 -> 14500 | P16: =+O16*E16 -> 810840
A17: 1.17 | B17: =+VLOOKUP(A17,'[1]Consolidado Unitarios DIYT'!$B$11:$E$438,2,FALSE) -> DESMONTE Y RETIRO DE MARCOS CON SU RESPECTIVA ALA DE PUERTAS METÁLICAS, ALUMINIO Y MADERA PARA TODO TIPO DE MURO. DE ANCHO VARIABLE ENTRE 0.70-1.40 M | C17: =+VLOOKUP(A17,'[1]Consolidado Unitarios DIYT'!$B$11:$E$438,3,FALSE) -> UN | D17: =+VLOOKUP(A17,'[1]Consolidado Unitarios DIYT'!$B$11:$E$438,4,FALSE) -> 23150 | E17: 11 | F17: =ROUND(D17*E17,0) -> 254650 | G17: 23000 | H17: =+G17*E17 -> 253000 | I17: 32000 | J17: =+I17*E17 -> 352000 | K17: =AVERAGE(D17,G17,I17) -> 26050 | L17: =SMALL((D17,G17,I17),1) -> 23000 | M17: =+L17-D17 -> -150 | N17: =(L17-D17)/L17 -> -0.0065217391 | O17: =+L17 -> 23000 | P17: =+O17*E17 -> 253000
A18: 1.18 | B18: =+VLOOKUP(A18,'[1]Consolidado Unitarios DIYT'!$B$11:$E$438,2,FALSE) -> DESMONTE DE PUNTOS HIDRÁULICOS CON FILTRACIONES INCLUYE CARGUE Y RETIRO DE SOBRANTES (INCLUYE LOS TRABAJOS DE REGATAS Y DEMOLICIONES) | C18: =+VLOOKUP(A18,'[1]Consolidado Unitarios DIYT'!$B$11:$E$438,3,FALSE) -> UN | D18: =+VLOOKUP(A18,'[1]Consolidado Unitarios DIYT'!$B$11:$E$438,4,FALSE) -> 36690 | E18: 7 | F18: =ROUND(D18*E18,0) -> 256830 | G18: 36500 | H18: =+G18*E18 -> 255500 | I18: 35000 | J18: =+I18*E18 -> 245000 | K18: =AVERAGE(D18,G18,I18) -> 36063.333 | L18: =SMALL((D18,G18,I18),1) -> 35000 | M18: =+L18-D18 -> -1690 | N18: =(L18-D18)/L18 -> -0.048285714 | O18: =+L18 -> 35000 | P18: =+O18*E18 -> 245000
A19: 1.19 | B19: =+VLOOKUP(A19,'[1]Consolidado Unitarios DIYT'!$B$11:$E$438,2,FALSE) -> DESMONTE DE PUNTOS SANITARIOS CON FILTRACIONES D=2-4" INCLUYE CARGUE Y RETIRO DE SOBRANTES (INCLUYE LOS TRABAJOS DE REGATAS Y DEMOLICIONES) | C19: =+VLOOKUP(A19,'[1]Consolidado Unitarios DIYT'!$B$11:$E$438,3,FALSE) -> UN | D19: =+VLOOKUP(A19,'[1]Consolidado Unitarios DIYT'!$B$11:$E$438,4,FALSE) -> 34197 | E19: 7 | F19: =ROUND(D19*E19,0) -> 239379 | G19: 34000 | H19: =+G19*E19 -> 238000 | I19: 45000 | J19: =+I19*E19 -> 315000 | K19: =AVERAGE(D19,G19,I19) -> 37732.333 | L19: =SMALL((D19,G19,I19),1) -> 34000 | M19: =+L19-D19 -> -197 | N19: =(L19-D19)/L19 -> -0.0057941176 | O19: =+L19 -> 34000 | P19: =+O19*E19 -> 238000
A20: 1.23 | B20: =+VLOOKUP(A20,'[1]Consolidado Unitarios DIYT'!$B$11:$E$438,2,FALSE) -> SUMINISTRO, INSTALACIÓN, MONTAJE Y DESMONTAJE DE CERRAMIENTO PROVISIONAL EN DRYWALL PARA OBRAS. ESTRUCTURA TEMPORAL, FÁCIL DE INSTALAR Y DESINSTALAR, CONSTRUIDA CON PLACAS DE YESO Y PERFILES DE ACERO GALVANIZADO PARA DELIMITAR ESPACIOS DE TRABAJO SEGUROS Y CONTROLADOS, PROTEGER A LOS PACIENTES Y AL PERSONAL DE POLVO Y ESCOMBROS, Y AISLAR ÁREAS DURANTE LA CONSTRUCCIÓN O REMODELACIÓN DE LAS UNIDADES DE SERVICIOS DE SALUD | C20: =+VLOOKUP(A20,'[1]Consolidado Unitarios DIYT'!$B$11:$E$438,3,FALSE) -> M2 | D20: =+VLOOKUP(A20,'[1]Consolidado Unitarios DIYT'!$B$11:$E$438,4,FALSE) -> 133141 | E20: 12 | F20: =ROUND(D20*E20,0) -> 1597692 | G20: 132900 | H20: =+G20*E20 -> 1594800 | I20: 142500 | J20: =+I20*E20 -> 1710000 | K20: =AVERAGE(D20,G20,I20) -> 136180.33 | L20: =SMALL((D20,G20,I20),1) -> 132900 | M20: =+L20-D20 -> -241 | N20: =(L20-D20)/L20 -> -0.0018133935 | O20: =+L20 -> 132900 | P20: =+O20*E20 -> 1594800
A21: VALOR PRELIMINARES | D21: =SUM(D12:D20) -> 315524 | E21: =SUM(E12:E20) -> 449.42 | F21: =SUM(F12:F20) -> 9895033 | G21: =SUM(G12:G20) -> 313550 | H21: =SUM(H12:H20) -> 9790780 | I21: =SUM(I12:I20) -> 332740 | J21: =SUM(J12:J20) -> 9474580 | K21: =SUM(K12:K20) -> 320604.67 | ... M21: =SUM(M12:M20) -> -16084 | N21: =AVERAGE(N12:N20) -> -0.10027815 | O21: =SUM(O12:O20) -> 299290 | P21: =SUM(P12:P20) -> 8878180
A23: 2 | B23: EXCAVACIONES
A24: No (ITEM, ETAPAS O PROCESOS) | B24: ACTIVIDAD | C24: UNIDAD DE MEDIDA | D24: VALOR UNITARIO ACTUALIZADO | E24: CANTIDAD | F24: VALORTOTAL | G24: DP INGENIERIA SAS | I24: CONSTRUCTORA SANTOSP S.A.S | K24: PROMEDIO | L24: VALOR MINIMO | M24: VARIACIÓN EN PESOS | N24: VARIACIÓN PORCENTUAL | O24: VALOR TECHO UNITARIO | P24: VALOR TOTAL
G25: PRECIO UNITARIO | H25: VALOR TOTAL | I25: PRECIO UNITARIO | J25: VALOR TOTAL
A26: 2.1 | B26: EXCAVACION MANUAL EN MATERIAL COMUN INCLUYE CARGUE Y RETIRO DE SOBRANTES (trasiego de 15 m.) | C26: M3 | D26: 150745.67 | E26: 30 | F26: =ROUND(D26*E26,0) -> 4522370 | G26: 150500 | H26: =+G26*E26 -> 4515000 | I26: 175400 | J26: =+I26*E26 -> 5262000 | K26: =AVERAGE(D26,G26,I26) -> 158881.89 | L26: =SMALL((D26,G26,I26),1) -> 150500 | M26: =+L26-D26 -> -245.66667 | N26: =(L26-D26)/L26 -> -0.0016323367 | O26: =+L26 -> 150500 | P26: =+O26*E26 -> 4515000
A27: 2.2 | B27: Regata en muro y piso, incluye retiro de material sobrante | C27: ml | D27: 18000 | E27: 30 | F27: =SUM(F26) -> 4522370 | G27: 17850 | H27: =SUM(H26) -> 4515000 | I27: 20000 | J27: =+I27*E27 -> 600000 | K27: =AVERAGE(D27,G27,I27) -> 18616.667 | L27: =SMALL((D27,G27,I27),1) -> 17850 | M27: =+L27-D27 -> -150 | N27: =(L27-D27)/L27 -> -0.0084033613 | O27: 17850 | P27: =+O27*E27 -> 535500
A28: VALOR TOTAL EXCAVACIONES | D28: =SUM(D26:D27) -> 168745.67 | E28: =SUM(E26:E27) -> 60 | F28: =SUM(F26:F27) -> 9044740 | G28: =SUM(G26:G27) -> 168350 | H28: =SUM(H26:H27) -> 9030000 | I28: =SUM(I26:I27) -> 195400 | J28: =SUM(J26:J27) -> 5862000 | K28: =SUM(K26:K27) -> 177498.56 | ... P28: =SUM(P26:P27) -> 5050500
A30: 4 | B30: OBRAS EN CUBIERTA
A31: No (ITEM, ETAPAS O PROCESOS) | B31: ACTIVIDAD | C31: UNIDAD DE MEDIDA | D31: VALOR UNITARIO ACTUALIZADO | E31: CANTIDAD | F31: VALORTOTAL | G31: DP INGENIERIA SAS | I31: CONSTRUCTORA SANTOSP S.A.S | K31: PROMEDIO | L31: VALOR MINIMO | M31: VARIACIÓN EN PESOS | N31: VARIACIÓN PORCENTUAL | O31: VALOR TECHO UNITARIO | P31: VALOR TOTAL
G32: PRECIO UNITARIO | H32: VALOR TOTAL | I32: PRECIO UNITARIO | J32: VALOR TOTAL
A33: 4.1 | B33: =+VLOOKUP(A33,'[1]Consolidado Unitarios DIYT'!$B$11:$E$438,2,FALSE) -> ESTRUCTURA METÁLICA CUBIERTAS INCLUYE: CORREAS, CONTRAVIENTOS, TENSORES, COLUMNAS, VIGAS DE AMARRE, ANCLAJES, TORNILLERÍA, SOLDADURAS, PLATINERÍA, ANTICORROSIVO Y PINTURA. CONTEMPLA TAMBIÉN: FABRICACIÓN, TRANSPORTE, SUMINISTRO Y MONTAJE. (Fabricación, suministro, transporte, montaje y pintura de elementos en metal para conformar la estructura metálica de cubierta con anclajes, columnas, vigas, correas, conexiones, templetes, en: Aceros ASTM A-36 para láminas, A-572 grado 50 y A-36 para ángulos en 1-1/2”, A-500 grado C para tuberías, ASTM A 1011 grado 50 f’y=3400 Kgf/cm2 de 2 mm de espesor para perlines, ASTM A 1008 grado 40 f’y=2750 Kgf/cm2 de 1.5 mm de espesor para perlines, soldaduras E70XX y E60XX, tornillería GR-5 ZINCADA (A-325) con limpieza manual SSPC-SP2, anticorrosivo alquídico 1.5 MILS terminado esmalte 1.5 MILS) Los trabajos deben contemplar el uso de andamios certificado y todos los elementos requeridos para esta actividad. | C33: =+VLOOKUP(A33,'[1]Consolidado Unitarios DIYT'!$B$11:$E$438,3,FALSE) -> KG | D33: =+VLOOKUP(A33,'[1]Consolidado Unitarios DIYT'!$B$11:$E$438,4,FALSE) -> 163862 | E33: 30.24 | F33: =ROUND(D33*E33,0) -> 4955187 | G33: 163450 | H33: =+G33*E33 -> 4942728 | I33: 161540 | J33: =+I33*E33 -> 4884969.6 | K33: =AVERAGE(D33,G33,I33) -> 162950.67 | L33: =SMALL((D33,G33,I33),1) -> 161540 | M33: =+L33-D33 -> -2322 | N33: =(L33-D33)/L33 -> -0.014374149 | O33: =+L33 -> 161540 | P33: =+O33*E33 -> 4884969.6
A34: 4.6 | B34: =+VLOOKUP(A34,'[1]Consolidado Unitarios DIYT'!$B$11:$E$438,2,FALSE) -> SUMINISTRO Y REPOSICIÓN de Domos Fabricados con burbuja de acrílico y policarbonato de alta calidad. Fabricados con burbuja de acrílico y de policarbonato de alta calidad, el marco y perfil son de aluminio R4043. Espesor de la lámina 3 mm 44cm x 44 cm o 60 cm x 60cm Color de la lámina Perla, Blanco o Humo. El costo incluye todos los costos de fijación y remates necesarios para el correcto funcionamiento | C34: =+VLOOKUP(A34,'[1]Consolidado Unitarios DIYT'!$B$11:$E$438,3,FALSE) -> UN | D34: =+VLOOKUP(A34,'[1]Consolidado Unitarios DIYT'!$B$11:$E$438,4,FALSE) -> 305070 | E34: 40 | F34: =ROUND(D34*E34,0) -> 12202800 | G34: 305000 | H34: =+G34*E34 -> 12200000 | I34: 300000 | J34: =+I34*E34 -> 12000000 | K34: =AVERAGE(D34,G34,I34) -> 303356.67 | L34: =SMALL((D34,G34,I34),1) -> 300000 | M34: =+L34-D34 -> -5070 | N34: =(L34-D34)/L34 -> -0.0169 | O34: =+L34 -> 300000 | P34: =+O34*E34 -> 12000000
A35: 4.7 | B35: SUMINISTRO Y REPOSICIÓN CUBIERTA EN POLICARBONATO PARA ZONAS EN MAL ESTADO. Láminas en POLICARBONATO multipared con características de rigidez, bajo peso y aislamiento térmico. Estructura alveolar.Tipo Pesada: Lámina en policarbonato con estructura de doble pared en espesores de 6mm. El costo incluye todos los costos de fijación y remates necesarios para el correcto funcionamiento | C35: M2 | D35: 395637 | E35: 20 | F35: =ROUND(D35*E35,0) -> 7912740 | G35: 395300 | H35: =+G35*E35 -> 7906000 | I35: 370000 | J35: =+I35*E35 -> 7400000 | K35: =AVERAGE(D35,G35,I35) -> 386979 | L35: =SMALL((D35,G35,I35),1) -> 370000 | M35: =+L35-D35 -> -25637 | N35: =(L35-D35)/L35 -> -0.069289189 | O35: =+L35 -> 370000 | P35: =+O35*E35 -> 7400000
A36: 4.11 | B36: =+VLOOKUP(A36,'[1]Consolidado Unitarios DIYT'!$B$11:$E$438,2,FALSE) -> FLANCHE EN LÁMINA GALVANIZADA CALIBRE 26 DESARROLLO 25CM INCLUYE ANDAMIO CERTIFICADO | C36: =+VLOOKUP(A36,'[1]Consolidado Unitarios DIYT'!$B$11:$E$438,3,FALSE) -> ML | D36: =+VLOOKUP(A36,'[1]Consolidado Unitarios DIYT'!$B$11:$E$438,4,FALSE) -> 75748 | E36: 19.91 | F36: =ROUND(D36*E36,0) -> 1508143 | G36: 75600 | H36: =+G36*E36 -> 1505196 | I36: 68950 | J36: =+I36*E36 -> 1372794.5 | K36: =AVERAGE(D36,G36,I36) -> 73432.667 | L36: =SMALL((D36,G36,I36),1) -> 68950 | M36: =+L36-D36 -> -6798 | N36: =(L36-D36)/L36 -> -0.098593183 | O36: =+L36 -> 68950 | P36: =+O36*E36 -> 1372794.5
A37: 4.13 | B37: FLANCHE LAMINA GALVANIZADA CL. 20 - DESARROLLO 80 CM | C37: ML | D37: 83844.333 | E37: 30 | F37: =ROUND(D37*E37,0) -> 2515330 | G37: 83750 | H37: =+G37*E37 -> 2512500 | I37: 85000 | J37: =+I37*E37 -> 2550000 | K37: =AVERAGE(D37,G37,I37) -> 84198.111 | L37: =SMALL((D37,G37,I37),1) -> 83750 | M37: =+L37-D37 -> -94.333333 | N37: =(L37-D37)/L37 -> -0.0011263682 | O37: =+L37 -> 83750 | P37: =+O37*E37 -> 2512500
A38: VALOR TOTAL OBRAS EN CUBIERTA | D38: =SUM(D33:D37) -> 1024161.3 | E38: =SUM(E33:E37) -> 140.15 | F38: =SUM(F33:F37) -> 29094200 | G38: =SUM(G33:G37) -> 1023100 | H38: =SUM(H33:H37) -> 29066424 | I38: =SUM(I33:I37) -> 985490 | J38: =SUM(J33:J37) -> 28207764 | K38: =SUM(K33:K37) -> 1010917.1 | ... M38: =SUM(M33:M37) -> -39921.333 | N38: =AVERAGE(N33:N37) -> -0.040056578 | O38: =SUM(O33:O37) -> 984240 | P38: =SUM(P33:P37) -> 28170264
A40: 5 | B40: MAMPOSTERIA Y PINTURA
A41: No (ITEM, ETAPAS O PROCESOS) | B41: ACTIVIDAD | C41: UNIDAD DE MEDIDA | D41: VALOR UNITARIO ACTUALIZADO | E41: CANTIDAD | F41: VALORTOTAL | G41: DP INGENIERIA SAS | I41: CONSTRUCTORA SANTOSP S.A.S | K41: PROMEDIO | L41: VALOR MINIMO | M41: VARIACIÓN EN PESOS | N41: VARIACIÓN PORCENTUAL | O41: VALOR TECHO UNITARIO | P41: VALOR TOTAL
G42: PRECIO UNITARIO | H42: VALOR TOTAL | I42: PRECIO UNITARIO | J42: VALOR TOTAL
A43: 5.2 | B43: =+VLOOKUP(A43,'[1]Consolidado Unitarios DIYT'!$B$11:$E$438,2,FALSE) -> SUMINISTRO E INSTALACION MUROS PANEL LIVIANO DIVISORIOS EN SISTEMA DE MURO SECO CONFORMADO POR LÁMINAS DE FIBROCEMENTO RH TIPO SUPERBOARD O SIMILAR DE CALIDAD SUPERIOR E=10 MM. ESTRUCTURA METÁLICA EN PERFIL GALVANIZADO GR50 CON RECUBRIMIENTO DE ZINC G60 E=2MM (c/40,5cm). RIELES EN PERFIL TIPO "U". LAS UNIONES O JUNTAS ENTRE LOS PANELES DEBEN IR CORRECTAMENTE SELLADAS CON CINTA MALLA Y TRATADAS CON MASILLA TIPO ETERCOAT DE ETERNIT, SIMILAR O DE CALIDAD SUPERIOR. | C43: =+VLOOKUP(A43,'[1]Consolidado Unitarios DIYT'!$B$11:$E$438,3,FALSE) -> M2 | D43: =+VLOOKUP(A43,'[1]Consolidado Unitarios DIYT'!$B$11:$E$438,4,FALSE) -> 234741 | E43: 120 | F43: =ROUND(D43*E43,0) -> 28168920 | G43: 234250 | H43: =+G43*E43 -> 28110000 | I43: 240000 | J43: =+I43*E43 -> 28800000 | K43: =AVERAGE(D43,G43,I43) -> 236330.33 | L43: =SMALL((D43,G43,I43),1) -> 234250 | M43: =+L43-D43 -> -491 | N43: =(L43-D43)/L43 -> -0.0020960512 | O43: =+L43 -> 234250 | P43: =+O43*E43 -> 28110000
A44: 5.3 | B44: =+VLOOKUP(A44,'[1]Consolidado Unitarios DIYT'!$B$11:$E$438,2,FALSE) -> PINTURA ACRÍLICA BIOCIDA A BASE DE AGUA PARA AMBIENTES INTERIORES DE ALTA HIGIENE CON PROPIEDADES ANTIBACTERIALES Y ANTIHONGOS, RESISTENCIA AL LAVADO Y FACILIDAD DE LIMPIEZA. TIPO PINTURA ACRÍLICA DE ALTA ASEPSIA DE PINTUCO O SIMILAR DE CALIDAD SUPERIOR. CARACTERÍSTICAS: RESISTENTE A LA HUMEDAD Y AL VAPOR DE AGUA, DE BAJO OLOR, LIBRE DE VOC, LIBRE DE PLOMO Y CLORO, Y ALTA RESISTENCIA A LA FRICCIÓN. COLOR: BLANCO PURO RAL 9010. | C44: =+VLOOKUP(A44,'[1]Consolidado Unitarios DIYT'!$B$11:$E$438,3,FALSE) -> M2 | D44: =+VLOOKUP(A44,'[1]Consolidado Unitarios DIYT'!$B$11:$E$438,4,FALSE) -> 20095 | E44: 380 | F44: =ROUND(D44*E44,0) -> 7636100 | G44: 20000 | H44: =+G44*E44 -> 7600000 | I44: 19500 | J44: =+I44*E44 -> 7410000 | K44: =AVERAGE(D44,G44,I44) -> 19865 | L44: =SMALL((D44,G44,I44),1) -> 19500 | M44: =+L44-D44 -> -595 | N44: =(L44-D44)/L44 -> -0.030512821 | O44: =+L44 -> 19500 | P44: =+O44*E44 -> 7410000
A45: 5.4 | B45: SUMINISTRO E INSTALACION MUROS PANEL LIVIANO DIVISORIOS EN SISTEMA DE MURO SECO CONFORMADO POR LÁMINAS DE YESO RH O SIMILAR DE CALIDAD SUPERIOR E=10 MM. ESTRUCTURA METÁLICA EN PERFIL GALVANIZADO GR50 CON RECUBRIMIENTO DE ZINC G60 E=2MM (c/40,5cm). RIELES EN PERFIL TIPO "U". LAS UNIONES O JUNTAS ENTRE LOS PANELES DEBEN IR CORRECTAMENTE SELLADAS CON CINTA MALLA Y TRATADAS CON MASILLA TIPO ETERCOAT DE ETERNIT, SIMILAR O DE CALIDAD SUPERIOR. | C45: M2 | D45: 146008.33 | E45: 40 | F45: =ROUND(D45*E45,0) -> 5840333 | G45: 145900 | H45: =+G45*E45 -> 5836000 | I45: 240000 | J45: =+I45*E45 -> 9600000 | K45: =AVERAGE(D45,G45,I45) -> 177302.78 | L45: =SMALL((D45,G45,I45),1) -> 145900 | M45: =+L45-D45 -> -108.33333 | N45: =(L45-D45)/L45 -> -0.00074251771 | O45: =+L45 -> 145900 | P45: =+O45*E45 -> 5836000
A46: 5.6 | B46: PAÑETE 1:3 PARA MUROS EN LADRILLO A LA VISTA | C46: M2 | D46: 56940.333 | E46: 25 | F46: =ROUND(D46*E46,0) -> 1423508 | G46: 56500 | H46: =+G46*E46 -> 1412500 | I46: 54600 | J46: =+I46*E46 -> 1365000 | K46: =AVERAGE(D46,G46,I46) -> 56013.444 | L46: =SMALL((D46,G46,I46),1) -> 54600 | M46: =+L46-D46 -> -2340.3333 | N46: =(L46-D46)/L46 -> -0.042863248 | O46: =+L46 -> 54600 | P46: =+O46*E46 -> 1365000
A47: 5.7 | B47: =+VLOOKUP(A47,'[1]Consolidado Unitarios DIYT'!$B$11:$E$438,2,FALSE) -> PAÑETE 1:3 PARA MUROS | C47: =+VLOOKUP(A47,'[1]Consolidado Unitarios DIYT'!$B$11:$E$438,3,FALSE) -> M2 | D47: =+VLOOKUP(A47,'[1]Consolidado Unitarios DIYT'!$B$11:$E$438,4,FALSE) -> 48971 | E47: 10 | F47: =ROUND(D47*E47,0) -> 489710 | G47: 48650 | H47: =+G47*E47 -> 486500 | I47: 47000 | J47: =+I47*E47 -> 470000 | K47: =AVERAGE(D47,G47,I47) -> 48207 | L47: =SMALL((D47,G47,I47),1) -> 47000 | M47: =+L47-D47 -> -1971 | N47: =(L47-D47)/L47 -> -0.04193617 | O47: =+L47 -> 47000 | P47: =+O47*E47 -> 470000
A48: 5.8 | B48: PAÑETE IMPERMEABILIZADO 1:3 PARA MUROS EXPUESTOS A ZONAS HUMEDAS | C48: M2 | D48: 37513.667 | E48: 12 | F48: =ROUND(D48*E48,0) -> 450164 | G48: 37400 | H48: =+G48*E48 -> 448800 | I48: 36000 | J48: =+I48*E48 -> 432000 | K48: =AVERAGE(D48,G48,I48) -> 36971.222 | L48: =SMALL((D48,G48,I48),1) -> 36000 | M48: =+L48-D48 -> -1513.6667 | N48: =(L48-D48)/L48 -> -0.042046296 | O48: =+L48 -> 36000 | P48: =+O48*E48 -> 432000
A49: 5.10 | B49: =+VLOOKUP(A49,'[1]Consolidado Unitarios DIYT'!$B$11:$E$438,2,FALSE) -> ESTUCO PLASTICO ACRILICO (SOBRE ENCHAPES CERAMICOS) PARA INTERIOR + TRES MANOS PINTURA ACRÍLICA BIOCIDA A BASE DE AGUA PARA AMBIENTES INTERIORES DE ALTA HIGIENE CON PROPIEDADES ANTIBACTERIALES Y ANTIHONGOS, RESISTENCIA AL LAVADO Y FACILIDAD DE LIMPIEZA. TIPO PINTURA ACRÍLICA DE ALTA ASEPSIA DE PINTUCO O SIMILAR DE CALIDAD SUPERIOR. CARACTERÍSTICAS: RESISTENTE A LA HUMEDAD Y AL VAPOR DE AGUA, DE BAJO OLOR, LIBRE DE VOC, LIBRE DE PLOMO Y CLORO, Y ALTA RESISTENCIA A LA FRICCIÓN. COLOR: BLANCO PURO RAL 9010. EN MUROS CON HUMEDADES Y EN MAL ESTADO. | C49: =+VLOOKUP(A49,'[1]Consolidado Unitarios DIYT'!$B$11:$E$438,3,FALSE) -> M2 | D49: =+VLOOKUP(A49,'[1]Consolidado Unitarios DIYT'!$B$11:$E$438,4,FALSE) -> 123114 | E49: 79 | F49: =ROUND(D49*E49,0) -> 9726006 | G49: 122900 | H49: =+G49*E49 -> 9709100 | I49: 120600 | J49: =+I49*E49 -> 9527400 | K49: =AVERAGE(D49,G49,I49) -> 122204.67 | L49: =SMALL((D49,G49,I49),1) -> 120600 | M49: =+L49-D49 -> -2514 | N49: =(L49-D49)/L49 -> -0.020845771 | O49: =+L49 -> 120600 | P49: =+O49*E49 -> 9527400
A50: 5.11 | B50: REPOSICIÓN EN ESMALTE SINTÉTICO A BASE DE ACEITE RESISTENTE AL AGUA, CON BUENA DURABILIDAD, ALTO BRILLO Y ADHERENCIA. SIN PLOMO NI CLORO PARA CARPINTERIA METALICA EN MAL ESTADO | C50: M2 | D50: 21400.667 | E50: 5 | F50: =ROUND(D50*E50,0) -> 107003 | G50: 21050 | H50: =+G50*E50 -> 105250 | I50: 20900 | J50: =+I50*E50 -> 104500 | K50: =AVERAGE(D50,G50,I50) -> 21116.889 | L50: =SMALL((D50,G50,I50),1) -> 20900 | M50: =+L50-D50 -> -500.66667 | N50: =(L50-D50)/L50 -> -0.023955343 | O50: =+L50 -> 20900 | P50: =+O50*E50 -> 104500
A51: VALOR TOTAL MAMPOSTERIA Y PINTURA | D51: =SUM(D43:D50) -> 688784 | E51: =SUM(E43:E50) -> 671 | F51: =SUM(F43:F50) -> 53841744 | G51: =SUM(G43:G50) -> 686650 | H51: =SUM(H43:H50) -> 53708150 | I51: =SUM(I43:I50) -> 778600 | J51: =SUM(J43:J50) -> 57708900 | K51: =SUM(K43:K50) -> 718011.33 | ... M51: =SUM(M43:M50) -> -10034 | N51: =AVERAGE(N43:N50) -> -0.025624777 | O51: =SUM(O43:O50) -> 678750 | P51: =SUM(P43:P50) -> 53254900
A53: 6 | B53: PISOS Y CIELO RASO
A54: No (ITEM, ETAPAS O PROCESOS) | B54: ACTIVIDAD | C54: UNIDAD DE MEDIDA | D54: VALOR UNITARIO ACTUALIZADO | E54: CANTIDAD | F54: VALORTOTAL | G54: DP INGENIERIA SAS | I54: CONSTRUCTORA SANTOSP S.A.S | K54: PROMEDIO | L54: VALOR MINIMO | M54: VARIACIÓN EN PESOS | N54: VARIACIÓN PORCENTUAL | O54: VALOR TECHO UNITARIO | P54: VALOR TOTAL
G55: PRECIO UNITARIO | H55: VALOR TOTAL | I55: PRECIO UNITARIO | J55: VALOR TOTAL
A56: 6.1 | B56: REPARACIÓN ALISTADO PISO 1:3 E=0.04 M PARA ZONAS EN MAL ESTADO (Nivelación y preparación de superficies irregulares y bruscas de losas estructurales o placas de contrapiso, para recibir acabados de pisos tales como parquetón de madera, listón, tabletas cerámicas, baldosas de cemento, de gres, de granito, alfombras y vinisol, a los niveles señalados en los planos constructivos y de detalle.) (picar la zona afectada, aplicar un adherente y una capa de mortero de cemento de 4 cm de espesor para instalar un acabado de piso que se pagará en otro ítem) | C56: M2 | D56: 226110.75 | E56: 34 | F56: =ROUND(D56*E56,0) -> 7687766 | G56: 225900 | H56: =+G56*E56 -> 7680600 | I56: 224600 | J56: =+I56*E56 -> 7636400 | K56: =AVERAGE(D56,G56,I56) -> 225536.92 | L56: =SMALL((D56,G56,I56),1) -> 224600 | M56: =+L56-D56 -> -1510.75 | N56: =(L56-D56)/L56 -> -0.0067264025 | O56: =+L56 -> 224600 | P56: =+O56*E56 -> 7636400
A57: 6.2 | B57: ALISTADO DE PISO ENDURECIDO | C57: M2 | D57: 125944 | E57: 14 | F57: =ROUND(D57*E57,0) -> 1763216 | G57: 125850 | H57: =+G57*E57 -> 1761900 | I57: 125000 | J57: =+I57*E57 -> 1750000 | K57: =AVERAGE(D57,G57,I57) -> 125598 | L57: =SMALL((D57,G57,I57),1) -> 125000 | M57: =+L57-D57 -> -944 | N57: =(L57-D57)/L57 -> -0.007552 | O57: =+L57 -> 125000 | P57: =+O57*E57 -> 1750000
A58: 6.8 | B58: SUMINISTRO E IINSTALACION CIELORRASO POR LÁMINAS DE YESO RH O SIMILAR DE CALIDAD SUPERIOR E=10 MM. EL SISTEMA DE FIJACIÓN SE REALIZARÁ CON PERFILES TIPO C DE LÁMINA EN ACERO GALVANIZADO G60 (c/40,5cm), DE ACUERDO A LAS RECOMENDACIONES DEL FABRICANTE. TORNILLOS PARA LÁMINAS DE FIBROCEMENTO AVELLANADOS NO. 6X1". PARA LA FIJACIÓN DE PERFILES EN CONCRETO SE UTILIZARÁ PISTOLA DE IMPACTO, ANCLAJES DE CAMISA O TORNILLOS CON CHAZO DE PLÁSTICO. EL CIELORRASO DEBE SER TOTALMENTE SELLADO EN SU PERÍMETRO. LAS BASES PARA LA COLOCACIÓN DEL CIELO-RASO DEBEN SER FIRMES Y ESTAR BIEN NIVELADAS. LAS PERFORACIONES PARA LA FIJACIÓN EN LOS PANELES DEBEN SER AVELLANADAS Y REALIZADAS CON BROCA DE TUNGSTENO DE 1-1/32" O 3/8". JUNTAS TECH JOIN + CINTA EN FIBRA DE VIDRIO + MASILLA + PINTURA ACRÍLICA COLOR BLANCO RAL 9010 REF.: PURE WHITE O EQUIVALENTE. ACABADO LISO, A LA VISTA Y SIN DILATACIONES. PERFIL PLÁSTICO DE MEDIA CAÑA INSTALADO EN BORDES PERIMETRALES (TECHO-PARED) Y ACCESORIOS ESQUINEROS, INSTALADOS ANTES DE MASILLAR. | C58: M2 | D58: 127643.67 | E58: 80 | F58: =ROUND(D58*E58,0) -> 10211493 | G58: 127200 | H58: =+G58*E58 -> 10176000 | I58: 120000 | J58: =+I58*E58 -> 9600000 | K58: =AVERAGE(D58,G58,I58) -> 124947.89 | L58: =SMALL((D58,G58,I58),1) -> 120000 | M58: =+L58-D58 -> -7643.6667 | N58: =(L58-D58)/L58 -> -0.063697222 | O58: =+L58 -> 120000 | P58: =+O58*E58 -> 9600000
A59: 6.10 | B59: =+VLOOKUP(A59,'[1]Consolidado Unitarios DIYT'!$B$11:$E$438,2,FALSE) -> JUNTA ESTRUCTURAL EN CIELO RASO (Se refiere al suminsitro y la instalación de un flanche en lámina galvanizada de ancho de 20 cm calibre 2.6) | C59: =+VLOOKUP(A59,'[1]Consolidado Unitarios DIYT'!$B$11:$E$438,3,FALSE) -> ML | D59: =+VLOOKUP(A59,'[1]Consolidado Unitarios DIYT'!$B$11:$E$438,4,FALSE) -> 34536 | E59: 6 | F59: =ROUND(D59*E59,0) -> 207216 | G59: 34250 | H59: =+G59*E59 -> 205500 | I59: 33700 | J59: =+I59*E59 -> 202200 | K59: =AVERAGE(D59,G59,I59) -> 34162 | L59: =SMALL((D59,G59,I59),1) -> 33700 | M59: =+L59-D59 -> -836 | N59: =(L59-D59)/L59 -> -0.024807122 | O59: =+L59 -> 33700 | P59: =+O59*E59 -> 202200
A60: 6.11 | B60: =+VLOOKUP(A60,'[1]Consolidado Unitarios DIYT'!$B$11:$E$438,2,FALSE) -> SUMINISTRO E INSTALACIÓN DE MEDIACAÑA EN PVC DE 6 CM. ENTRE CIELO RASO Y PAREDES | C60: =+VLOOKUP(A60,'[1]Consolidado Unitarios DIYT'!$B$11:$E$438,3,FALSE) -> ML | D60: =+VLOOKUP(A60,'[1]Consolidado Unitarios DIYT'!$B$11:$E$438,4,FALSE) -> 47186 | E60: 31.6 | F60: =ROUND(D60*E60,0) -> 1491078 | G60: 46900 | H60: =+G60*E60 -> 1482040 | I60: 45800 | J60: =+I60*E60 -> 1447280 | K60: =AVERAGE(D60,G60,I60) -> 46628.667 | L60: =SMALL((D60,G60,I60),1) -> 45800 | M60: =+L60-D60 -> -1386 | N60: =(L60-D60)/L60 -> -0.030262009 | O60: =+L60 -> 45800 | P60: =+O60*E60 -> 1447280
A61: 6.14 | B61: =+VLOOKUP(A61,'[1]Consolidado Unitarios DIYT'!$B$11:$E$438,2,FALSE) -> PULIDA Y BRILLADA DE PISO EN GRANITO DE MARMOL EXISTENTE | C61: =+VLOOKUP(A61,'[1]Consolidado Unitarios DIYT'!$B$11:$E$438,3,FALSE) -> M2 | D61: =+VLOOKUP(A61,'[1]Consolidado Unitarios DIYT'!$B$11:$E$438,4,FALSE) -> 107252 | E61: 400 | F61: =ROUND(D61*E61,0) -> 42900800 | G61: 107000 | H61: =+G61*E61 -> 42800000 | I61: 106000 | J61: =+I61*E61 -> 42400000 | K61: =AVERAGE(D61,G61,I61) -> 106750.67 | L61: =SMALL((D61,G61,I61),1) -> 106000 | M61: =+L61-D61 -> -1252 | N61: =(L61-D61)/L61 -> -0.011811321 | O61: =+L61 -> 106000 | P61: =+O61*E61 -> 42400000
A62: 6.15 | B62: =+VLOOKUP(A62,'[1]Consolidado Unitarios DIYT'!$B$11:$E$438,2,FALSE) -> SUMINISTRO E INSTALACIÓN DE ENCHAPE CERÁMICO PARA DUROPISO BLANCO 51X51CM, SIMILAR O DE CALIDAD SUPERIOR. RESISTENCIA MECÁNICA AL RAYADO. PARA LA INSTALACIÓN SE USARÁ UN ADHESIVO BAJO EN POLVO TIPO PEGACOR FLEX BLANCO CORONA SIMILAR O DE CALIDAD SUPERIOR. JUNTAS DE 3 MM CON BOQUILLA CON LÁTEX COLOR BLANCO TIPO CONCOLOR CORONA SIMILAR O DE CALIDAD SUPERIOR. EL REMATE SUPERIOR SERÁ UN ÁNGULO EN ALUMINIO ANODIZADO NATURAL MATE DE 1½” X 1½” E=1/8”. ENTRE EL GUARDAESCOBA Y EL ENCHAPE SE INSTALARÁ UNA DILATACIÓN DE 1" EN ALUMINIO TIPO MUNDIAL DE ALUMINIOS REF. 379, SIMILAR O DE CALIDAD SUPERIOR. INCLUYE CERÁMICA, ADHESIVO, CRUCETAS PLÁSTICAS DE 3MM, BOQUILLA, ÁNGULO PARA REMATE SUPERIOR Y DILATACIÓN DE 1" EN ALUMINIO PARA INSTALACIÓN SOBRE GUARDESCOBAS. ENCHAPE INSTALADO HORIZONTALMENTE. | C62: =+VLOOKUP(A62,'[1]Consolidado Unitarios DIYT'!$B$11:$E$438,3,FALSE) -> M2 | D62: =+VLOOKUP(A62,'[1]Consolidado Unitarios DIYT'!$B$11:$E$438,4,FALSE) -> 130563 | E62: 37.5 | F62: =ROUND(D62*E62,0) -> 4896113 | G62: 130400 | H62: =+G62*E62 -> 4890000 | I62: 120000 | J62: =+I62*E62 -> 4500000 | K62: =AVERAGE(D62,G62,I62) -> 126987.67 | L62: =SMALL((D62,G62,I62),1) -> 120000 | M62: =+L62-D62 -> -10563 | N62: =(L62-D62)/L62 -> -0.088025 | O62: =+L62 -> 120000 | P62: =+O62*E62 -> 4500000
A63: 6.16 | B63: =+VLOOKUP(A63,'[1]Consolidado Unitarios DIYT'!$B$11:$E$438,2,FALSE) -> SUMINISTRO E INSTALACIÓN DE PISO BALDOSA DE GRANITO VIBROPRENSADA COLOR BLANCO HUILA TIPO ALFA O SIMILAR 30X30CM (INCLUYE EMBOQUILLADO, DESTRONQUE, PULIDA Y BRILLADA), SIMILAR O DE CALIDAD SUPERIOR. MORTERO DE PEGA 1:4 CON ESPESOR MÍNIMO DE 3 CM. JUNTAS ENTRE LAS PIEZAS ENTRE 2 Y 7 MM. SELLADO JUNTAS DE HASTA 2 MM, CON LECHADA DE CEMENTO CON COLORANTE MINERAL DE IGUAL COLOR AL BALDOSÍN, ANTES DEL FRAGUADO DEL MORTERO DE PEGA. LIMPIEZA DEL TABLÓN ANTES QUE EL EMBOQUILLADO SE ENDUREZCA. DESTRONCADO, PULIDO Y BRILLADO CON ESMERILES Y A MÁQUINA. LIMPIEZA CON TRAPO IMPREGNADO CON ACPM. | C63: =+VLOOKUP(A63,'[1]Consolidado Unitarios DIYT'!$B$11:$E$438,3,FALSE) -> M2 | D63: =+VLOOKUP(A63,'[1]Consolidado Unitarios DIYT'!$B$11:$E$438,4,FALSE) -> 262632 | E63: 40 | F63: =ROUND(D63*E63,0) -> 10505280 | G63: 262450 | H63: =+G63*E63 -> 10498000 | I63: 261900 | J63: =+I63*E63 -> 10476000 | K63: =AVERAGE(D63,G63,I63) -> 262327.33 | L63: =SMALL((D63,G63,I63),1) -> 261900 | M63: =+L63-D63 -> -732 | N63: =(L63-D63)/L63 -> -0.0027949599 | O63: =+L63 -> 261900 | P63: =+O63*E63 -> 10476000
A64: 6.19 | B64: BANDAS ANTIDESLIZANTES PASOS ESCALERAS Y RAMPAS. (Suministro e instalación de bandas antideslizantes autoadhesivas en los bordes de los escalones y en las rampas a manera de pirlan) | C64: ML | D64: 25343.333 | E64: 12 | F64: =ROUND(D64*E64,0) -> 304120 | G64: 25150 | H64: =+G64*E64 -> 301800 | I64: 24800 | J64: =+I64*E64 -> 297600 | K64: =AVERAGE(D64,G64,I64) -> 25097.778 | L64: =SMALL((D64,G64,I64),1) -> 24800 | M64: =+L64-D64 -> -543.33333 | N64: =(L64-D64)/L64 -> -0.021908602 | O64: =+L64 -> 24800 | P64: =+O64*E64 -> 297600
A65: 6.20 | B65: Suminsitro e instalcionde de bocapuerta en granito pulido blanco y gris con dilatacion pvc entre juntas de piso existente | C65: ML | D65: 60000 | E65: 30 | F65: =ROUND(D65*E65,0) -> 1800000 | G65: 29500 | H65: =+G65*E65 -> 885000 | I65: 29500 | J65: =+I65*E65 -> 885000 | K65: =AVERAGE(D65,G65,I65) -> 39666.667 | L65: =SMALL((D65,G65,I65),1) -> 29500 | M65: =+L65-D65 -> -30500 | N65: =(L65-D65)/L65 -> -1.0338983 | O65: 58600 | P65: =+O65*E65 -> 1758000
A66: VALOR TOTAL PISOS Y CIELO RASO | D66: =SUM(D56:D65) -> 1147210.8 | E66: =SUM(E56:E65) -> 685.1 | F66: =SUM(F56:F65) -> 81767082 | G66: =SUM(G56:G65) -> 1114600 | H66: =SUM(H56:H65) -> 80680840 | I66: =SUM(I56:I65) -> 1091300 | J66: =SUM(J56:J65) -> 79194480 | K66: =SUM(K56:K65) -> 1117703.6 | ... M66: =SUM(M56:M65) -> -55910.75 | N66: =AVERAGE(N56:N65) -> -0.12914829 | O66: =SUM(O56:O65) -> 1120400 | P66: =SUM(P56:P65) -> 80067480
A68: 7 | B68: ENCHAPES Y ACCESORIOS BAÑOS
A69: No (ITEM, ETAPAS O PROCESOS) | B69: ACTIVIDAD | C69: UNIDAD DE MEDIDA | D69: VALOR UNITARIO ACTUALIZADO | E69: CANTIDAD | F69: VALORTOTAL | G69: DP INGENIERIA SAS | I69: CONSTRUCTORA SANTOSP S.A.S | K69: PROMEDIO | L69: VALOR MINIMO | M69: VARIACIÓN EN PESOS | N69: VARIACIÓN PORCENTUAL | O69: VALOR TECHO UNITARIO | P69: VALOR TOTAL
G70: PRECIO UNITARIO | H70: VALOR TOTAL | I70: PRECIO UNITARIO | J70: VALOR TOTAL
A71: 7.1 | B71: =+VLOOKUP(A71,'[1]Consolidado Unitarios DIYT'!$B$11:$E$438,2,FALSE) -> SUMINISTRO E INSTALACIÓN DE ENCHAPE DE PISOS BAÑOS EN CERÁMICA RECTIFICADA CON MEDIDAS 30 X 60 CM COLOR BLANCO BRILLANTE, TIPO PARED ANTÁRTICA CORONA, SIMILAR O DE CALIDAD SUPERIOR. RESISTENCIA MECÁNICA AL RAYADO. PARA LA INSTALACIÓN SE USARÁ UN ADHESIVO BAJO EN POLVO TIPO PEGACOR FLEX BLANCO CORONA SIMILAR O DE CALIDAD SUPERIOR. JUNTAS DE 3 MM CON BOQUILLA CON LÁTEX COLOR BLANCO TIPO CONCOLOR CORONA SIMILAR O DE CALIDAD SUPERIOR. EL REMATE SUPERIOR SERÁ UN ÁNGULO EN ALUMINIO ANODIZADO NATURAL MATE DE 1½” X 1½” E=1/8”. ENTRE EL GUARDAESCOBA Y EL ENCHAPE SE INSTALARÁ UNA DILATACIÓN DE 1" EN ALUMINIO TIPO MUNDIAL DE ALUMINIOS REF. 379, SIMILAR O DE CALIDAD SUPERIOR. INCLUYE CERÁMICA, ADHESIVO, CRUCETAS PLÁSTICAS DE 3MM, BOQUILLA, ÁNGULO PARA REMATE SUPERIOR Y DILATACIÓN DE 1" EN ALUMINIO PARA INSTALACIÓN SOBRE GUARDESCOBAS. ENCHAPE INSTALADO HORIZONTALMENTE. | C71: =+VLOOKUP(A71,'[1]Consolidado Unitarios DIYT'!$B$11:$E$438,3,FALSE) -> M2 | D71: =+VLOOKUP(A71,'[1]Consolidado Unitarios DIYT'!$B$11:$E$438,4,FALSE) -> 155950 | E71: 9.34 | F71: =ROUND(D71*E71,0) -> 1456573 | G71: 155600 | H71: =+G71*E71 -> 1453304 | I71: 152500 | J71: =+I71*E71 -> 1424350 | K71: =AVERAGE(D71,G71,I71) -> 154683.33 | L71: =SMALL((D71,G71,I71),1) -> 152500 | M71: =+L71-D71 -> -3450 | N71: =(L71-D71)/L71 -> -0.022622951 | O71: =+L71 -> 152500 | P71: =+O71*E71 -> 1424350
A72: 7.4 | B72: =+VLOOKUP(A72,'[1]Consolidado Unitarios DIYT'!$B$11:$E$438,2,FALSE) -> SUMINISTRO E INSTALACIÓN DE LAVAMANOS EN PORCELANA SANITARIA ESMALTADA COLOR BLANCO, PARA MOVILIDAD REDUCIDA. MODELO DE COLGAR FREE INSTITUCIONAL DE CORONA O SIMILAR DE CALIDAD SUPERIOR. INCLUYE SIFÓN Y DESAGÜE A PARED. SUPERIOR. SISTEMA DE FIJACIÓN A MURO POR MEDIO DE DOS BRAZOS METÁLICOS DE SOPORTE Ø=8.7 CM EN ACERO INOXIDABLE TUBULAR REDONDO L=41.7 CM. INCLUIDA GRIFERÍA DE LAVAMANOS | C72: =+VLOOKUP(A72,'[1]Consolidado Unitarios DIYT'!$B$11:$E$438,3,FALSE) -> UN | D72: =+VLOOKUP(A72,'[1]Consolidado Unitarios DIYT'!$B$11:$E$438,4,FALSE) -> 1541435 | E72: 3 | F72: =ROUND(D72*E72,0) -> 4624305 | G72: 1541000 | H72: =+G72*E72 -> 4623000 | I72: 1530000 | J72: =+I72*E72 -> 4590000 | K72: =AVERAGE(D72,G72,I72) -> 1537478.3 | L72: =SMALL((D72,G72,I72),1) -> 1530000 | M72: =+L72-D72 -> -11435 | N72: =(L72-D72)/L72 -> -0.0074738562 | O72: =+L72 -> 1530000 | P72: =+O72*E72 -> 4590000
A73: 7.5 | B73: =+VLOOKUP(A73,'[1]Consolidado Unitarios DIYT'!$B$11:$E$438,2,FALSE) -> SUMINISTRO E INSTALACIÓN DE SANITARIO INSTITUCIONAL CON MEDIDAS ADA CUMPLE CON CONDICIONES PARA PERSONAS CON MOVILIDAD REDUCIDA, CONSTA DE TAZA SANITARIA TIPO ADRIÁTICA ALONGADA DE CORONA, SIMILAR O DE CALIDAD SUPERIOR. MEDIDAS L=64 CM CM A=39 CM H=43 CM. RACOR METÁLICO DE 1 1/2” PARA FÁCIL INSTALACIÓN DE FLUXÓMETRO O VÁLVULAS DE DESCARGA TIPO PUSH INCRUSTADA EN MURO. ENTRADA POSTERIOR OCULTA; . INCLUYE SUMINISTRO E INSTALACIÓN CON KIT DE INSTALACIÓN PARA SOPORTE DEL SANITARIO, BRIDA DESMONTABLE, ASÍ COMO TODOS LOS ELEMENTOS DE FIJACIÓN A PISO. INCLUIDO FLUXÓMETRO | C73: =+VLOOKUP(A73,'[1]Consolidado Unitarios DIYT'!$B$11:$E$438,3,FALSE) -> UN | D73: =+VLOOKUP(A73,'[1]Consolidado Unitarios DIYT'!$B$11:$E$438,4,FALSE) -> 2397460 | E73: 2 | F73: =ROUND(D73*E73,0) -> 4794920 | G73: 2397300 | H73: =+G73*E73 -> 4794600 | I73: 2390000 | J73: =+I73*E73 -> 4780000 | K73: =AVERAGE(D73,G73,I73) -> 2394920 | L73: =SMALL((D73,G73,I73),1) -> 2390000 | M73: =+L73-D73 -> -7460 | N73: =(L73-D73)/L73 -> -0.0031213389 | O73: =+L73 -> 2390000 | P73: =+O73*E73 -> 4780000
A74: 7.7 | B74: =+VLOOKUP(A74,'[1]Consolidado Unitarios DIYT'!$B$11:$E$438,2,FALSE) -> SUMINISTRO E INSTALACIÓN DE POCETA SENCILLA EN ACERO INOXIDABLE AISI 304 PARA EMPOTRAR MEDIDAS 55 X 43 CM PROFUNDIDAD 17.5 CM. CANASTILLA PARA LAVAPLATOS 4 PULGADAS CON SIFÓN EN P TIPO GRIVAL REF. 935080001, SIMILAR O DE CALIDAD SUPERIOR. | C74: =+VLOOKUP(A74,'[1]Consolidado Unitarios DIYT'!$B$11:$E$438,3,FALSE) -> UN | D74: =+VLOOKUP(A74,'[1]Consolidado Unitarios DIYT'!$B$11:$E$438,4,FALSE) -> 647900 | E74: 1 | F74: =ROUND(D74*E74,0) -> 647900 | G74: 647500 | H74: =+G74*E74 -> 647500 | I74: 645000 | J74: =+I74*E74 -> 645000 | K74: =AVERAGE(D74,G74,I74) -> 646800 | L74: =SMALL((D74,G74,I74),1) -> 645000 | M74: =+L74-D74 -> -2900 | N74: =(L74-D74)/L74 -> -0.004496124 | O74: =+L74 -> 645000 | P74: =+O74*E74 -> 645000
A75: 7.11 | B75: =+VLOOKUP(A75,'[1]Consolidado Unitarios DIYT'!$B$11:$E$438,2,FALSE) -> SUMINISTRO E INSTALACIÓN DE GRIFERÍA PARA LAVAMANOS INSTITUCIONAL DE EMPOTRAR PUSH PICO SEGURIDAD DE CORONA O SIMILAR DE CALIDAD SUPERIOR. (HABITACIONES) | C75: =+VLOOKUP(A75,'[1]Consolidado Unitarios DIYT'!$B$11:$E$438,3,FALSE) -> UN | D75: =+VLOOKUP(A75,'[1]Consolidado Unitarios DIYT'!$B$11:$E$438,4,FALSE) -> 719392 | E75: 3 | F75: =ROUND(D75*E75,0) -> 2158176 | G75: 719200 | H75: =+G75*E75 -> 2157600 | I75: 717500 | J75: =+I75*E75 -> 2152500 | K75: =AVERAGE(D75,G75,I75) -> 718697.33 | L75: =SMALL((D75,G75,I75),1) -> 717500 | M75: =+L75-D75 -> -1892 | N75: =(L75-D75)/L75 -> -0.0026369338 | O75: =+L75 -> 717500 | P75: =+O75*E75 -> 2152500
A76: 7.17 | B76: =+VLOOKUP(A76,'[1]Consolidado Unitarios DIYT'!$B$11:$E$438,2,FALSE) -> SUMINISTRO E INSTALACIÓN DE BARRA DE SEGURIDAD PARA UNIDADES SANITARIAS DE MOVILIDAD REDUCIDA, DE FIJACIÓN A LA PARED CONFORMADA POR TUBULAR RECTO REDONDO EN ACERO INOXIDABLE SATINADO CALIBRE 18 AISI 304 DE DIÁMETRO 1 1/4” (32MM) CALIBRE 18 L=36'', DOS BRIDAS DE SOPORTE CON PERFORACIONES PARA INSTALACIÓN EN MURO EN LÁMINA DE ACERO INOXIDABLE AISI SAE 304 CALIBRE 14 (ESPESOR 1.9MM), INCLUYE ESCUDOS Y HERRAJES. | C76: =+VLOOKUP(A76,'[1]Consolidado Unitarios DIYT'!$B$11:$E$438,3,FALSE) -> UN | D76: =+VLOOKUP(A76,'[1]Consolidado Unitarios DIYT'!$B$11:$E$438,4,FALSE) -> 225477 | E76: 2 | F76: =ROUND(D76*E76,0) -> 450954 | G76: 225100 | H76: =+G76*E76 -> 450200 | I76: 223600 | J76: =+I76*E76 -> 447200 | K76: =AVERAGE(D76,G76,I76) -> 224725.67 | L76: =SMALL((D76,G76,I76),1) -> 223600 | M76: =+L76-D76 -> -1877 | N76: =(L76-D76)/L76 -> -0.0083944544 | O76: =+L76 -> 223600 | P76: =+O76*E76 -> 447200
A77: 7.26 | B77: =+VLOOKUP(A77,'[1]Consolidado Unitarios DIYT'!$B$11:$E$438,2,FALSE) -> SUMINISTRO E INSTALACIÓN de dispensador de toallas tipo Corona elaborado en acero inoxidable 304, para espacios públicos de alto tráfico, cuenta con una ranura para conocer la cantidad de toallas restantes para abastecimiento. | C77: =+VLOOKUP(A77,'[1]Consolidado Unitarios DIYT'!$B$11:$E$438,3,FALSE) -> UN | D77: =+VLOOKUP(A77,'[1]Consolidado Unitarios DIYT'!$B$11:$E$438,4,FALSE) -> 565334 | E77: 5 | F77: =ROUND(D77*E77,0) -> 2826670 | G77: 563000 | H77: =+G77*E77 -> 2815000 | I77: 541000 | J77: =+I77*E77 -> 2705000 | K77: =AVERAGE(D77,G77,I77) -> 556444.67 | L77: =SMALL((D77,G77,I77),1) -> 541000 | M77: =+L77-D77 -> -24334 | N77: =(L77-D77)/L77 -> -0.044979667 | O77: =+L77 -> 541000 | P77: =+O77*E77 -> 2705000
A78: 7.27 | B78: =+VLOOKUP(A78,'[1]Consolidado Unitarios DIYT'!$B$11:$E$438,2,FALSE) -> SUMINISTRO E INSTALACIÓN ESPEJO ANTIVANDÁLICO INCLINADO Dimensiones: 917 alto x 610 ancho x 123 prof. (mm) | C78: =+VLOOKUP(A78,'[1]Consolidado Unitarios DIYT'!$B$11:$E$438,3,FALSE) -> UN | D78: =+VLOOKUP(A78,'[1]Consolidado Unitarios DIYT'!$B$11:$E$438,4,FALSE) -> 565657 | E78: 2 | F78: =ROUND(D78*E78,0) -> 1131314 | G78: 565300 | H78: =+G78*E78 -> 1130600 | I78: 560000 | J78: =+I78*E78 -> 1120000 | K78: =AVERAGE(D78,G78,I78) -> 563652.33 | L78: =SMALL((D78,G78,I78),1) -> 560000 | M78: =+L78-D78 -> -5657 | N78: =(L78-D78)/L78 -> -0.010101786 | O78: =+L78 -> 560000 | P78: =+O78*E78 -> 1120000
A79: 7.28 | B79: =+VLOOKUP(A79,'[1]Consolidado Unitarios DIYT'!$B$11:$E$438,2,FALSE) -> Suministro, transporte e instalación de grifeira tipo fluxometro de flujo ajustable para sanitarios y/o orinales. | C79: =+VLOOKUP(A79,'[1]Consolidado Unitarios DIYT'!$B$11:$E$438,3,FALSE) -> UN | D79: =+VLOOKUP(A79,'[1]Consolidado Unitarios DIYT'!$B$11:$E$438,4,FALSE) -> 583189 | E79: 2 | F79: =ROUND(D79*E79,0) -> 1166378 | G79: 582900 | H79: =+G79*E79 -> 1165800 | I79: 570900 | J79: =+I79*E79 -> 1141800 | K79: =AVERAGE(D79,G79,I79) -> 578996.33 | L79: =SMALL((D79,G79,I79),1) -> 570900 | M79: =+L79-D79 -> -12289 | N79: =(L79-D79)/L79 -> -0.021525661 | O79: =+L79 -> 570900 | P79: =+O79*E79 -> 1141800
A80: 7.29 | B80: =+VLOOKUP(A80,'[1]Consolidado Unitarios DIYT'!$B$11:$E$438,2,FALSE) -> Suministro, transporte e instalación de Grifería lavamanos tipo push para lavamanos, incluye acople. | C80: =+VLOOKUP(A80,'[1]Consolidado Unitarios DIYT'!$B$11:$E$438,3,FALSE) -> UN | D80: =+VLOOKUP(A80,'[1]Consolidado Unitarios DIYT'!$B$11:$E$438,4,FALSE) -> 316887 | E80: 3 | F80: =ROUND(D80*E80,0) -> 950661 | G80: 316750 | H80: =+G80*E80 -> 950250 | I80: 312000 | J80: =+I80*E80 -> 936000 | K80: =AVERAGE(D80,G80,I80) -> 315212.33 | L80: =SMALL((D80,G80,I80),1) -> 312000 | M80: =+L80-D80 -> -4887 | N80: =(L80-D80)/L80 -> -0.015663462 | O80: =+L80 -> 312000 | P80: =+O80*E80 -> 936000
A81: 7.30 | B81: =+VLOOKUP(A81,'[1]Consolidado Unitarios DIYT'!$B$11:$E$438,2,FALSE) -> Suministro, transporte e instalación Llave de regulación metálica satinada para lavamanos | C81: =+VLOOKUP(A81,'[1]Consolidado Unitarios DIYT'!$B$11:$E$438,3,FALSE) -> UN | D81: =+VLOOKUP(A81,'[1]Consolidado Unitarios DIYT'!$B$11:$E$438,4,FALSE) -> 86015 | E81: 3 | F81: =ROUND(D81*E81,0) -> 258045 | G81: 85900 | H81: =+G81*E81 -> 257700 | I81: 84200 | J81: =+I81*E81 -> 252600 | K81: =AVERAGE(D81,G81,I81) -> 85371.667 | L81: =SMALL((D81,G81,I81),1) -> 84200 | M81: =+L81-D81 -> -1815 | N81: =(L81-D81)/L81 -> -0.021555819 | O81: =+L81 -> 84200 | P81: =+O81*E81 -> 252600
A82: VALOR TOTAL ENCHAPES Y ACCESORIOS BAÑOS | D82: =SUM(D71:D81) -> 7804696 | E82: =SUM(E71:E81) -> 35.34 | F82: =SUM(F71:F81) -> 20465896 | G82: =SUM(G71:G81) -> 7799550 | H82: =SUM(H71:H81) -> 20445554 | I82: =SUM(I71:I81) -> 7726700 | J82: =SUM(J71:J81) -> 20194450 | K82: =SUM(K71:K81) -> 7776982 | ... M82: =SUM(M71:M81) -> -77996 | N82: =AVERAGE(N71:N81) -> -0.014779278 | O82: =SUM(O71:O81) -> 7726700 | P82: =SUM(P71:P81) -> 20194450
A84: 8 | B84: ELECTRICIDAD, COMUNICACIONES Y ESPECIALES
A85: No (ITEM, ETAPAS O PROCESOS) | B85: ACTIVIDAD | C85: UNIDAD DE MEDIDA | D85: VALOR UNITARIO ACTUALIZADO | E85: CANTIDAD | F85: VALORTOTAL | G85: DP INGENIERIA SAS | I85: CONSTRUCTORA SANTOSP S.A.S | K85: PROMEDIO | L85: VALOR MINIMO | M85: VARIACIÓN EN PESOS | N85: VARIACIÓN PORCENTUAL | O85: VALOR TECHO UNITARIO | P85: VALOR TOTAL
G86: PRECIO UNITARIO | H86: VALOR TOTAL | I86: PRECIO UNITARIO | J86: VALOR TOTAL
A87: 8.2 | B87: =+VLOOKUP(A87,'[1]Consolidado Unitarios DIYT'!$B$11:$E$438,2,FALSE) -> SUMINISTRO E INSTALACION DE RAMAL ALIMENTADOR EN TIPO LS CU 12F + 12N + 12T AWG POR BANDEJA O TUBERIA EMT | C87: =+VLOOKUP(A87,'[1]Consolidado Unitarios DIYT'!$B$11:$E$438,3,FALSE) -> ML | D87: =+VLOOKUP(A87,'[1]Consolidado Unitarios DIYT'!$B$11:$E$438,4,FALSE) -> 45261 | E87: 400 | F87: =ROUND(D87*E87,0) -> 18104400 | G87: 45000 | H87: =+G87*E87 -> 18000000 | I87: 43200 | J87: =+I87*E87 -> 17280000 | K87: =AVERAGE(D87,G87,I87) -> 44487 | L87: =SMALL((D87,G87,I87),1) -> 43200 | M87: =+L87-D87 -> -2061 | N87: =(L87-D87)/L87 -> -0.047708333 | O87: 42500 | P87: =+O87*E87 -> 17000000
A88: 8.5 | B88: =+VLOOKUP(A88,'[1]Consolidado Unitarios DIYT'!$B$11:$E$438,2,FALSE) -> SUMINISTRO E INTALACION DE TUBERIA EMT DE 3/4", INCLUYE ELEMENTOS DE SUJECION, ACCESORIOS EMT Y CAJAS DE PASO. | C88: =+VLOOKUP(A88,'[1]Consolidado Unitarios DIYT'!$B$11:$E$438,3,FALSE) -> ML | D88: =+VLOOKUP(A88,'[1]Consolidado Unitarios DIYT'!$B$11:$E$438,4,FALSE) -> 36465 | E88: 150 | F88: =ROUND(D88*E88,0) -> 5469750 | G88: 36200 | H88: =+G88*E88 -> 5430000 | I88: 34500 | J88: =+I88*E88 -> 5175000 | K88: =AVERAGE(D88,G88,I88) -> 35721.667 | L88: =SMALL((D88,G88,I88),1) -> 34500 | M88: =+L88-D88 -> -1965 | N88: =(L88-D88)/L88 -> -0.056956522 | O88: =+L88 -> 34500 | P88: =+O88*E88 -> 5175000
A89: 8.10 | B89: =+VLOOKUP(A89,'[1]Consolidado Unitarios DIYT'!$B$11:$E$438,2,FALSE) -> SUMINISTRO E INSTALACION DE SALIDA TOMA DOBLE POLO A TIERRA 15 A 12OV REGULADA COLOR NARANJA NEMA 5 -15R LEVITON. INCLUYE CAJA GALVANIZADA 2400, SUPLEMENTO, TRES METROS DE ACOMETIDA 3X12 AWG LS, TRES METROS DE TUBERÍA EMT ¾´´, CONEXIÓN DE TOMA ELÉCTRICA SEGÚN NORMATIVIDAD TÉCNICA VIGENTE Y SEGÚN NORMATIVIDAD RETIE Y NTC 2050 | C89: =+VLOOKUP(A89,'[1]Consolidado Unitarios DIYT'!$B$11:$E$438,3,FALSE) -> UN | D89: =+VLOOKUP(A89,'[1]Consolidado Unitarios DIYT'!$B$11:$E$438,4,FALSE) -> 198553 | E89: 20 | F89: =ROUND(D89*E89,0) -> 3971060 | G89: 198500 | H89: =+G89*E89 -> 3970000 | I89: 195900 | J89: =+I89*E89 -> 3918000 | K89: =AVERAGE(D89,G89,I89) -> 197651 | L89: =SMALL((D89,G89,I89),1) -> 195900 | M89: =+L89-D89 -> -2653 | N89: =(L89-D89)/L89 -> -0.013542624 | O89: =+L89 -> 195900 | P89: =+O89*E89 -> 3918000
A90: 8.11 | B90: =+VLOOKUP(A90,'[1]Consolidado Unitarios DIYT'!$B$11:$E$438,2,FALSE) -> SUMINISTRO E INSTALACION DE SALIDA TOMA DOBLE POLO A TIERRA 15 A 12OV NEMA 5 -15R LEVITON. INCLUYE CAJA GALVANIZADA 2400, SUPLEMENTO, TRES METROS DE ACOMETIDA 3X12 AWG LS, TRES METROS DE TUBERÍA EMT ¾´´, CONEXIÓN DE TOMA ELÉCTRICA SEGÚN NORMATIVIDAD TÉCNICA VIGENTE Y SEGÚN NORMATIVIDAD RETIE Y NTC 2050 | C90: =+VLOOKUP(A90,'[1]Consolidado Unitarios DIYT'!$B$11:$E$438,3,FALSE) -> UN | D90: =+VLOOKUP(A90,'[1]Consolidado Unitarios DIYT'!$B$11:$E$438,4,FALSE) -> 211862 | E90: 5 | F90: =ROUND(D90*E90,0) -> 1059310 | G90: 211600 | H90: =+G90*E90 -> 1058000 | I90: 209900 | J90: =+I90*E90 -> 1049500 | K90: =AVERAGE(D90,G90,I90) -> 211120.67 | L90: =SMALL((D90,G90,I90),1) -> 209900 | M90: =+L90-D90 -> -1962 | N90: =(L90-D90)/L90 -> -0.0093473082 | O90: 205000 | P90: =+O90*E90 -> 1025000
A91: 8.15 | B91: =+VLOOKUP(A91,'[1]Consolidado Unitarios DIYT'!$B$11:$E$438,2,FALSE) -> SUMINISTRO E INSTALACION DE SALIDA DE INTERRUPTOR SENCILLO (INCLUYE APARATO) | C91: =+VLOOKUP(A91,'[1]Consolidado Unitarios DIYT'!$B$11:$E$438,3,FALSE) -> UN | D91: =+VLOOKUP(A91,'[1]Consolidado Unitarios DIYT'!$B$11:$E$438,4,FALSE) -> 157471 | E91: 5 | F91: =ROUND(D91*E91,0) -> 787355 | G91: 157350 | H91: =+G91*E91 -> 786750 | I91: 156000 | J91: =+I91*E91 -> 780000 | K91: =AVERAGE(D91,G91,I91) -> 156940.33 | L91: =SMALL((D91,G91,I91),1) -> 156000 | M91: =+L91-D91 -> -1471 | N91: =(L91-D91)/L91 -> -0.0094294872 | O91: =+L91 -> 156000 | P91: =+O91*E91 -> 780000
A92: 8.16 | B92: =+VLOOKUP(A92,'[1]Consolidado Unitarios DIYT'!$B$11:$E$438,2,FALSE) -> SUMINISTRO E INSTALACION DE SALIDA DE INTERRUPTOR DOBLE (INCLUYE APARATO) | C92: =+VLOOKUP(A92,'[1]Consolidado Unitarios DIYT'!$B$11:$E$438,3,FALSE) -> UN | D92: =+VLOOKUP(A92,'[1]Consolidado Unitarios DIYT'!$B$11:$E$438,4,FALSE) -> 178958 | E92: 5 | F92: =ROUND(D92*E92,0) -> 894790 | G92: 178600 | H92: =+G92*E92 -> 893000 | I92: 177500 | J92: =+I92*E92 -> 887500 | K92: =AVERAGE(D92,G92,I92) -> 178352.67 | L92: =SMALL((D92,G92,I92),1) -> 177500 | M92: =+L92-D92 -> -1458 | N92: =(L92-D92)/L92 -> -0.0082140845 | O92: =+L92 -> 177500 | P92: =+O92*E92 -> 887500
A93: 8.51 | B93: =+VLOOKUP(A93,'[1]Consolidado Unitarios DIYT'!$B$11:$E$438,2,FALSE) -> SUMINISTRO E INSTALACIÓN DE SALIDAS VOZ Y DATOS SENCILLAS O DOBLES -TUBERÍA EMT 1" CAJA ESPECIAL 4X4X4, SUPLEMENTO, TRES METROS DE TUBERÍA EMT ¾´´ | C93: =+VLOOKUP(A93,'[1]Consolidado Unitarios DIYT'!$B$11:$E$438,3,FALSE) -> UN | D93: =+VLOOKUP(A93,'[1]Consolidado Unitarios DIYT'!$B$11:$E$438,4,FALSE) -> 108650 | E93: 4 | F93: =ROUND(D93*E93,0) -> 434600 | G93: 108300 | H93: =+G93*E93 -> 433200 | I93: 106500 | J93: =+I93*E93 -> 426000 | K93: =AVERAGE(D93,G93,I93) -> 107816.67 | L93: =SMALL((D93,G93,I93),1) -> 106500 | M93: =+L93-D93 -> -2150 | N93: =(L93-D93)/L93 -> -0.020187793 | O93: =+L93 -> 106500 | P93: =+O93*E93 -> 426000
A94: 8.57 | B94: =+VLOOKUP(A94,'[1]Consolidado Unitarios DIYT'!$B$11:$E$438,2,FALSE) -> SUMINISTRO E INSTALACIÓN DE CABLE CAT. 6A FUTP LSZH POR TUBERIA O BANDEJA | C94: =+VLOOKUP(A94,'[1]Consolidado Unitarios DIYT'!$B$11:$E$438,3,FALSE) -> ML | D94: =+VLOOKUP(A94,'[1]Consolidado Unitarios DIYT'!$B$11:$E$438,4,FALSE) -> 34140 | E94: 35 | F94: =ROUND(D94*E94,0) -> 1194900 | G94: 34000 | H94: =+G94*E94 -> 1190000 | I94: 32500 | J94: =+I94*E94 -> 1137500 | K94: =AVERAGE(D94,G94,I94) -> 33546.667 | L94: =SMALL((D94,G94,I94),1) -> 32500 | M94: =+L94-D94 -> -1640 | N94: =(L94-D94)/L94 -> -0.050461538 | O94: =+L94 -> 32500 | P94: =+O94*E94 -> 1137500
A95: 8.62 | B95: =+VLOOKUP(A95,'[1]Consolidado Unitarios DIYT'!$B$11:$E$438,2,FALSE) -> CERTIFICACIÓN DE PUNTOS VOZ Y DATOS | C95: =+VLOOKUP(A95,'[1]Consolidado Unitarios DIYT'!$B$11:$E$438,3,FALSE) -> UN | D95: =+VLOOKUP(A95,'[1]Consolidado Unitarios DIYT'!$B$11:$E$438,4,FALSE) -> 53664 | E95: 4 | F95: =ROUND(D95*E95,0) -> 214656 | G95: 53250 | H95: =+G95*E95 -> 213000 | I95: 52500 | J95: =+I95*E95 -> 210000 | K95: =AVERAGE(D95,G95,I95) -> 53138 | L95: =SMALL((D95,G95,I95),1) -> 52500 | M95: =+L95-D95 -> -1164 | N95: =(L95-D95)/L95 -> -0.022171429 | O95: =+L95 -> 52500 | P95: =+O95*E95 -> 210000
A96: 8.69 | B96: =+VLOOKUP(A96,'[1]Consolidado Unitarios DIYT'!$B$11:$E$438,2,FALSE) -> DESMONTE APARATOS (TOMACORRIENTES, LUMINARIAS, FACEPLATE, DETECTORES DE INCENDIO, ESTACION MANUAL, LUZ ESTROBOSCOPICA, CAMARA DE SEGURIDAD, ETC) | C96: =+VLOOKUP(A96,'[1]Consolidado Unitarios DIYT'!$B$11:$E$438,3,FALSE) -> M2 | D96: =+VLOOKUP(A96,'[1]Consolidado Unitarios DIYT'!$B$11:$E$438,4,FALSE) -> 13069 | E96: 5 | F96: =ROUND(D96*E96,0) -> 65345 | G96: 12800 | H96: =+G96*E96 -> 64000 | I96: 11500 | J96: =+I96*E96 -> 57500 | K96: =AVERAGE(D96,G96,I96) -> 12456.333 | L96: =SMALL((D96,G96,I96),1) -> 11500 | M96: =+L96-D96 -> -1569 | N96: =(L96-D96)/L96 -> -0.13643478 | O96: =+L96 -> 11500 | P96: =+O96*E96 -> 57500
A97: 8.70 | B97: DESMONTE CANALIZACIONES | C97: Ml | D97: 7772.3333 | E97: 31 | F97: =ROUND(D97*E97,0) -> 240942 | G97: 7300 | H97: =+G97*E97 -> 226300 | I97: 7300 | J97: =+I97*E97 -> 226300 | K97: =AVERAGE(D97,G97,I97) -> 7457.4444 | L97: =SMALL((D97,G97,I97),1) -> 7300 | M97: =+L97-D97 -> -472.33333 | N97: =(L97-D97)/L97 -> -0.064703196 | O97: =+L97 -> 7300 | P97: =+O97*E97 -> 226300
A98: 8.72 | B98: Suministro, transporte e instalación de luminaria tipo panel LED 60x60cm 45W, incluye encauchetado, clavija, soporte y demás elmentos. | C98: UN | D98: 146383.33 | E98: 20 | F98: =ROUND(D98*E98,0) -> 2927667 | G98: 146000 | H98: =+G98*E98 -> 2920000 | I98: 144000 | J98: =+I98*E98 -> 2880000 | K98: =AVERAGE(D98,G98,I98) -> 145461.11 | L98: =SMALL((D98,G98,I98),1) -> 144000 | M98: =+L98-D98 -> -2383.3333 | N98: =(L98-D98)/L98 -> -0.016550926 | O98: =+L98 -> 144000 | P98: =+O98*E98 -> 2880000
D99: =SUM(D87:D98) -> 1192248.7 | E99: =SUM(E87:E98) -> 684 | F99: =SUM(F87:F98) -> 35364775 | G99: =SUM(G87:G98) -> 1188900 | H99: =SUM(H87:H98) -> 35184250 | I99: =SUM(I87:I98) -> 1171300 | J99: =SUM(J87:J98) -> 34027300 | K99: =SUM(K87:K98) -> 1184149.6 | ... M99: =SUM(M87:M98) -> -20948.667 | N99: =AVERAGE(N87:N98) -> -0.037975669 | O99: =SUM(O87:O98) -> 1165700 | P99: =SUM(P87:P98) -> 33722800
A101: 9 | B101: HIDRAULICAS
A102: No (ITEM, ETAPAS O PROCESOS) | B102: ACTIVIDAD | C102: UNIDAD DE MEDIDA | D102: VALOR UNITARIO ACTUALIZADO | E102: CANTIDAD | F102: VALORTOTAL | G102: DP INGENIERIA SAS | I102: CONSTRUCTORA SANTOSP S.A.S | K102: PROMEDIO | L102: VALOR MINIMO | M102: VARIACIÓN EN PESOS | N102: VARIACIÓN PORCENTUAL | O102: VALOR TECHO UNITARIO | P102: VALOR TOTAL
G103: PRECIO UNITARIO | H103: VALOR TOTAL | I103: PRECIO UNITARIO | J103: VALOR TOTAL
A104: 9.24 | B104: =+VLOOKUP(A104,'[1]Consolidado Unitarios DIYT'!$B$11:$E$438,2,FALSE) -> PUNTO A.F. LAVAMANOS 1/2" | C104: =+VLOOKUP(A104,'[1]Consolidado Unitarios DIYT'!$B$11:$E$438,3,FALSE) -> UN | D104: =+VLOOKUP(A104,'[1]Consolidado Unitarios DIYT'!$B$11:$E$438,4,FALSE) -> 83557 | E104: 5 | F104: =ROUND(D104*E104,0) -> 417785 | G104: 83400 | H104: =+G104*E104 -> 417000 | I104: 81500 | J104: =+I104*E104 -> 407500 | K104: =AVERAGE(D104,G104,I104) -> 82819 | L104: =SMALL((D104,G104,I104),1) -> 81500 | M104: =+L104-D104 -> -2057 | N104: =(L104-D104)/L104 -> -0.025239264 | O104: =+L104 -> 81500 | P104: =+O104*E104 -> 407500
A105: 9.25 | B105: =+VLOOKUP(A105,'[1]Consolidado Unitarios DIYT'!$B$11:$E$438,2,FALSE) -> PUNTO A.F. SANITARIO DE TANQUE 1/2" | C105: =+VLOOKUP(A105,'[1]Consolidado Unitarios DIYT'!$B$11:$E$438,3,FALSE) -> UN | D105: =+VLOOKUP(A105,'[1]Consolidado Unitarios DIYT'!$B$11:$E$438,4,FALSE) -> 78153 | E105: 6 | F105: =ROUND(D105*E105,0) -> 468918 | G105: 77900 | H105: =+G105*E105 -> 467400 | I105: 75900 | J105: =+I105*E105 -> 455400 | K105: =AVERAGE(D105,G105,I105) -> 77317.667 | L105: =SMALL((D105,G105,I105),1) -> 75900 | M105: =+L105-D105 -> -2253 | N105: =(L105-D105)/L105 -> -0.029683794 | O105: =+L105 -> 75900 | P105: =+O105*E105 -> 455400
A106: 9.31 | B106: =+VLOOKUP(A106,'[1]Consolidado Unitarios DIYT'!$B$11:$E$438,2,FALSE) -> TUBERIA PVC-P RDE-9 1/2" | C106: =+VLOOKUP(A106,'[1]Consolidado Unitarios DIYT'!$B$11:$E$438,3,FALSE) -> M | D106: =+VLOOKUP(A106,'[1]Consolidado Unitarios DIYT'!$B$11:$E$438,4,FALSE) -> 22861 | E106: 36.06 | F106: =ROUND(D106*E106,0) -> 824368 | G106: 22600 | H106: =+G106*E106 -> 814956 | I106: 20900 | J106: =+I106*E106 -> 753654 | K106: =AVERAGE(D106,G106,I106) -> 22120.333 | L106: =SMALL((D106,G106,I106),1) -> 20900 | M106: =+L106-D106 -> -1961 | N106: =(L106-D106)/L106 -> -0.093827751 | O106: =+L106 -> 20900 | P106: =+O106*E106 -> 753654
A107: 9.32 | B107: =+VLOOKUP(A107,'[1]Consolidado Unitarios DIYT'!$B$11:$E$438,2,FALSE) -> ACCESORIO PVC-P 1/2" | C107: =+VLOOKUP(A107,'[1]Consolidado Unitarios DIYT'!$B$11:$E$438,3,FALSE) -> UN | D107: =+VLOOKUP(A107,'[1]Consolidado Unitarios DIYT'!$B$11:$E$438,4,FALSE) -> 3371 | E107: 43 | F107: =ROUND(D107*E107,0) -> 144953 | G107: 3250 | H107: =+G107*E107 -> 139750 | I107: 3000 | J107: =+I107*E107 -> 129000 | K107: =AVERAGE(D107,G107,I107) -> 3207 | L107: =SMALL((D107,G107,I107),1) -> 3000 | M107: =+L107-D107 -> -371 | N107: =(L107-D107)/L107 -> -0.12366667 | O107: =+L107 -> 3000 | P107: =+O107*E107 -> 129000
A108: 9.41 | B108: =+VLOOKUP(A108,'[1]Consolidado Unitarios DIYT'!$B$11:$E$438,2,FALSE) -> TUBERIA PVC-P RDE-21 2" | C108: =+VLOOKUP(A108,'[1]Consolidado Unitarios DIYT'!$B$11:$E$438,3,FALSE) -> M | D108: =+VLOOKUP(A108,'[1]Consolidado Unitarios DIYT'!$B$11:$E$438,4,FALSE) -> 69075 | E108: 57.15 | F108: =ROUND(D108*E108,0) -> 3947636 | G108: 68900 | H108: =+G108*E108 -> 3937635 | I108: 66900 | J108: =+I108*E108 -> 3823335 | K108: =AVERAGE(D108,G108,I108) -> 68291.667 | L108: =SMALL((D108,G108,I108),1) -> 66900 | M108: =+L108-D108 -> -2175 | N108: =(L108-D108)/L108 -> -0.032511211 | O108: =+L108 -> 66900 | P108: =+O108*E108 -> 3823335
...
